Workbook
Name _Hlk122275804: 'II skyrius'!$S$126
Name _Hlk89418331: 'VI skyrius VŠĮ+UAB rodikliai'!#REF!
Name _Hlk92374825: 'VI skyrius VŠĮ+UAB rodikliai'!#REF!
Name _Hlk92374960: 'VI skyrius VŠĮ+UAB rodikliai'!$C$22
Name _Hlk92375563: 'VI skyrius VŠĮ+UAB rodikliai'!$C$35
Name _Hlk92375700: 'VI skyrius VŠĮ+UAB rodikliai'!$C$69
Name _Hlk92375786: 'VI skyrius VŠĮ+UAB rodikliai'!#REF!
Name _Hlk92376639: 'VI skyrius VŠĮ+UAB rodikliai'!$C$47
Name _Toc123901348: 'VII skyrius. Kita svarbi info'!#REF!
Name _Toc123901357: 'VII skyrius. Kita svarbi info'!#REF!
Name _Toc123901359: 'VI skyrius VŠĮ+UAB rodikliai'!$C$171
Name _Toc506024955: 'Vertinimo kriterijai'!$A$1
Name Excel_BuiltIn__FilterDatabase_2: #REF!

Sheet I skyrius 
H1: PATVIRTINTA Visagino savivaldybės tarybos 2025 m. vasario ___ d. sprendimu Nr. TS-_____ PROJEKTAS
B4: VISAGINO SAVIVALDYBĖS 2025-2027 METŲ STRATEGINIS VEIKLOS PLANAS
B7: I SKYRIUS SAVIVALDYBĖS MISIJA IR VEIKLOS PRIORITETAI
B9: MISIJA
B11: Sėkmingai plėtoti ir įgyvendinti savivaldos teisę, užtikrinti subalansuotą plėtrą bei kokybiškai vykdyti viešojo administravimo ir viešųjų paslaugų teikimo funkcijas, tenkinant Visagino savivaldybės bendruomenės viešuosius poreikius ir interesus
B17: SAVIVALDYBĖS PRIORITETAI
B19: 1. Konkurencingo verslo skatinimas ir vietinės ekonomikos tvari plėtra 2. Socialinės gerovės kūrimas sumaniai, pažangiai, besimokančiai, moderniai ir laimingai bendruomenei 3. Tvarus, subalansuotas savivaldybės aplinkos vystymas ir plėtra

Sheet II skyrius
B3: II SKYRIUS
B4: SAVIVALDYBĖS PLĖTROS TIKSLAI, UŽDAVINIAI IR JŲ STEBĖSENOS RODIKLIAI
C6: 1 lentelė. Tikslai, uždaviniai ir jų stebėsenos rodikliai
C7: SSPP tikslų ir uždavinių kodas | D7: SSPP tikslai ir uždaviniai | E7: Stebėsenos rodiklis (matavimo vnt.) | F7: Pradinė stebėsenos rodiklio reikšmė (2022) | G7: Siektinos stebėsenos rodiklio reikšmės | K7: Faktinė stebėsenos rodiklio reikšmė (2023) | L7: Faktinė stebėsenos rodiklio reikšmė (2024) | M7: Siekiama stebėsenos rodiklio reikšmė (2030)
G8: 2024 metai | H8: 2025 metai | I8: 2026 metai | J8: 2027 metai
C9: 1 | D9: 2 | E9: 3 | F9: 4 | G9: 5 | H9: 6 | I9: 7 | J9: 7 | K9: 8 | L9: 8 | M9: 9
C10: 1.1. | D10: Gerinti investicinės aplinkos patrauklumą ir didinti ekonominį potencialą | E10: E-1.1-1 Dirbančiųjų skaičius (tūkst. asm.) | F10: 7470 | G10: 7450 | H10: 8000 | I10: 8000 | J10: 8000 | K10: 7470 | L10: 8000 (2024) | M10: 8000 (2030)
C11: 1.1.-1 | D11: Pagerinti investicijų pritraukimo ir verslo plėtros sąlygas | E11: Materialinės investicijos, tenkančios 1-am gyventojui (Eur) | F11: 1116 Eur (2020) | G11: 889 | H11: 1475 | I11: 1475 | J11: 1475 | K11: 1116 Eur (2020) | L11: 1475 Eur (2023)* | M11: Ne mažiau kaip 1200 Eur (2030 )
E12: Pritraukta naujų tiesioginių užsienio investicijų, tenkančių 1-am gyventojui (Eur) | F12: 571 Eur (2020) | G12: 739 | H12: 908 | I12: 908 | J12: 908 | K12: 571 Eur (2020) | L12: 908 Eur (2023)* | M12: 800 Eur (2030 m)
C13: 1.1.-2 | D13: Skatinti gyventojų verslumą ir ekonominį mobilumą | E13: Verslumo lygis (veikiančių SVV įmonių skaičius, tenkantis 1000 gyv., koef.) | F13: 15,5 (2022) | G13: 14.78 | H13: 17.71 | I13: 17.71 | J13: 17.71 | K13: 15,5 (2022) | L13: 17,71 (2024) | M13: Ne mažiau kaip 20 (2030)
E14: Gyventojų aktyvumas, vykdant individualią veiklą (gyventojų, besiverčiančių veikla pagal individualios veiklos pažymą ir verslo liudijimus, skaičius, tenkantis 1000-iui gyv., koef.) | F14: 1,52 (2022) | G14: 19.55 | H14: 11.28 | I14: 11.28 | J14: 11.28 | K14: 1,52 (2022) | L14: 11,28 (2023)* | M14: Ne mažiau kaip 5 (2030)
E15: Sukurti ir įgyvendinti verslumo skatinimo programą | F15: 0 (2022) | G15: 1 | H15: 0 | I15: 0 | J15: 0 | K15: 0 (2022) | L15: 1 (2024) | M15: 1 (2030)
E16: Bendradarbystės centro „Spiečius“ narių skaičius | F16: 15 (2022) | G16: 25 | H16: 35 | I16: 45 | J16: 45 | K16: 15 (2022) | L16: 20 (2024) | M16: 45 (2026)
C17: 1.1.-3 | D17: Sukurti tinkamas sąlygas strateginėms verslo kryptims plėtotis Visagino savivaldybėje | E17: Strateginėse verslo kryptyse veikiančių verslo subjektų skaičius | F17: 2 (2022) | G17: 2 | H17: 2 | I17: 3 | J17: 3 | K17: 2 (2022) | L17: 3 (2024) | M17: 4 (2030)
C18: 1.2. | D18: Didinti turistinį savivaldybės patrauklumą, teikiant viešąsias paslaugas bei plėtojant viešąją turizmo infrastruktūrą | E18: Nakvynių skaičius apgyvendinimo įstaigose, vnt. | F18: 506 (2022) | G18: 7855 | H18: 6200 | I18: 6600 | J18: 7000 | K18: 506 (2022) | L18: 6196 (2024) | M18: 700 (2030)
C19: 1.2.-1 | D19: Skatinti turizmo konkurencingumą, teikiant viešąsias ir verslo paslaugas bei vykdant aktyvią paslaugų rinkodarą | E19: Turistų, apsilankiusių VTPC, dalis sezono metu (gegužės–rugpjūčio mėn.), palyginti su bendruoju metiniu turistų skaičiumi (proc.) | F19: 72 (2022) | G19: 72 | H19: 55 | I19: 54 | J19: 53 | K19: 72 (2022) | L19: 56 (2024) | M19: 50 (2030)
C20: 1.2.-2 | D20: Visagino turizmo, gamtos ir kultūros objektų pritaikymas lankymui, modernizuojant viešąją turizmo infrastruktūrą | E20: Suformuotų turistų traukos objektų skaičius (vnt.) | F20: 0 (2022) | G20: 4 | H20: 1 | I20: 1 | J20: 1 | K20: 0 (2022) | L20: 1 (2024) | M20: 3 (2030)
C21: 1.2.-3 | D21: Visagino kaip monoindustrinio miesto urbanistikos, daugiatautį kultūros paveldą ir tradicijas perdavimas per turizmo ir edukacines veiklas | E21: Asmenų, dalyvavusių perduodant Visagino daugiataučio kultūros paveldo ir tradicijų per turizmo ir edukacines veiklas, skaičius | F21: 0 (2022) | G21: 50 | H21: 1500 | I21: 1600 | J21: 1700 | K21: 0 (2022) | L21: 1478 (2024) | M21: 700 (2030)
C22: 2.1 | D22: Tikslingai naudojant švietimui skirtas lėšas bei kryptingai tobulinant darbuotojų kompetencijas, kiekvienam besimokančiajam sukurti lygiavertes ir šiuolaikiškas kokybiško ugdymo(si) sąlygas, lemiančias geresnius mokinių pasiekimus, optimalią, integracinę, darniai ir racionaliai veikiančią, nuolat atsinaujinančią savivaldybės švietimo sistemą | E22: Visagino savivaldybės bendrojo ugdymo mokyklų tinklo pertvarkos 2022–2026 metų bendrojo plano kokybinių pokyčių / priemonių įgyvendinimas, proc. | F22: 0 (2022) | G22: 50 | H22: 70 | I22: 100 | J22: 10 (naujas planas) | K22: 0 (2022) | L22: 50 (2024) | M22: 75 (2030)
C23: 2.1.-1 | D23: Padidinti ugdymo paslaugų prieinamumą ir įtrauktį kuriant naujas ikimokyklinio ugdymo vietas ir efektyviai veikiančių mokyklų infrastruktūrą pritaikant vaikams su negalia bei bendriesiems ugdymo poreikiams gerinti | E23: Ikimokyklinio ugdymo įstaigų talpumas (vietų skaičius), vnt. | F23: 895 (2022) | G23: 895 | H23: 895 | I23: 895 | J23: 895 | K23: 895 (2022) | L23: 895 (2022) | M23: 983 (2027)
E24: Mokyklų, kuriose buvo įdiegtos universalaus dizaino ir kitos inžinerinės priemonės, aplinką pritaikant asmenims, turintiems negalią, dalis nuo visų mokyklų | F24: 0 (2022) | G24: 0 | H24: 60 | I24: 60 | J24: 60 | K24: 20 (2023) | L24: 20 (2024) | M24: 40 (2023)
C25: 2.1.-2 | D25: Plėtoti įvairialypį švietimą vykdant visos dienos mokyklų veiklą | E25: Neformaliojo vaikų švietimo galimybėmis pasinaudojusių mokinių dalis (išskyrus ikimokykliniame ir priešmokykliniame ugdyme dalyvaujančius vaikus) (proc.) | F25: 0 (2022) | G25: 0 | H25: 83 | I25: 84 | J25: 84 | K25: 69 (2023) | L25: 83 (2024) | M25: 46,9 (2027)
C26: 2.1.-3 | D26: Stiprinti mokyklas įgalinant dirbti su įvairių galių ir gebėjimų mokiniais, kurie mokyklų pedagogų, mokymosi aplinkos padedami ir motyvuojami įveikia barjerus ir pasiekia maksimalų savo individualių galimybių mokymosi rezultatą | E26: Visagino savivaldybės ugdymo įstaigų, dalyvavusių "Tūkstantmečio mokyklų" programos veiklose, skaičius | F26: 0 (2022) | G26: 3 | H26: 3 | I26: 0 | J26: 0 | K26: 3 (2023) | L26: 3 (2024) | M26: 3 (2030)
C27: 2.1.-4 | D27: Skatinti mokinių domėjimąsi gamtos mokslais, matematika, technologijomis ir kt. veiklomis, išbandant save įvairiose praktinėse-tiriamosiose veiklose | E27: Pasirašytų bendradarbiavimo sutarčių su verslo atstovais skaičius | F27: 0 (2022) | G27: 1 | H27: 1 | I27: 1 | J27: 1 | K27: 0 (2022) | L27: 0 (2024) | M27: 3 (2030)
C28: 2.1.-5 | D28: Skatinti kokybinę kaitą bei lyderystės raišką švietimo įstaigose išbandant / taikant inovatyvius mokymo(si) modelius, aktyviai dalyvaujant projektinėje veikloje | E28: Įgyvendintų projektų skaičius | F28: 1(2022) | G28: 0 | H28: 1 | I28: 1 | J28: 1 | K28: 1 (2023) | L28: 1 (2024) | M28: 5 (2030)
C29: 2.1.-6 | D29: Siekti, kad visi turėtų lanksčių kvalifikacijos kėlimo ir persikvalifikavimo galimybių, atsižvelgiant į verslumo ir skaitmeninius įgūdžius, geriau numatyti pokyčius ir naujų įgūdžių reikalavimus, grindžiamus darbo rinkos poreikiais, sudaryti palankesnes sąlygas keisti profesinę veiklą ir skatinti profesinį judumą | E29: Asmenų, kurie dalyvavę mokymuose įgijo kompetenciją, dalis proc. nuo visų besimokančiųjų VTVPMC | F29: 0 (2022) | G29: 80 | H29: 82 | I29: 85 | J29: 85 | K29: 0 (2022) | L29: 82 (2024) | M29: 98 (2030)
C30: 2.2. | D30: Sudaryti sąlygas visų amžiaus grupių ir galimybių visaginiečiams jų sveikai gyvensenai, fiziniam aktyvumui, sportavimui bei siekti, kad tai taptų savivaldybės bendruomenės gyvensenos dalimi | E30: Veikiančių atvirų sporto erdvių skaičius (vnt.) | F30: 10 (2022) | G30: 12 | H30: 12 | I30: 13 | J30: 14 | K30: 10 (2022) | L30: 12 (2024) | M30: 21 (2030)
C31: 2.2-1 | D31: Didinti fizinio aktyvumo lygį visose savivaldybės gyventojų amžiaus grupėse, plėsti galimybes bendruomenės fiziniam aktyvumui ir sveikatinimo veikloms | E31: Sporto varžybose ir sveikatingumo renginiuose dalyvavusių asmenų skaičius, vnt. per metus | F31: 2466 (2021) | G31: 3000 | H31: 3200 | I31: 3250 | J31: 3300 | K31: 2466 (2021) | L31: 3133 (2024) | M31: Kasmet didėjantis ne mažiau kaip 20 proc.
C32: 2.2-2 | D32: Vykdyti talentingų sportininkų atranką, sudaryti jiems tinkamas sąlygas meistriškumui didinti | E32: Aukšto meistriškumo sportininkų dalis nuo visų sportininkų Visagino savivaldybėje (proc.) | F32: 20 (2022) | G32: 20 | H32: 26 | I32: 27 | J32: 27 | K32: 20 (2022) | L32: 26 (2024) | M32: 40 (2030)
C33: 2.2-3 | D33: Gerinti sporto ir fizinio aktyvumo specialistų kvalifikaciją ir pritraukti naujus specialistus, kurių kompetencijos reikalingos bendruomenės poreikiams tenkinti, sporto ir fizinio aktyvumo paslaugų plėtrai ir kokybės užtikrinimui | E33: Kvalifikaciją patobulinusių sportinio ugdymo specialistų, dirbančių Visagino savivaldybės įstaigose, skaičius (proc.) | F33: 30 (2022) | G33: 30 | H33: 32 skaičius, 76 proc. | I33: 32 skaičius, 76 proc. | J33: 33 skaičius, 80 proc. | K33: 30 (2022) | L33: 31 (2024) skaičius, 75,6 proc. | M33: 80 (2030)
C34: 2.2-4 | D34: Didinti visuomenės informuotumą apie fizinio aktyvumo naudą ir vykdyti sporto informacijos sklaidą | E34: Informacinėmis priemonėmis pasiektų asmenų dalis proc. nuo visų gyventojų | F34: 0 (2022) | G34: 40 | H34: 50 | I34: 55 | J34: 60 | K34: 0 (2022) | L34: 50 (2024) | M34: 98 (2030)
C35: 2.2-5 | D35: Plėtoti ir atnaujinti sporto infrastruktūrą, aprūpinti poreikius atitinkančia įranga ir inventoriumi sudarant tinkamas sąlygas bendruomenės fiziniam aktyvumui, aukšto meistriškumo sportininkų rengimui bei varžybų nuo savivaldybės lygmens iki tarptautinių vykdymui | E35: Asmenų, dalyvavusių aukšto lygio sporto varžybose dalis proc. nuo visų gyventojų | F35: 0 (2022) | G35: 1 | H35: 2 | I35: 2 | J35: 2.5 | K35: 0 (2022) | L35: 2 (2024) | M35: 5 (2030)
C36: 2.3. | D36: Įgyvendinti valstybinę kultūros politiką ir formuoti regioninį identitetą, stiprinti pilietiškumą ir bendruomenės į(si)traukimą į kūrybines, kultūrines veiklas | E36: Gyventojų, bent kartą per mėnesį besilankančių viešuose kultūros renginiuose, dalis proc. nuo bendro gyventojų skaičiaus | F36: 0 (2022) | G36: 40 | H36: 50 | I36: 60 | J36: 60 | K36: 0 (2022) | L36: 30 (2024) | M36: 70 (2030)
C37: 2.3.-1 | D37: Formuoti Visagino, kaip daugiakultūrio miesto, atviro kultūrinėms inovacijoms ir patrauklaus profesionalaus meno sklaidai, laukiančio svečių, reputaciją | E37: Kultūros renginiuose apsilankiusių asmenų skaičius proc. nuo bendro gyventojų skaičiaus | F37: 0 (2022) | G37: 20 | H37: 30 | I37: 40 | J37: 50 | K37: 374,16 (2023) | L37: 267,84 (2024) | M37: 80 (2030)
C38: 2.3.-2 | D38: Visagino savivaldybėje sukurti palankiausiais regione sąlygas menininkų kūrybai ir kūrybiniams verslams vystytis | E38: Naujai susikūrusių kūrybinių verslų skaičius | F38: 0 (2022) | G38: 1 | H38: 1 | I38: 2 | J38: 2 | K38: 1 (2023) | L38: 2 (2024) | M38: 8 (2030)
C39: 2.3.-3 | D39: Plėtoti / tobulinti pagal kintančius bendruomenės poreikius kultūros infrastruktūrą bei užtikrinti kultūros, laisvalaikio, kūrybos erdvių prieinamumą bendruomenei ir kūrėjams | E39: Naujai įkurtų erdvių, kuriose skatinamos meniškos ir meninės veiklos, skaičius | F39: 0 (2022) | G39: 0 | H39: 0 | I39: 1 | J39: 1 | K39: 0 (2023) | L39: 3 (2024) | M39: 5 (2030)
C40: 2.3.-4 | D40: Sudaryti palaikančias ir motyvuojančias sąlygas etninės kultūros sklaidai, Dainų švenčių tradicijos tęstinumui, senųjų tradicijų, papročių populiarinimui, jų gyvybingumo puoselėjimui | E40: Asmenų, dalyvavusių etninės kultūros renginiuose, dalis proc. nuo visų savivaldybės gyventojų | F40: 0 (2022) | G40: 10 | H40: 12 | I40: 12.5 | J40: 13 | K40: 11,1 (2023) | L40: 11,5 (2024) | M40: 15 (2030)
C41: 2.3.-5 | D41: Stiprinti įstaigų partnerystę / tinklaveiką, plėtoti projektinę veiklą | E41: Asmenų, dalyvavusių kultūros ir švietimo bendradarbiavimo veiklose, dalis proc. nuo visų savivaldybės gyventojų | F41: 0 (2022) | G41: 10 | H41: 15 | I41: 20 | J41: 20 | K41: 14 (2023) | L41: 14 (2024) | M41: 50 (2030)
C42: 2.3.-6 | D42: Ugdyti įvairiakalbę, kritiškai mąstančią Visagino bendruomenę, kurią jungia valstybinė kalba ir pagarba valstybei | E42: Gyventojų, dalyvavusių pilietinio ugdymo veiklose, dalis proc. nuo visų savivaldybės gyventojų | F42: 0 (2022) | G42: 3 | H42: 27 | I42: 28 | J42: 30 | K42: 25 (2023) | L42: 25 (2024) | M42: 50 (2030)
C43: 2.4. | D43: Stiprinti ir puoselėti gyventojų sveikatą | E43: Vidutinė tikėtina gyvenimo trukmė (metais) | F43: 76 (2020 m.) | G43: 75.47 | H43: 76 | I43: 76 | J43: 76 | K43: 76 (2020 m.) | L43: 76 (2020 m.) | M43: 78,3 (2030)
C44: 2.4.-1 | D44: Užtikrinti prieinamas aukštos kokybės sveikatos priežiūros paslaugas | E44: Stacionaro ligonių skaičius, tenkantis 1 tūkst. gyventojų | F44: 187,5 (2021) | G44: 207.2 | H44: 232.7 | I44: 232.7 | J44: 232.7 | K44: 187,5 (2021) | L44: 232,7 (2023)* | M44: Mažėjantis
C45: 2.4.-2 | D45: Išplėsti su visuomenės sveikatos stiprinimu susijusias paslaugas | E45: Visuomenės sveikatos stiprinimo veiklose dalyvavusios tikslinės grupės dalis (proc.) | F45: 50 (2021) | G45: 50 | H45: 49.6 | I45: 49.6 | J45: 49.6 | K45: 50 (2021) | L45: 49,6 (2022) | M45: Didėjantis arba ne mažesnis kaip 80,0 proc. (2030)
E46: Ikimokyklinio ir mokyklinio amžiaus vaikai (0–18 m.) | F46: 12 (2021) | G46: 12 | H46: 34.4 | I46: 34.4 | J46: 34.4 | K46: 12 (2021) | L46: 34,4 (2024) | M46: Didėjantis arba ne mažesnis kaip 25 proc. (2030)
C47: 2.5. | D47: Pagerinti ir plėsti socialinių paslaugų kokybę ir prieinamumą bei sukurti jų plėtrai reikalingą infrastruktūrą | E47: Socialines paslaugas gavusių asmenų skaičius proc. nuo bendro gyventojų skaičiaus | F47: 8 ( 2022) | G47: 8 | H47: 9 | I47: 9 | J47: 9 | K47: 8 ( 2022) | L47: 11 ( 2024) | M47: Ne mažiau kaip 12 (2030)
C48: 2.5-1 | D48: Pagerinti ir plėsti socialinių paslaugų kokybę ir prieinamumą bei sukurti jų plėtrai reikalingą infrastruktūrą | E48: Teikiamų socialinių paslaugų rūšių (bendrųjų socialinių paslaugų, socialinės priežiūros paslaugų, socialinės globos paslaugų ir kt.) skaičius (vnt.) | F48: 21 (2021) | G48: 25 | H48: 26 | I48: 27 | J48: 27 | K48: 21 proc. (2021) | L48: 24 socialinės paslaugos pagal socialinių paslaugų katalogą + 3 paslaugos, kurios nepatenka į socialinių paslaugų katalogą, iš viso 27 (2024) | M48: Ne mažiau kaip 26 (2030)
C49: 2.6. | D49: Sudaryti galimybes jaunimui atvykti, dirbti ir gyventi Visagino savivaldybėje | E49: Jaunimo (14–29 metų amžiaus) dalis nuo bendro Visagino savivaldybės gyventojų skaičiaus (proc.) | F49: 12,94 (2021) | G49: 12 | H49: 12.68 | I49: 12.68 | J49: 12.68 | K49: 12,94 (2021) | L49: 12,68 (2024) | M49: 13,5 (2030)
C50: 2.6-1 | D50: Pritaikyti viešąsias erdves jaunimo poreikiams | E50: Jaunimo poreikiams pritaikytų jaunimo erdvių skaičius (vnt.) | F50: 0 (2022) | G50: 0 | H50: 2 | I50: 1 | J50: 1 | K50: 0 (2022) | L50: 2 (2024) | M50: 3 (2030)
C51: 2.6-2 | D51: Sudaryti sąlygas jaunimo savirealizacijai | E51: Jaunuolių, turinčių Jaunimo savanoriškos tarnybos (JST) pažymėjimą, skaičius (per metus) | F51: 4 (2022) | G51: 2 | H51: 6 | I51: 8 | J51: 10 | K51: 4 (2022) | L51: 0 (2024) * pradėjo savanoriauti tik rudenį | M51: Ne mažiau kaip 30 (2030)
C52: 2.7. | D52: Gyventojų socialinio, pilietinio aktyvumo, dalyvavimo savanoriškoje, visuomeninėje veikloje, tarpusavio pasitikėjimo, bendruomenės socialinės atsakomybės ir įsitraukimo didinimas | E52: Gyventojų, dalyvavusių pilietinio ugdymo veiklose, dalis proc. nuo visų savivaldybės gyventojų | F52: 0 (2022) | G52: 10 | H52: 30 | I52: 30 | J52: 30 | K52: 0 (2022) | L52: 30 (2024) | M52: 50 (2030)
C53: 2.7.-1 | D53: Stiprinti nevyriausybines ir bendruomenines organizacijas, gerinti aplinką jų veiklai, remti pilietines iniciatyvas | E53: Veikiančių nevyriausybinių ir bendruomeninių organizacijų skaičius | F53: 80 (2022) | G53: 85 | H53: 90 | I53: 90 | J53: 95 | K53: 80 (2022) | L53: 90 (2024) | M53: 100 (2030)
C54: 2.7.-2 | D54: Įtraukti nevyriausybinį sektorių į viešųjų paslaugų teikimą, tinkamai pasinaudoti iš bendruomenės kylančiomis iniciatyvomis vietos plėtrai | E54: Savivaldybės viešųjų paslaugų, kurias teikia nevyriausybinės ir bendruomeninės organizacijos, dalis proc. nuo visų teikiamų paslaugų | F54: 0 (2022) | G54: 0 | H54: 0.1 | I54: 0.3 | J54: 0.3 | K54: 0 (2022) | L54: 0,1 (2024) | M54: 5 (2030)
C55: 2.7.-3 | D55: Sudaryti galimybes bendruomenei įsitraukti ir aktyviai dalyvauti sprendžiant jai aktualius klausimus | E55: Pilietinės visuomenės ir privačiojo sektoriaus subjektai, dalyvavę rengiant ir (ar) įgyvendinant miestui svarbių klausimų sprendimus, vnt. | F55: 0 (2022) | G55: 2 | H55: 900 | I55: 900 | J55: 900 | K55: 0 (2022) | L55: 900 (2024) | M55: 100 (2030)
C56: 2.8. | D56: Tobulinti viešojo valdymo sistemą, didinti jos efektyvumą ir atvirumą | E56: Gyventojų, pasitikinčių savivaldybės institucija ir jos įstaigomis, dalis proc. | F56: 0 (2022) | G56: 60 | H56: 30 | I56: 30 | J56: 30 | K56: 0 (2022) | L56: 30 (2024) | M56: Ne mažiau kaip 55 (2030)
C57: 2.8.-1 | D57: Gerinti viešojo valdymo institucijų teikiamų paslaugų kokybę, didinti jų prieinamumą ir patrauklumą | E57: Gyventojų, per paskutinius 12 mėnesių dalyvavusių sprendžiant viešuosius vietos reikalus, dalis proc. | F57: 30 (2022) | G57: 30 | H57: 30 | I57: 30 | J57: 30 | K57: 30 (2022) | L57: 30 (2024) | M57: Ne mažiau kaip 70 (2030)
C58: 2.8.-2 | D58: Kurti ir plėtoti saugią aplinką Visagino savivaldybėje | E58: Parengta ir įgyvendinta Kompleksinės saugumo stiprinimo ir saugios savivaldybės plėtros programa, vnt. | F58: 0 (2022) | G58: 0 | H58: 0 | I58: 0 | J58: 0 | K58: 0 (2022) | L58: 0 (2024) | M58: 1/1 (2030)
C59: 2.8.-3 | D59: Sustiprinti teigiamą Visagino savivaldybės įvaizdį ir komunikaciją | E59: Savivaldybės išorinės komunikacijos lygis, auditorijos dydis (medijų paskyrų sekėjai, interneto svetainės naudotojai, naujienlaiškių prenumeratoriai ir kt.) | F59: „Facebook“ 3 486 tūkst. (2022) | G59: 3486 | H59: 4997 | I59: 5000 | J59: 5500 | K59: „Facebook“ 3 486 tūkst. (2022) | L59: „Facebook“ 4997 tūkst. (2024) | M59: „Facebook“10 000 tūkst. (2030
F61: „YouTube“ 469 (2020) | G61: 469 | H61: 450 | I61: 460 | J61: 470 | K61: „YouTube“ 469 (2020) | L61: „YouTube“ 450 (2024) | M61: „YouTube“ 1,2 tūkst. (2030)
F62: Interneto svetainės naudotojai 253,7 tūkst./ metus (2020) | G62: 254 ūkst./ metus | H62: 93 tūkst./ metus | I62: 94 tūkst./ metus | J62: 94 tūkst./ metus | K62: Interneto svetainės naudotojai 253,7 tūkst./ metus (2020) | L62: Interneto svetainės naudotojai 93 tūkst./ metus (2024) | M62: Interneto svetainės naudotojai 500 tūkst. / metus (2030)
C64: 3.1. | D64: Vykdyti kryptingą darnaus judumo politiką savivaldybėje | E64: Šiltnamio efektą sukeliančių dujų kiekis (tonomis), tenkantis Visagino savivaldybės gyventojams | F64: 140 t (2022) | G64: 135 | H64: 96.51 | I64: 96.51 | J64: 96.51 | K64: 140 t (2022) | L64: 96,51 t (2023) | M64: Mažėjantis iki 100 t (2030)
C65: 3.1-1 | D65: Skatinti bemotorio transporto pasirinkimą ir pėsčiųjų judumą | E65: Naujo arba modernizuoto viešojo transporto naudotojų skaičius per metus | F65: ~8000 (2022) | G65: ~8000 | H65: 8000 | I65: ~8000 | J65: ~8000 | K65: ~8000 (2022) | L65: ~8000 (2024) | M65: ~19000 (2030)
C66: 3.1-2 | D66: Didinti eismo saugumą ir gyventojų sąmoningumą darnaus judumo srityje | E66: Autoįvykių skaičius per metus | F66: 10 (2021) | G66: 2 | H66: 7 | I66: 7 | J66: 7 | K66: 10 (2021) | L66: 7 (2024) | M66: 0 (2030)
C67: 3.1-3 | D67: Pagerinti viešojo transporto paslaugų teikimą gyventojams | E67: Asmenų, pasinaudojusių naujai sukurtomis viešojo transporto paslaugomis, proc. per mėnesį nuo bendro gyventojų skaičiaus | F67: 0 (2022) | G67: 0.27 | H67: 0.5 | I67: 0.5 | J67: 0.5 | K67: 0 (2022) | L67: 0,5 (2024) | M67: Ne mažesnis kaip 2 proc. (2030)
C68: 3.2. | D68: Skatinti tvarų miesto teritorijos vystymą | E68: Gyventojų skaičiaus metinis pokytis (pagal vidutinį metinį gyventojų skaičių) (proc.) | F68: 19 404 (2022) | G68: 19691 | H68: 19587 | I68: 19782 | J68: 19980 | K68: 19 707 (2022) | L68: 19 587 (2024) | M68: Teigiamas, ne mažesnis kaip 1 proc. per metus
C69: 3.2-1 | D69: Plėsti, prižiūrėti ir modernizuoti teritorijas, įrengiant reikalingą infrastruktūrą | E69: Sutvarkyta / įrengta / atnaujinta teritorijų, ha | F69: 0 (2022) | G69: 0 | H69: 0 | I69: 0 | J69: 5 | K69: 0 (2022) | L69: 1,64 (2024) | M69: 4 (2030)
C70: 3.2-2 | D70: Skatinti kokybišką urbanistinį ir teritorijų planavimą | E70: Pagal bendrojo plano sprendinius parengtų žemesnio lygio teritorijų planavimo dokumentų skaičius | F70: 4 (2022) | G70: 0 | H70: 1 | I70: 1 | J70: 1 | K70: 4 (2022) | L70: 4 (2024) | M70: 5 (2030)
C71: 3.2-3 | D71: Užtikrinti kultūros paveldo objektų priežiūrą | E71: Visuomenei atvertų kultūros paveldo objektų skaičius | F71: 0 (2022) | G71: 0 | H71: 2 | I71: 2 | J71: 2 | K71: 0 (2022) | L71: 2 (2024) | M71: 3 (2030)
C72: 3.3 | D72: Skatinti žaliąją savivaldybės plėtrą | E72: Teršalų, išmestų į aplinkos orą iš stacionarių taršos šaltinių, tonos | F72: 606,88 (2021) | G72: 560 | H72: 542.46 | I72: 542.46 | J72: 542.46 | K72: 606,88 (2021) | L72: 542,46 (2023) | M72: 500 (2030)
C73: 3.3.-1 | D73: Užtikrinti tvarų kraštovaizdžio vystymą(si), išsaugant ekosistemas ir prisitaikant prie klimato kaitos | E73: Apsauginę funkciją atliekančių želdynų ir želdinių, tenkančių 1 gyventojui, plotas (kv. m) | F73: 21 (2022) | G73: 21 | H73: 21 | I73: 21 | J73: 21 | K73: 21 (2022) | L73: 21 (2024) | M73: Nemažėjantis (2030)
C74: 3.3.-2 | D74: Skatinti energijos taupymą, atsinaujinančių ir alternatyvių energijos išteklių naudojimą | E74: Atsinaujinančio kuro dalis centrinio šildymo sistemoje (proc.) | F74: 84 (2022) | G74: 80 | H74: 80 | I74: 84 | J74: 84 | K74: 84 (2022) | L74: 84 (2024) | M74: 90 (2030)
E75: Savivaldybės įstaigų ir įmonių, įdiegusių atsinaujinančių ir alternatyvių energijos išteklių priemones savo pastatuose, dalis (proc.) | F75: 0 (2022) | G75: 2 | H75: 2 | I75: 2 | J75: 2 | K75: 0 (2022) | L75: 2 (2024) | M75: 10 (2030)
E76: Atnaujintų (modernizuotų) daugiabučių namų nuo bendro nerenovuotų daugiabučių namų skaičiaus dalis proc. | F76: 2 (2022) | G76: 2 | H76: 2 | I76: 3 | J76: 3 | K76: 2 (2022) | L76: 2 (2024) | M76: 30 (2030)
C77: 3.3-3 | D77: Modernizuoti miesto inžinerinę infrastruktūrą laikantis inovatyvumo ir ekologiškumo principų | E77: Atnaujinti šilumos tinklai, km | F77: 0,279 (2022) | G77: 0.807 | H77: 0 | I77: 0 | J77: 0.87 | K77: 0,279 (2022) | L77: 0 (2024) | M77: Ne mažiau kaip 2,390 (2030)
E78: Atnaujinti geriamojo vandens tiekimo tinklai, km | F78: 0,978 (2022) | G78: 1.295 | H78: 0 | I78: 1.322 | J78: 0.873 | K78: 0,978 (2022) | L78: 0,864 (2024) | M78: Ne mažiau kaip 6,353 (2030)
E79: Atnaujinti nuotekų surinkimo tinklai, km | F79: 0 (2022) | G79: 1 | H79: 0.316 | I79: 0 | J79: 0 | K79: 0 (2022) | L79: 0,376 (2024) | M79: Ne mažiau kaip 0,230 (2030)
C80: 3.3-4 | D80: Įdiegti žiedinės ekonomikos procesus | E80: Sąvartynuose šalinamų atliekų dalis, palyginti su bendru komunalinių atliekų srautu (proc.) | F80: 19,9 (2021) | G80: Ne daugiau kaip 15 proc. visų susidariusių komunalinių atliekų (pagal svorį) šalinama sąvartyne | H80: Ne daugiau kaip 10 proc. visų susidariusių komunalinių atliekų (pagal svorį) šalinama sąvartyne | I80: Ne daugiau kaip 8 proc. visų susidariusių komunalinių atliekų (pagal svorį) šalinama sąvartyne | J80: Ne daugiau kaip 8 proc. visų susidariusių komunalinių atliekų (pagal svorį) šalinama sąvartyne | K80: 19,9 (2021) | L80: 8,71 (2024) | M80: 6 (2030)
E81: Perdirbta, pakartotinai ar kitaip panaudota (pvz., energijai gauti) dalis, palyginti su visomis surinktomis ir susidariusiomis atliekomis (proc.) | F81: 62,2 (2021) | G81: Ne mažiau kaip 55 proc. susidariusių komunalinių atliekų (pagal svorį) paruošta pakartotinai naudoti ir perdirbta | H81: Ne mažiau kaip 56 proc. susidariusių komunalinių atliekų (pagal svorį) paruošta pakartotinai naudoti ir perdirbta | I81: Ne mažiau kaip 57 proc. susidariusių komunalinių atliekų (pagal svorį) paruošta pakartotinai naudoti ir perdirbta | J81: Ne mažiau kaip 57 proc. susidariusių komunalinių atliekų (pagal svorį) paruošta pakartotinai naudoti ir perdirbta | K81: 62,2 (2021) | L81: 63,05 (2024) | M81: 77,0 (2030)
C82: 3.3-5 | D82: Užtikrinti visapusišką aplinkos būklės stebėseną ir taršą ribojančių priemonių taikymą | E82: Stebimų aplinkos monitoringo objektų (pvz., oras, paviršinis vanduo, maudyklos, dirvožemis, triukšmas ir kt.) skaičius, vnt. | F82: 4 (2022) | G82: 0 | H82: 5 | I82: 5 | J82: 5 | K82: 4 (2022) | L82: 4 (2024) | M82: Ne mažiau kaip 4 (2030)
F84: *Duomenys yra tik už 2023 m.

Sheet III skyrius. 2023-2030  m. 
E3: III SKYRIUS. LĖŠŲ DALIS, TENKANTI 2025-2027 M. STRATEGINIAME VEIKLOS PLANE, SKIRTA 2023-2030 M. SAVIVALDYBĖS PLĖTROS PLANE NUMATYTIEMS PRIORITETINIAMS TIKSLAMS ĮGYVENDINTI
C9: 2 lentelė. Lėšų dalis, tenkanti 2025-2027 m. SVP 2023-2030 m. plėtros plano prioritetiniams tikslams įgyvendinti
C10: 2023-2030 m. plėtros plano prioritetiniai tikslai | R10: Įgyvendinamos programos pagal 2023-2030 m. plėtros plano prioritetinius tikslus | S10: Proc. nuo bendro poreikio tikslui įgyvendinti 2025 m. | T10: 2025 m. išlaidų planas, tūkst. Eur | U10: Proc. nuo bendro poreikio tikslui įgyvendinti 2026 m. | V10: 2026 m. išlaidų planas, tūkst. Eur | W10: Proc. nuo bendro poreikio tikslui įgyvendinti 2027 m. | X10: 2027 m. išlaidų planas, tūkst. Eur
C11: I PRIORITETINIS TIKSLAS. KONKURENCINGO VERSLO SKATINIMAS IR VIETINĖS EKONOMIKOS TVARI PLĖTRA | R11: 9 programa | S11: =T11/T15 -> 0.040179554 | T11: =SUM('9 programa'!H199) -> 2876.6927 | U11: =V11/V15 -> 0.079900974 | V11: =SUM('9 programa'!I199) -> 5654.4358 | W11: =X11/X15 -> 0.072804394 | X11: =SUM('9 programa'!J199) -> 4854.413
C12: II PRIORITETINIS TIKSLAS. SOCIALINĖS GEROVĖS KŪRIMAS, SUMANIAI, PAŽANGIAI, BESIMOKANČIAI, MODERNIAI IR LAIMINGAI BENDRUOMENEI | R12: 1 programa 2 programa 3 programa 4 programa 5 programa 6 programa 7 programa | S12: =T12/T15 -> 0.7629034 | T12: =SUM('1 programa '!K208,'2 programa '!K351,'3 programa'!K79,'4 programa'!K124,'5 programa'!K85,'6 programa'!K285,'7 programa'!K166) -> 54620.782 | U12: =V12/V15 -> 0.71739942 | V12: =SUM('1 programa '!L208,'2 programa '!L351,'3 programa'!L79,'4 programa'!L124,'5 programa'!L85,'6 programa'!L285,'7 programa'!L166) -> 50768.956 | W12: =X12/X15 -> 0.72542146 | X12: =SUM('1 programa '!M208,'2 programa '!M351,'3 programa'!M79,'4 programa'!M124,'5 programa'!M85,'6 programa'!M285,'7 programa'!M166) -> 48369.27
C13: III PRIORITETINIS TIKSLAS. TVARUS, SUBALANSUOTAS SAVIVALDYBĖS APLINKOS VYSTYMAS IR PLĖTRA | R13: 8 programa 10 programa | S13: =T13/T15 -> 0.19691705 | T13: =SUM('8 programa'!K164,'10 programa'!K265) -> 14098.46 | U13: =V13/V15 -> 0.2026996 | V13: =SUM('8 programa'!L164,'10 programa'!L265) -> 14344.655 | W13: =X13/X15 -> 0.20177414 | X13: =SUM('8 programa'!M164,'10 programa'!M265) -> 13453.79
T15: =SUM(T11,T12,T13) -> 71595.934 | V15: =SUM(V11,V12,V13) -> 70768.047 | X15: =SUM(X11,X12,X13) -> 66677.473

Sheet IV skyrius
B3: IV SKYRIUS PLANUOJAMI PASIEKTI REZULTATAI
C5: Didinant įstaigų veiklos efektyvumą, atsakomybę ir viešumą, 2025-2027m. planuojama gerinti valdymo struktūrą ir stiprinti valdymo kokybę, didinti viešojo administravimo efektyvumą, ekonomiškai ir rezultatyviai valdyti ir naudoti savivaldybės turtą, biudžetą ir kitus piniginius išteklius. Numatoma vykdyti priemones ugdymo, kūno kultūros ir fizinio aktyvumo, socialinių paslaugų kokybei gerinti ir jų įvairovei didinti. Siekti, kad gerėtų viešųjų erdvių kokybė, sudaryti sąlygas inžinerinės infrastruktūros ir susisiekimo komunikacijų gerinimui, jų plėtrai padidinant miesto viešųjų erdvių patrauklumą, užtikrinant švarą ir tvarką, teikti gyventojams kokybiškas komunalines paslaugas, prižiūrėti ir modernizuoti miesto inžinerinės ir rekreacinės infrastruktūros objektus, suformuoti efektyviai veikiančią verslo paramos sistemą, skleisti verslo informaciją, skatinti verslumą bei iniciatyvas. Taip pat bus siekiama vykdyti architektūros ir teritorijų planavimo veiklą, kurti palankią aplinką turizmui, plėsti turizmo, rekreacijos, poilsio ir paslaugų infrastruktūrą, užtikrinti turizmo informacijos sklaidą.
C6: Įgyvendinant Visagino savivaldybės 2025-2027 m. strateginį veiklos planą, vadovaujamasi 2023-2030 m. strateginiame plėtros plane numatytais prioritetais tikslais ir planuojamais pasiekti rezultatais:
B7: 1 prioritetas | C7: Konkurencingo verslo skatinimas ir vietinės ekonomikos tvari plėtra
B8: 1.1. tikslas | C8: ='[1]II skyrius'!D10 -> Gerinti investicinės aplinkos patrauklumą ir didinti ekonominį potencialą
C9: Investicijų pritraukimo ir verslumo skatinimo institucinės ekosistemos sukūrimas Visagino, Ignalinos ir Zarasų funkcinėje zonoje (VIZA funkcinės zonos strategijos įgyvendinimas)
C10: Investicijoms pritaikytos verslo ir gamybos pastatų bei žemės infrastruktūros, skatinant apleistų/nenaudojamų/neefektyviai naudojamų teritorijų ir pastatų konversiją ir pritaikymą ekonominei veiklai, sukūrimas
B11: 1.2. tikslas | C11: ='[1]II skyrius'!D18 -> Didinti turistinį savivaldybės patrauklumą, teikiant viešąsias paslaugas bei plėtojant viešąją turizmo infrastruktūrą
C12: Viešųjų paslaugų teikimas bei Visagino savivaldybės turizmo rinkodaros plėtojimas
C13: Žygių maršrutų „Visaginas. Miestas miške - miškas mieste" sukūrimas, integracija į funkcinės zonos VIZA ir Utenos regiono bendrus turizmo maršrutus, priėjimų prie lankomų/gamtos objektų įrengimas, atokvėpio/stebėjimo vietų įrengimas
C14: Visagino kaip postbranduolinės erdvės paveldo išsaugojimas, aktualizavimas, pristatymas
B15: 2 prioritetas | C15: Socialinės gerovės kūrimas sumaniai, pažangiai, besimokančiai, moderniai ir laimingai bendruomenei
B16: 2.1. tikslas | C16: ='[1]II skyrius'!D22 -> Tikslingai naudojant švietimui skirtas lėšas bei kryptingai tobulinant darbuotojų kompetencijas, kiekvienam besimokančiajam sukurti lygiavertes ir šiuolaikiškas kokybiško ugdymo(si) sąlygas, lemiančias geresnius mokinių pasiekimus, optimalią, integracinę, darniai ir racionaliai veikiančią, nuolat atsinaujinančią savivaldybės švietimo sistemą
C17: Ikimokyklinio ugdymo įstaigų tinklo, kuriant naujas ugdymo vietas, stiprinimas
C18: Visagino progimnazijų erdvių pritaikymas negalią turinčių mokinių ugdymuisi įtraukiuoju būdu
C19: Visos dienos užimtumo erdvių sukūrimas Visagino bendrojo ugdymo mokyklose
C20: Visagino savivaldybės priemonių, numatytų „Tūkstantmečio mokyklų“ Visagino ir Ignalinos rajono savivaldybių Švietimo pažangos plane, įgyvendinimas
C21: Visagino savivaldybės bendrojo ugdymo mokyklų tinklo pertvarkos priemonių planų kiekvienoje mokykloje įgyvendinimas
B22: 2.2. tikslas | C22: ='[1]II skyrius'!D30 -> Sudaryti sąlygas visų amžiaus grupių ir galimybių visaginiečiams jų sveikai gyvensenai, fiziniam aktyvumui, sportavimui bei siekti, kad tai taptų savivaldybės bendruomenės gyvensenos dalimi
C23: Visagino savivaldybės ugdymo įstaigų vidaus ir lauko sporto infrastruktūros - sporto salių, aikštelių, stadionų - atnaujinimas ir (ar) plėtra
C24: Aplinkos ir viešųjų erdvių fizinio aktyvumo užsiėmimams pritaikymas
B25: 2.3. tikslas | C25: ='[1]II skyrius'!D36 -> Įgyvendinti valstybinę kultūros politiką ir formuoti regioninį identitetą, stiprinti pilietiškumą ir bendruomenės į(si)traukimą į kūrybines, kultūrines veiklas
C26: Infrastruktūros, būtinos gyventojų kultūriniams poreikiams užtikrinti, esamos vidaus rekonstravimas ir/arba naujos statymas
C27: Visagino miesto muziejaus koncepcijos ir struktūros plėtojimas
B28: 2.4. tikslas | C28: ='[1]II skyrius'!D43 -> Stiprinti ir puoselėti gyventojų sveikatą
C29: Asmens sveikatos priežiūros įstaigų paslaugų infrastruktūros bei įrangos, siekiant didesnės ir aukštesnės paslaugų aprėpties, įvairovės ir kokybės, plėtojimas, modernizavimas ir atnaujinimas (Visagino sveikatos centro veiklos vystymas)
B30: 2.5. tikslas | C30: ='[1]II skyrius'!D47 -> Pagerinti ir plėsti socialinių paslaugų kokybę ir prieinamumą bei sukurti jų plėtrai reikalingą infrastruktūrą
C31: Socialinių paslaugų prieinamumo didinimas
C32: Socialinio ir savivaldybės būsto prieinamumo visų socialinių grupių atstovams didinimas
B33: 2.6. tikslas | C33: ='[1]II skyrius'!D49 -> Sudaryti galimybes jaunimui atvykti, dirbti ir gyventi Visagino savivaldybėje
C34: Jaunimo teikiamų projektų ir iniciatyvų finansavimas
B35: 2.7. tikslas | C35: ='[1]II skyrius'!D52 -> Gyventojų socialinio, pilietinio aktyvumo, dalyvavimo savanoriškoje, visuomeninėje veikloje, tarpusavio pasitikėjimo, bendruomenės socialinės atsakomybės ir įsitraukimo didinimas
C36: Vietos savivaldai priimant sprendimus integruotai ir tolygiai formuoti nevyriausybinių ir bendruomeninių organizacijų veiklai palankią aplinką savivaldybėje (Dalyvaujamojo biudžeto priemonių vykdymas )
C37: Viešosios naudos nevyriausybinių ir bendruomeninių organizacijų institucinio stiprinimo projektų (gebėjimai, lyderystė, sąlygos viešosios naudos organizacijų veiklos tvarumui užtikrinti, socialinis verslas ir kt. ) - vietos veiklos grupių strategijų įgyvendinimas
B38: 2.8. tikslas | C38: ='[1]II skyrius'!D56 -> Tobulinti viešojo valdymo sistemą, didinti jos efektyvumą ir atvirumą
C39: Inovatyvių sprendimų ir būdų, savivaldybėje ir jos įstaigose galinčių padidinti viešojo efektyvumo valdymo efektyvumą diegimas (miesto dvynio informacinės sistemos sukūrimas)
C40: Miesto vaizdo stebėjimo sistemos naujinimas ir plėtra
C41: Priedangų atsparumo stiprinimas ir pritaikymas riboto judumo asmenims (naujas)
B42: 3 prioritetas | C42: Tvarus, subalansuotas savivaldybės aplinkos vystymas ir plėtra
B43: 3.1. tikslas | C43: ='[1]II skyrius'!D64 -> Vykdyti kryptingą darnaus judumo politiką savivaldybėje
C44: ='[1]II skyrius'!D65 -> Skatinti bemotorio transporto pasirinkimą ir pėsčiųjų judumą
C45: Esamų šaligatvių ir pėsčiųjų takų infrastruktūros kokybės gerinimas
C46: Autobusų stoties su turizmo informacijos centru statybos užbaigimas ir perdavimas stoties valdytojui
C47: Tinkamo miesto kelių tinklo darnos, saugumo ir kokybės užtikrinimas
B48: 3.2. tikslas | C48: ='[1]II skyrius'!D68 -> Skatinti tvarų miesto teritorijos vystymą
C49: Individualių namų kvartalo vystymas (projektavimas)
C50: Daugiafunkcių viešųjų erdvių poilsio, rekreacijos ir kultūros poreikiams įrengimas, modernizavimas ir /ar atnaujinimas
B51: 3.3. tikslas | C51: ='[1]II skyrius'!D72 -> Skatinti žaliąją savivaldybės plėtrą
C52: Kogeneracinės biokuro elektrinės (1,25 MW elektros galios 6,8 MW šilumos galios) statyba
C53: Savivaldybės viešųjų pastatų, taikant energijos išteklių panaudojimo efektyvumo didinimo priemones, modernizavimas (Parko g. 14, Taikos pr. 23)
C54: Komunalinių, rūšiuojamųjų, žaliųjų atliekų, atliekų, tinkamų paruošimui pakartotiniam naudojimui, surinkimo pajėgumų bei apdorojimo plėtra Visagino savivaldybėje, keičiant į kitus energetinius šaltinius

Sheet V skyrius. Programos
F3: V SKYRIUS PROGRAMOS
F4: Visagino savivaldybės 2025–2027 metų strateginį veiklos planą sudaro 10 įvairius savivaldybės veiklos sektorius apimančių programų. Kiekvienoje programoje iškelti trejų metų veiklos strateginiai uždaviniai, suformuluotos priemonės ir konkretizuoti rezultatų pasiekimo rodikliai. Programos buvo pasirinktos,susisteminus ir apibendrinus vietos savivaldos principus, savivaldybės instituciją ir jos kompetenciją, numatytas vykdyti funkcijas, savivaldybės mero, savivaldybės tarybos nario statusą, savivaldybių ūkinės ir finansinės veiklos pagrindus, taip pat išanalizavus viešojo administravimo sritis, viešojo administravimo subjektų sistemą ir administracinės procedūros organizavimo pagrindus.
F11: 3 lentelė. 2025-2027 metų asignavimų ir kitų lėšų pasiskirstymas pagal programas (tūkst. eurų)
F12: Eil. Nr. | G12: Programos kodas ir pavadinimas | H12: 2024 metų asignavimai ir kitos lėšos | I12: Pokytis proc. | J12: 2025 m. asignavimų ir kitų lėšų poreikis , tūkst. Eur | K12: 2025metų asignavimai ir kitos lėšos | L12: 2026 metų asignavimai ir kitos lėšos | M12: 2027 metų asignavimai ir kitos lėšos | R12: 1 programa | S12: 2 programa | T12: 3 programa | U12: 4 programa | V12: 5 programa | W12: 6 programa | X12: 7 programa | Y12: 8 programa | Z12: 9 programa | AA12: 10 programa
F13: 1 | G13: 2 | H13: 3 | K13: 4 | L13: 5 | M13: 5 | Q13: 2025 | R13: =K14 -> 6151.044 | S13: =K15 -> 24164.255 | T13: =K16 -> 1836.461 | U13: =K17 -> 2237.616 | V13: =K18 -> 669.025 | W13: =K19 -> 17768.544 | X13: =K20 -> 1793.8367 | Y13: =K21 -> 5170.364 | Z13: =K22 -> 2876.6927 | AA13: =K23 -> 8928.096
F14: 1 | G14: Valdymo tobulinimo programa (01) | H14: =SUM('1 programa '!H208) -> 5799.304 | I14: =K14/H14-1 -> 0.060652106 | J14: =SUM('1 programa '!J208) -> 6358.191 | K14: =SUM('1 programa '!K208) -> 6151.044 | L14: =SUM('1 programa '!L208) -> 5855.174 | M14: =SUM('1 programa '!M208) -> 6053.864 | N14: =H14-'Suvestinė pagal FŠ'!AY7 -> -254.56 | Q14: 2026 | R14: =L14 -> 5855.174 | S14: =L15 -> 21471.922 | T14: =L16 -> 1635.133 | U14: =L17 -> 2156.155 | V14: =K18 -> 669.025 | W14: =L19 -> 18263.95 | X14: =L20 -> 770.046 | Y14: =L21 -> 5668.475 | Z14: =L22 -> 5654.4358 | AA14: =L23 -> 8676.18
F15: 2 | G15: Švietimo paslaugų plėtros programa (02) | H15: ='2 programa '!H351 -> 21438.919 | I15: =K15/H15-1 -> 0.12712096 | J15: ='2 programa '!J351 -> 11458.421 | K15: ='2 programa '!K351 -> 24164.255 | L15: ='2 programa '!L351 -> 21471.922 | M15: ='2 programa '!M351 -> 21560.868 | N15: =H15-'Suvestinė pagal FŠ'!AY10 -> -121.949 | Q15: 2027 | R15: =M14 -> 6053.864 | S15: =M15 -> 21560.868 | T15: =M16 -> 1632.204 | U15: =M17 -> 2220.336 | V15: =M18 -> 393.316 | W15: =M19 -> 16102.693 | X15: =M20 -> 405.9886 | Y15: =M21 -> 4812.337 | Z15: =M22 -> 4854.413 | AA15: =M23 -> 8641.453
F16: 3 | G16: Fizinio aktyvumo ir sporto plėtros programa (03) | H16: ='3 programa'!H79 -> 1600.845 | I16: =K16/H16-1 -> 0.14718227 | J16: ='3 programa'!J79 -> 197.5 | K16: ='3 programa'!K79 -> 1836.461 | L16: ='3 programa'!L79 -> 1635.133 | M16: ='3 programa'!M79 -> 1632.204 | N16: =H16-'Suvestinė pagal FŠ'!AY13 -> -31.359
F17: 4 | G17: Gyventojų kultūrinio aktyvumo skatinimo ir identiteto stiprinimo programa (04) | H17: ='4 programa'!H124 -> 2002.157 | I17: =K17/H17-1 -> 0.11760267 | J17: ='4 programa'!J124 -> 1981.18 | K17: ='4 programa'!K124 -> 2237.616 | L17: ='4 programa'!L124 -> 2156.155 | M17: ='4 programa'!M124 -> 2220.336 | N17: =H17-'Suvestinė pagal FŠ'!AY16 -> -218.179
F18: 5 | G18: Bendruomeniškumo skatinimo programa (05) | H18: ='5 programa'!H85 -> 331.956 | I18: =K18/H18-1 -> 1.0154026 | J18: ='5 programa'!J85 -> 792 | K18: ='5 programa'!K85 -> 669.025 | L18: ='5 programa'!L85 -> 616.576 | M18: ='5 programa'!M85 -> 393.316 | N18: =H18-'Suvestinė pagal FŠ'!AY19 -> -61.36
F19: 6 | G19: Socialinės paramos programa (06) | H19: ='6 programa'!H285 -> 14477.562 | I19: =K19/H19-1 -> 0.22731604 | J19: ='6 programa'!J285 -> 16758.781 | K19: ='6 programa'!K285 -> 17768.544 | L19: ='6 programa'!L285 -> 18263.95 | M19: ='6 programa'!M285 -> 16102.693 | N19: =H19-'Suvestinė pagal FŠ'!AY22 -> -1852.726
F20: 7 | G20: Sveikatos apsaugos paslaugų kokybės gerinimo programa (07) | H20: ='7 programa'!H166 -> 893.416 | I20: =K20/H20-1 -> 1.0078404 | J20: ='7 programa'!J166 -> 1621.9135 | K20: ='7 programa'!K166 -> 1793.8367 | L20: ='7 programa'!L166 -> 770.046 | M20: ='7 programa'!M166 -> 405.9886 | N20: =H20-'Suvestinė pagal FŠ'!AY25 -> 487.4274
F21: 8 | G21: Aplinkos apsaugos programa (08) | H21: ='8 programa'!H164 -> 4399.305 | I21: =K21/H21-1 -> 0.17526837 | J21: ='8 programa'!J164 -> 4476.937 | K21: ='8 programa'!K164 -> 5170.364 | L21: ='8 programa'!L164 -> 5668.475 | M21: ='8 programa'!M164 -> 4812.337 | N21: =H21-'Suvestinė pagal FŠ'!AY28 -> -411.032
F22: 9 | G22: Ekonominės plėtros programa (09) | H22: =SUM('9 programa'!E199) -> 2019.759 | I22: =K22/H22-1 -> 0.42427522 | J22: =SUM('9 programa'!G199) -> 2169.125 | K22: =SUM('9 programa'!H199) -> 2876.6927 | L22: =SUM('9 programa'!I199) -> 5654.4358 | M22: =SUM('9 programa'!J199) -> 4854.413 | N22: =H22-'Suvestinė pagal FŠ'!AY31 -> -2825.534
F23: 10 | G23: Viešosios infrastruktūros programa (10) | H23: ='10 programa'!H265 -> 5584.18 | I23: =K23/H23-1 -> 0.59881952 | J23: ='10 programa'!J265 -> 7280.271 | K23: ='10 programa'!K265 -> 8928.096 | L23: ='10 programa'!L265 -> 8676.18 | M23: ='10 programa'!M265 -> 8641.453 | N23: =H23-'Suvestinė pagal FŠ'!AY34 -> -2671.165
G24: Iš viso: | H24: =SUM(H14:H23) -> 58547.403 | I24: =K24/H24-1 -> 0.22287123 | J24: =SUM(J14:J23) -> 53094.319 | K24: =SUM(K14:K23) -> 71595.934 | L24: =SUM(L14:L23) -> 70768.047 | M24: =SUM(M14:M23) -> 66677.473
F25: 1. Savivaldybės biudžetas (įskaitant skolintas lėšas) | H25: =SUM(H27,H29,H34,H35,H36,H37,) -> 51655.081 | J25: =SUM(J27,J29,J34,J35,J36,J37,) -> 45531.428 | K25: =SUM(K27,K29,K34,K35,K36,K37,) -> 64053.043 | L25: =SUM(L27,L29,L34,L35,L36,L37,) -> 63233.077 | M25: =SUM(M27,M29,M34,M35,M36,M37,) -> 59142.503
F26: Iš jo: | P26: Biudžetas 2025 | Q26: SVP 2025
F27: 1.1. savivaldybės biudžeto lėšos (nuosavos, be ankstesnių metų likučio), iš jų: | H27: =SUM('1 programa '!H199,'2 programa '!H341,'3 programa'!H71,'4 programa'!H116,'5 programa'!H78,'6 programa'!H276,'7 programa'!H157,'8 programa'!H155,'9 programa'!E190,'10 programa'!H258) -> 26581.185 | I27: =K27/H27-1 -> 0.10295034 | J27: =SUM('1 programa '!J199,'2 programa '!J341,'3 programa'!J71,'4 programa'!J116,'5 programa'!J78,'6 programa'!J276,'7 programa'!J157,'8 programa'!J155,'9 programa'!G190,'10 programa'!J258) -> 29748.34 | K27: =SUM('1 programa '!K199,'2 programa '!K341,'3 programa'!K71,'4 programa'!K116,'5 programa'!K78,'6 programa'!K276,'7 programa'!K157,'8 programa'!K155,'9 programa'!H190,'10 programa'!K258) -> 29317.727 | L27: =SUM('1 programa '!L199,'2 programa '!L341,'3 programa'!L71,'4 programa'!L116,'5 programa'!L78,'6 programa'!L276,'7 programa'!L157,'8 programa'!L155,'9 programa'!I190,'10 programa'!L258) -> 31912.07 | M27: =SUM('1 programa '!M199,'2 programa '!M341,'3 programa'!M71,'4 programa'!M116,'5 programa'!M78,'6 programa'!M276,'7 programa'!M157,'8 programa'!M155,'9 programa'!J190,'10 programa'!M258) -> 32723.06 | O27: =H27+H34 -> 28131.185 | P27: 38159.615 | Q27: =K27+K34+K36+K37 -> 38778.342
F28: 1.1.1. Aplinkos apsaugos rėmimo specialiosios programos lėšos | H28: ='7 programa'!H158+'8 programa'!H156 -> 58 | I28: =K28/H28-1 -> 1.2125345 | K28: =SUM('7 programa'!K158,'7 programa'!K159,'8 programa'!K156,'8 programa'!K157,) -> 128.327 | L28: =SUM('7 programa'!L158,'7 programa'!L159,'8 programa'!L156,'8 programa'!L157,) -> 58 | M28: =SUM('7 programa'!M158,'7 programa'!M159,'8 programa'!M156,'8 programa'!M157,) -> 58 | P28: =Q27-P27 -> 618.727 | Q28: =P28-K28 -> 490.4
F29: 1.2. Lietuvos Respublikos valstybės biudžeto dotacijos, iš jų: | H29: =SUM('1 programa '!H200,,'2 programa '!H342,'3 programa'!H72,'4 programa'!H117,'5 programa'!H79,'6 programa'!H277,'7 programa'!H160,'8 programa'!H158,'9 programa'!E191,'10 programa'!H259) -> 13182.072 | I29: =K29/H29-1 -> 0.18327847 | J29: =SUM('1 programa '!J200,,'2 programa '!J342,'3 programa'!J72,'4 programa'!J117,'5 programa'!J79,'6 programa'!J277,'7 programa'!J160,'8 programa'!J158,'9 programa'!G191,'10 programa'!J259) -> 3321.327 | K29: =SUM('1 programa '!K200,,'2 programa '!K342,'3 programa'!K72,'4 programa'!K117,'5 programa'!K79,'6 programa'!K277,'7 programa'!K160,'8 programa'!K158,'9 programa'!H191,'10 programa'!K259) -> 15598.062 | L29: =SUM('1 programa '!L200,,'2 programa '!L342,'3 programa'!L72,'4 programa'!L117,'5 programa'!L79,'6 programa'!L277,'7 programa'!L160,'8 programa'!L158,'9 programa'!I191,'10 programa'!L259) -> 15981.689 | M29: =SUM('1 programa '!M200,,'2 programa '!M342,'3 programa'!M72,'4 programa'!M117,'5 programa'!M79,'6 programa'!M277,'7 programa'!M160,'8 programa'!M158,'9 programa'!J191,'10 programa'!M259) -> 16605.389
F30: 1.2.1. Valstybinės (valstybės perduotos savivaldybėms) funkcijos (D) | K30: =SUM('1 programa '!K201,'6 programa'!K278,'7 programa'!K160,'9 programa'!H192,) -> 2617.127 | L30: =SUM('1 programa '!L201,'6 programa'!L278,'7 programa'!L160,'9 programa'!I192,) -> 2620.827 | M30: =SUM('1 programa '!M201,'6 programa'!M278,'7 programa'!M160,'9 programa'!J192,) -> 2624.527
F31: Ugdymo reikmėms finansuoti (MK) | K31: =SUM('2 programa '!K343,'3 programa'!K73) -> 10540 | L31: =SUM('2 programa '!L343,'3 programa'!L73) -> 11187 | M31: =SUM('2 programa '!M343,'3 programa'!M73) -> 11807 | P31: =K30+K31+K32+K33 -> 15598.062 | Q31: =L30+L31+L32+L33 -> 15981.689 | R31: =M30+M31+M32+M33 -> 16605.389
F32: 1.1.2. Savivaldybių mokykloms (klasėms arba grupėms), skirtoms šalies (regiono) mokiniams, turintiems specialiųjų ugdymosi poreikių, ir kitoms savivaldybėms perduotoms įstaigoms išlaikyti | K32: =SUM('2 programa '!K344) -> 40.2 | L32: =SUM('2 programa '!L344) -> 40.2 | M32: =SUM('2 programa '!M344) -> 40.2
F33: 1.1.3. Valstybės biudžeto lėšos ir kitos dotacijos (SD) | K33: =SUM('1 programa '!K202,'2 programa '!K345,'4 programa'!K117,'5 programa'!K79,'6 programa'!K279,'9 programa'!H193,'10 programa'!K259) -> 2400.735 | L33: =SUM('1 programa '!L202,'2 programa '!L345,'4 programa'!L117,'5 programa'!L79,'6 programa'!L279,'9 programa'!I193,'10 programa'!L259) -> 2133.662 | M33: =SUM('1 programa '!M202,'2 programa '!M345,'4 programa'!M117,'5 programa'!M79,'6 programa'!M279,'9 programa'!J193,'10 programa'!M259) -> 2133.662
F34: 1.3. Pajamų įmokos ir kitos pajamos | H34: =SUM('1 programa '!H203,'2 programa '!H346,'3 programa'!H74,'4 programa'!H119,'5 programa'!H80,'6 programa'!H280,'7 programa'!H161,'8 programa'!H159,'9 programa'!E194,'10 programa'!H260) -> 1550 | I34: =K34/H34-1 -> 0.12055161 | J34: =SUM('1 programa '!J203,'2 programa '!J346,'3 programa'!J74,'4 programa'!J119,'5 programa'!J80,'6 programa'!J280,'7 programa'!J161,'8 programa'!J159,'9 programa'!G194,'10 programa'!J260) -> 969.843 | K34: =SUM('1 programa '!K203,'2 programa '!K346,'3 programa'!K74,'4 programa'!K119,'5 programa'!K80,'6 programa'!K280,'7 programa'!K161,'8 programa'!K159,'9 programa'!H194,'10 programa'!K260) -> 1736.855 | L34: =SUM('1 programa '!L203,'2 programa '!L346,'3 programa'!L74,'4 programa'!L119,'5 programa'!L80,'6 programa'!L280,'7 programa'!L161,'8 programa'!L159,'9 programa'!I194,'10 programa'!L260) -> 1795.5 | M34: =SUM('1 programa '!M203,'2 programa '!M346,'3 programa'!M74,'4 programa'!M119,'5 programa'!M80,'6 programa'!M280,'7 programa'!M161,'8 programa'!M159,'9 programa'!J194,'10 programa'!M260) -> 1906 | N34: be kiku2io | O34: =H27+H34+H36+H37 -> 33835.091
F35: 1.4. Europos Sąjungos ir kitos tarptautinės finansinės paramos lėšos (ES, EGDAP) | H35: =SUM('1 programa '!H204,'2 programa '!H347,'3 programa'!H75,'4 programa'!H120,'5 programa'!H81,'6 programa'!H281,'7 programa'!H162,'8 programa'!H160,'9 programa'!E195,'10 programa'!H261) -> 4637.918 | I35: =K35/H35-1 -> 1.0864188 | J35: =SUM('1 programa '!J204,'2 programa '!J347,'3 programa'!J75,'4 programa'!J120,'5 programa'!J81,'6 programa'!J281,'7 programa'!J162,'8 programa'!J160,'9 programa'!G195,'10 programa'!J261) -> 9050.3027 | K35: =SUM('1 programa '!K204,'2 programa '!K347,'3 programa'!K75,'4 programa'!K120,'5 programa'!K81,'6 programa'!K281,'7 programa'!K162,'8 programa'!K160,'9 programa'!H195,'10 programa'!K261) -> 9676.6394 | L35: =SUM('1 programa '!L204,'2 programa '!L347,'3 programa'!L75,'4 programa'!L120,'5 programa'!L81,'6 programa'!L281,'7 programa'!L162,'8 programa'!L160,'9 programa'!I195,'10 programa'!L261) -> 11318.328 | M35: =SUM('1 programa '!M204,'2 programa '!M347,'3 programa'!M75,'4 programa'!M120,'5 programa'!M81,'6 programa'!M281,'7 programa'!M162,'8 programa'!M160,'9 programa'!J195,'10 programa'!M261) -> 6587.9536 | P35: Biudžetas 2026 | Q35: SVP 2026
F36: 1.5. Skolintos lėšos | H36: =SUM('1 programa '!H205,'2 programa '!H348,'3 programa'!H76,'4 programa'!H121,'5 programa'!H82,'6 programa'!H282,'7 programa'!H163,'8 programa'!H161,'9 programa'!E196,'10 programa'!H262) -> 325.057 | I36: =K36/H36-1 -> -0.91936799 | J36: =SUM('1 programa '!J205,'2 programa '!J348,'3 programa'!J76,'4 programa'!J121,'5 programa'!J82,'6 programa'!J282,'7 programa'!J163,'8 programa'!J161,'9 programa'!G196,'10 programa'!J262) -> 26.214 | K36: =SUM('1 programa '!K205,'2 programa '!K348,'3 programa'!K76,'4 programa'!K121,'5 programa'!K82,'6 programa'!K282,'7 programa'!K163,'8 programa'!K161,'9 programa'!H196,'10 programa'!K262) -> 26.21 | L36: =SUM('1 programa '!L205,'2 programa '!L348,'3 programa'!L76,'4 programa'!L121,'5 programa'!L82,'6 programa'!L282,'7 programa'!L163,'8 programa'!L161,'9 programa'!I196,'10 programa'!L262) -> 1306.97 | M36: =SUM('1 programa '!M205,'2 programa '!M348,'3 programa'!M76,'4 programa'!M121,'5 programa'!M82,'6 programa'!M282,'7 programa'!M163,'8 programa'!M161,'9 programa'!J196,'10 programa'!M262) -> 1320.1 | P36: 35425.06 | Q36: =SUM(L27,L34,L36,L37) -> 35933.06
F37: 1.6. Ankstesnių metų likučiai | H37: =SUM('1 programa '!H206,'2 programa '!H349,'3 programa'!H77,'4 programa'!H122,'5 programa'!H83,'6 programa'!H283,'7 programa'!H164,'8 programa'!H162,'9 programa'!E197,'10 programa'!H263) -> 5378.849 | I37: =K37/H37-1 -> 0.43107754 | J37: =SUM('1 programa '!J206,'2 programa '!J349,'3 programa'!J77,'4 programa'!J122,'5 programa'!J83,'6 programa'!J283,'7 programa'!J164,'8 programa'!J162,'9 programa'!G197,'10 programa'!J263) -> 2415.402 | K37: =SUM('1 programa '!K206,'2 programa '!K349,'3 programa'!K77,'4 programa'!K122,'5 programa'!K83,'6 programa'!K283,'7 programa'!K164,'8 programa'!K162,'9 programa'!H197,'10 programa'!K263) -> 7697.55 | L37: =SUM('1 programa '!L206,'2 programa '!L349,'3 programa'!L77,'4 programa'!L122,'5 programa'!L83,'6 programa'!L283,'7 programa'!L164,'8 programa'!L162,'9 programa'!I197,'10 programa'!L263) -> 918.52 | M37: =SUM('1 programa '!M206,'2 programa '!M349,'3 programa'!M77,'4 programa'!M122,'5 programa'!M83,'6 programa'!M283,'7 programa'!M164,'8 programa'!M162,'9 programa'!J197,'10 programa'!M263) -> 0 | O37: =H27+H34+H36+H37 -> 33835.091 | P37: =Q36-P36 -> 508 | Q37: =P37-L28 -> 450
F38: 2. Kiti šaltiniai (Europos Sąjungos finansinė parama projektams įgyvendinti ir kitos teisėtai gautos lėšos, nurodant atskirus šaltinius) | H38: =SUM('1 programa '!H207,'2 programa '!H350,'3 programa'!H78,'4 programa'!H123,'5 programa'!H84,'6 programa'!H284,'7 programa'!H165,'8 programa'!H163,'9 programa'!E198,'10 programa'!H264) -> 6892.322 | I38: =K38/H38-1 -> 0.094390396 | J38: =SUM('1 programa '!J207,'2 programa '!J350,'3 programa'!J78,'4 programa'!J123,'5 programa'!J84,'6 programa'!J284,'7 programa'!J165,'8 programa'!J163,'9 programa'!G198,'10 programa'!J264) -> 7542.891 | K38: =SUM('1 programa '!K207,'2 programa '!K350,'3 programa'!K78,'4 programa'!K123,'5 programa'!K84,'6 programa'!K284,'7 programa'!K165,'8 programa'!K163,'9 programa'!H198,'10 programa'!K264) -> 7542.891 | L38: =SUM('1 programa '!L207,'2 programa '!L350,'3 programa'!L78,'4 programa'!L123,'5 programa'!L84,'6 programa'!L284,'7 programa'!L165,'8 programa'!L163,'9 programa'!I198,'10 programa'!L264) -> 7534.97 | M38: =SUM('1 programa '!M207,'2 programa '!M350,'3 programa'!M78,'4 programa'!M123,'5 programa'!M84,'6 programa'!M284,'7 programa'!M165,'8 programa'!M163,'9 programa'!J198,'10 programa'!M264) -> 7534.97 | O38: =O37-P37 -> 33327.091
F39: IŠ VISO programai finansuoti pagal finansavimo šaltinius (1 ir 2 punktai) | H39: =SUM('1 programa '!H208,'2 programa '!H351,'3 programa'!H79,'4 programa'!H124,'5 programa'!H85,'6 programa'!H285,'7 programa'!H166,'8 programa'!H164,'9 programa'!E199,'10 programa'!H265) -> 58547.403 | I39: =K39/H39-1 -> 0.22287123 | J39: =SUM('1 programa '!J208,'2 programa '!J351,'3 programa'!J79,'4 programa'!J124,'5 programa'!J85,'6 programa'!J285,'7 programa'!J166,'8 programa'!J164,'9 programa'!G199,'10 programa'!J265) -> 53094.319 | K39: =SUM('1 programa '!K208,'2 programa '!K351,'3 programa'!K79,'4 programa'!K124,'5 programa'!K85,'6 programa'!K285,'7 programa'!K166,'8 programa'!K164,'9 programa'!H199,'10 programa'!K265) -> 71595.934 | L39: =SUM('1 programa '!L208,'2 programa '!L351,'3 programa'!L79,'4 programa'!L124,'5 programa'!L85,'6 programa'!L285,'7 programa'!L166,'8 programa'!L164,'9 programa'!I199,'10 programa'!L265) -> 70768.047 | M39: =SUM('1 programa '!M208,'2 programa '!M351,'3 programa'!M79,'4 programa'!M124,'5 programa'!M85,'6 programa'!M285,'7 programa'!M166,'8 programa'!M164,'9 programa'!J199,'10 programa'!M265) -> 66677.473 | O39: =O38-P38 -> 33327.091 | P39: Biudžetas 2027 | Q39: SVP 2027
F40: Iš jų: regioninių pažangos priemonių lėšos (RP) | H40: =SUM('1 programa '!H209,'2 programa '!H352,'3 programa'!H80,'4 programa'!H125,'5 programa'!H86,'6 programa'!H286,'7 programa'!H167,'8 programa'!H165,'9 programa'!E200,'10 programa'!H266) -> 3553.578 | I40: =K40/H40-1 -> 1.4954753 | J40: =SUM('1 programa '!J209,'2 programa '!J352,'3 programa'!J80,'4 programa'!J125,'5 programa'!J86,'6 programa'!J286,'7 programa'!J167,'8 programa'!J165,'9 programa'!G200,'10 programa'!J266) -> 9282.576 | K40: =SUM('1 programa '!K209,'2 programa '!K352,'3 programa'!K80,'4 programa'!K125,'5 programa'!K86,'6 programa'!K286,'7 programa'!K167,'8 programa'!K165,'9 programa'!H200,'10 programa'!K266) -> 8867.866 | L40: =SUM('1 programa '!L209,'2 programa '!L352,'3 programa'!L80,'4 programa'!L125,'5 programa'!L86,'6 programa'!L286,'7 programa'!L167,'8 programa'!L165,'9 programa'!I200,'10 programa'!L266) -> 10623.704 | M40: =SUM('1 programa '!M209,'2 programa '!M352,'3 programa'!M80,'4 programa'!M125,'5 programa'!M86,'6 programa'!M286,'7 programa'!M167,'8 programa'!M165,'9 programa'!J200,'10 programa'!M266) -> 5219.379 | P40: 35401.16 | Q40: =SUM(M27,M34,M36,M37,) -> 35949.16
F41: Asignavimų ir kitų lėšų pokytis, palyginti su ankstesnių metų patvirtintų asignavimų ir kitų lėšų planu | K41: =K39/H39-1 -> 0.22287123 | L41: =L39/K39-1 -> -0.011563332 | M41: =M39/L39-1 -> -0.05780256 | P41: =Q40-P40 -> 548 | Q41: =P41-M28 -> 490
G42: n – pirmieji planuojamieji metai, n + 1 – antrieji planuojamieji metai ir n + 2 – tretieji planuojamieji metai.

Sheet 1 programa 
A1: Valdymo tobulinimo programa (01)
A2: Programos tikslas - įgyvendinti Lietuvos Respublikos Konstitucijos ir įstatymų nustatytas, Lietuvos Respublikos vietos savivaldos įstatymo reglamentuotas savarankiškąsias savivaldybės bei valstybines (valstybės perduotas savivaldybei) funkcijas. Siekiant užtikrinti, kad minėtos funkcijos būtų vykdomos kokybiškai, ypatingas dėmesys skiriamas šiuolaikiniams vadybos metodams ir informacinėms technologijoms diegti savivaldybėje; vykdomų procedūrų viešumui ir skaidrumui; kontroliuoti ir prižiūrėti, ar teisėtai, efektyviai, ekonomiškai ir rezultatyviai valdomas ir naudojamas savivaldybės turtas ir patikėjimo teise valdomas valstybės turtas, kaip vykdomas savivaldybės biudžetas ir naudojami kiti piniginiai ištekliai. Efektyviai savivaldybės veiklai būtinas racionalus finansinių, materialinių ir žmogiškųjų išteklių paskirstymas, sistemingas veiklos planavimas
A3: =A18 -> 01.01.01. (T) | B3: =B18 -> Gerinti teikiamų paslaugų kokybę, didinti jų prieinamumą ir patrauklumą, tinkamai organizuojant savivaldybės administravimo subjektams priskirtų funkcijų įgyvendinimą
A4: =A36 -> 01.01.02 (T) | B4: =B36 -> Užtikrinti valstybinių (valstybės perduotų savivaldybėms) funkcijų vykdymą
A5: =A95 -> 01.01.03 (T) | B5: =B95 -> Užtikrinti efektyvų savivaldybei nuosavybės teise priklausančio nekilnojamojo turto naudojimą, įmonių bei įstaigų valdymą
A6: =A117 -> 01.01.04. (T) | B6: =B117 -> Sudaryti sąlygas iš anksto negalimoms suplanuoti priemonėms vykdyti bei savivaldybės finansiniams įsipareigojimams įgyvendinti
A7: =A128 -> 01.01.05. (T) | B7: =B128 -> Įgyvendinti Visagino savivaldybės korupcijos prevencijos 2025-2027 metų veiksmų planą
A8: =A131 -> 01.02.02. (T) | B8: =B131 -> Gerinti visuomenei teikiamų paslaugų kokybę, didinant jų atitiktį visuomenės poreikiams
A9: =A173 -> 01.02.03. (T) | B9: =B173 -> Organizuoti savivaldybės veiklą vadovaujantis šiuolaikiniais vadybos metodais
A10: =A179 -> 01.02.04. (T) | B10: =B179 -> Informuoti visuomenę apie savivaldybės veiklą ir formuoti teigiamą savivaldybės įvaizdį, plėtoti dalykinius santykius ir ryšius su tarptautinėmis ir vietinėmis institucijomis ir organizacijomis
A12: Programos įgyvendinimo laikotarpis 2025-2027 m.
A13: Programos įgyvendinimo koordinatorė Jolita Kriaučiūnaitė, jolita.kriauciunaite@visaginas.lt, tel. (0 386) 36 008
A15: 4 lentelė. Valdymo tobulinimo programos (01) uždaviniai, priemonės, asignavimai ir kitos lėšos (tūkst.eurų) ir jų stebėsenos rodikliai
A16: Programos uždavinio, priemonės kodas ir požymis | B16: Uždavinio, priemonės pavadinimas, finansavimo šaltiniai | C16: Asignavimų valdytojo kodas | D16: Finansavimo šaltinis | E16: 2023 m. asignavimų planas | F16: Asignavimų pasikeitimas | G16: 2024 m.asignavimų poreikis | H16: 2024 m.asignavimai ir kitos lėšos, tūkst. Eur | I16: Pokytis proc. | J16: 2025 m. asignavimų ir kitų lėšų poreikis , tūkst. Eur | K16: 2025 m. asignavimai ir kitos lėšos, tūkst. Eur | L16: 2026 m.asignavimai ir kitos lėšos, tūkst. Eur | M16: 2027 m.asignavimai ir kitos lėšos, tūkst. Eur | N16: Savivaldybės strateginio plėtros plano priemonės kodas | O16: Trumpas priemonės įgyvendinimo aprašymas | P16: Stebėsenos rodiklio kodas | Q16: Stebėsenos rodiklio pavadinimas (matavimo vnt.) | R16: Siektinos stebėsenos rodiklių reikšmės | V16: Savivaldybės strateginio plėtros plano rodiklis
R17: 2024 | S17: 2025 | T17: 2026 | U17: 2027
A18: 01.01.01. (T) | B18: Gerinti teikiamų paslaugų kokybę, didinti jų prieinamumą ir patrauklumą, tinkamai organizuojant savivaldybės administravimo subjektams priskirtų funkcijų įgyvendinimą | D18: Iš viso: | E18: =SUM(E23,E31,E33,E35,) -> 3181.359 | F18: =H18/E18-1 -> 0.20598776 | G18: =SUM(G23,G31,G33,G35,) -> 3611.437 | H18: =SUM(H23,H31,H33,H35,) -> 3836.68 | J18: =SUM(J23,J31,J33,J35,) -> 4281.522 | K18: =SUM(K23,K31,K33,K35,) -> 4056.804 | L18: =SUM(L23,L31,L33,L35,) -> 4049.47 | M18: =SUM(M23,M31,M33,M35,) -> 4220.99 | N18: 2.8.-1 | P18: E-01-01-01 | Q18: Gyventojų, per paskutinius 12 mėnesių dalyvavusių sprendžiant viešuosius vietos reikalus, dalis proc. | R18: 30 | S18: 40 | T18: 50 | U18: 50 | V18: Gyventojų, per paskutinius 12 mėnesių dalyvavusių sprendžiant viešuosius vietos reikalus, dalis proc.
A19: 01.01.01.01 (TP) | B19: Savivaldybės institucijų funkcijų įgyvendinimas | C19: 188711925 | D19: SB | E19: =E25+E26 -> 2778.6 | F19: =H19/E19-1 -> 0.19604117 | G19: =SUM(G24:G26) -> 3075.995 | H19: =SUM(H24:H26) -> 3323.32 | I19: =K19/H19-1 -> 0.067432567 | J19: 3777.18 | K19: =SUM(K24,K25,K26,K29) -> 3547.42 | L19: =SUM(L24,L25,L26,) -> 3558.07 | M19: =SUM(M24,M25,M26,) -> 3724.11 | N19: 2.8.-1-1 | O19: Įgyvendinant šią priemonę planuojama užtikrinti Visagino savivaldybės merui, administracijai bei Visagino savivaldybės tarybai priskirtų funkcijų įgyvendinimą. | P19: R-01-01-01-01 | Q19: Savivaldybės administracinių paslaugų, teikiamų elektroniniu būdu ne žemesniu kaip 4 brandos lygiu, dalis nuo visų savivaldybės teikiamų administracinių paslaugų (proc.) | R19: 30 | S19: 40 | T19: 40 | U19: 40 | V19: Savivaldybės administracinių paslaugų, teikiamų elektroniniu būdu ne žemesniu kaip 4 brandos lygiu, dalis nuo visų savivaldybės teikiamų administracinių paslaugų (proc.) | W19: pasikeitė pavadinimas
D20: ĮP | E20: 12.269 | F20: =H20/E20-1 -> 0.41005787 | G20: =SUM(G27) -> 15.45 | H20: 17.3 | I20: =K20/H20-1 -> 0.020231214 | J20: =J27 -> 17.65 | K20: =K27 -> 17.65 | L20: =L27 -> 2 | M20: =M27 -> 2
D21: ĮP (L) | K21: =K28 -> 2.564
D22: VB | H22: 0 | J22: 0 | K22: 0 | L22: 0 | M22: 0
D23: Iš viso: | E23: =SUM(E19:E22) -> 2790.869 | F23: =H23/E23-1 -> 0.19698202 | G23: =SUM(G19:G22) -> 3091.445 | H23: =SUM(H19:H22) -> 3340.62 | I23: =K23/H23-1 -> 0.067955649 | J23: =SUM(J19:J22) -> 3794.83 | K23: =SUM(K19:K22) -> 3567.634 | L23: =SUM(L19:L22) -> 3560.07 | M23: =SUM(M19:M22) -> 3726.11
B24: Mero ir politinio pasitikėjimo valstybės tarnautojai | D24: SB | E24: 0 | F24: =(H24-E24)/E24 -> #DIV/0! | G24: 339.725 | H24: 374.45 | J24: 353.61 | K24: 342.841 | L24: 342.84 | M24: 359.01
B25: Savivaldybės tarybos darbo organizavimas | D25: SB | E25: 210.07 | F25: =(H25-E25)/E25 -> -1 | G25: 0 | H25: 0
B26: Savivaldybės administracijos veiklos organizavimas | D26: SB | E26: 2568.53 | F26: =(H26-E26)/E26 -> 0.14807692 | G26: 2736.27 | H26: =2949.39-0.52 -> 2948.87 | J26: 3204.18 | K26: 3204.179 | L26: =3215.74-0.51 -> 3215.23 | M26: 3365.1
D27: SB (ĮP) | E27: 12.269 | F27: =(H27-E27)/E27 -> 0.41005787 | G27: 15.45 | H27: 17.3 | J27: 17.65 | K27: 17.65 | L27: 2 | M27: 2
B28: finansinis turtas | D28: ĮP (L) | K28: 2.564
K29: 0.4
A30: 01.01.01.02 (TP) | B30: Tarybos narių veiklos organizavimas | C30: 188711925 | D30: SB | E30: =138+12 -> 150 | F30: =H30/E30-1 -> 1.5506 | G30: =397.316+18 -> 415.316 | H30: =364.59+18 -> 382.59 | I30: =K30/H30-1 -> -0.043623723 | J30: 362 | K30: 365.9 | L30: 365.9 | M30: 365.9 | N30: 2.7.-3-1 | O30: Įgyvendinant šią priemonę bus užtikrinamas Lietuvos Respublikos vietos savivaldos įstatymo 12 straipsnis, kuris numato, kad savivaldybės tarybos nariams už darbą atliekant savivaldybės tarybos nario pareigas yra atlyginama (apmokama). | P30: R-01-01-01-02 | Q30: Įvykusių tarybos posėdžių skaičius /organizuotų rinkimų skaičius | R30: 12/3 | S30: 12/0 | T30: 12/0 | U30: 12/0 | V30: Veikiančių savivaldos institucijų skaičius
D31: Iš viso: | E31: =E30 -> 150 | F31: =(H31-E31)/E31 -> 1.5506 | G31: =G30 -> 415.316 | H31: =H30 -> 382.59 | I31: =K31/H31-1 -> -0.043623723 | J31: =J30 -> 362 | K31: =K30 -> 365.9 | L31: =L30 -> 365.9 | M31: =M30 -> 365.9 | Q31: Priimtų teisės aktų skaičius | R31: 360 | S31: 360 | T31: 360 | U31: 360
A32: 01.01.01.03 (TP) | B32: Visagino savivaldybės 2024 metų konsoliduotųjų ataskaitų rinkinio, savivaldybės lėšų ir turto naudojimo, savivaldybės rinkliavų veiklos ir viešojo sektoriaus subjekto/įmonės veiklos auditai | C32: 188701436 | D32: SB | E32: 100.96 | F32: =H32/E32-1 -> 0.12391046 | G32: 104.676 | H32: 113.47 | I32: =K32/H32-1 -> 0.08636644 | J32: 124.692 | K32: 123.27 | L32: =122.99+0.51 -> 123.5 | M32: 128.98 | N32: 2.7.-3-1 | O32: Įgyvendinant šią priemonę bus užtikrinama Lietuvos Respublikos vietos savivaldos įstatymo 67 straipsnio 3 dalis, kuri numato, kad savivaldybės taryba savivaldybės biudžete nustato savivaldybės kontrolės ir audito tarnybai skiriamų asignavimų dydį. | P32: R-01-01-01-03 | Q32: Atliktų Visagino savivaldybės konsoliduotųjų ataskaitų rinkinio, savivaldybės biudžeto ir turto naudojimo, savivaldybės nuosavybės teise valdomo nekilnojamojo turto valdymo, naudojimo ir disponavimo juo efektyvumo auditų skaičius | R32: 4 | S32: 4 | T32: 3 | U32: 3
D33: Iš viso: | E33: =E32 -> 100.96 | F33: =(H33-E33)/E33 -> 0.12391046 | G33: =G32 -> 104.676 | H33: =H32 -> 113.47 | I33: =K33/H33-1 -> 0.08636644 | J33: =J32 -> 124.692 | K33: =K32 -> 123.27 | L33: =L32 -> 123.5 | M33: =M32 -> 128.98
A34: 01.01.01.04 (TP) | B34: Savivaldybės tarybos mero ir sekretoriato darbo organizavimas | C34: 188701436 | D34: SB | E34: 139.53 | F34: =(H34-E34)/E34 -> -1 | I34: =K34/H34-1 -> #DIV/0! | O34: Ši priemonė nebus įgyvendinama.
D35: Iš viso: | E35: =E34 -> 139.53 | F35: =(H35-E35)/E35 -> -1 | G35: =G34 -> 0 | H35: =H34 -> 0 | I35: =K35/H35-1 -> #DIV/0! | K35: =K34 -> 0 | L35: =L34 -> 0 | M35: =M34 -> 0
A36: 01.01.02 (T) | B36: Užtikrinti valstybinių (valstybės perduotų savivaldybėms) funkcijų vykdymą | E36: =SUM(E40,E50,E52,E54,E56,E58,E61,E66,E69,E71,E73,E76,E79,E81,E84,E86,E88,E91,E47,E64) -> 491.016 | F36: =H36/E36-1 -> 0.14479773 | G36: =SUM(G40,G50,G52,G54,G56,G58,G61,G66,G69,G71,G73,G76,G79,G81,G84,G86,G88,G91,G47) -> 525.471 | H36: =SUM(H40,H50,H52,H54,H56,H58,H61,H66,H69,H71,H73,H76,H79,H81,H84,H86,H88,H91,H47,H64) -> 562.114 | I36: =K36/H36-1 -> 0.046218383 | J36: =SUM(J40,J50,J52,J54,J56,J58,J61,J66,J69,J71,J73,J76,J79,J81,J84,J86,J88,J91,J47,J64) -> 386.423 | K36: =SUM(K40,K50,K52,K54,K56,K58,K61,K66,K69,K71,K73,K76,K79,K81,K84,K86,K88,K91,K47,K64) -> 588.094 | L36: =SUM(L40,L50,L52,L54,L56,L58,L61,L66,L69,L71,L73,L76,L79,L81,L84,L86,L88,L91,L47,L64) -> 589.544 | M36: =SUM(M40,M50,M52,M54,M56,M58,M61,M66,M69,M71,M73,M76,M79,M81,M84,M86,M88,M91,M47,M64) -> 604.434 | N36: 2.8.-1 | P36: E-01-01-02 | Q36: Gyventojų, per paskutinius 12 mėnesių dalyvavusių sprendžiant viešuosius vietos reikalus, dalis proc. | R36: 30 | S36: 40 | T36: 40 | U36: 40 | V36: Gyventojų, per paskutinius 12 mėnesių dalyvavusių sprendžiant viešuosius vietos reikalus, dalis proc.
A37: 01.01.02.01 (TP) | B37: Valstybinės kalbos vartojimo ir taisyklingumo kontrolė | C37: 188711925 | D37: SB (D) | E37: 20 | F37: =H37/E37-1 -> 0 | G37: =G41 -> 19.395 | H37: 20 | I37: =K37/H37-1 -> 0 | J37: 20 | K37: 20 | L37: 20 | M37: 20 | N37: 2.1.-5-3 | O37: Lietuvos Respublikos vietos savivaldos įstatymo 7 straipsnio 12 punkto įgyvendinimas. | P37: R-01-01-02-01 | Q37: Atliktų įmonių ir įstaigų, interneto svetainių, spaudos leidinių ir reklamos objektų patikrinimų skaičius, vienetai | R37: 31 | S37: 32 | T37: 33 | U37: 33 | V37: Įgyvendintų priemonių skaičius proc., nuo visų suplanuotų įgyvendinti
D38: SB | E38: 22.96 | F38: =H38/E38-1 -> 0.24172474 | G38: =G42+G43 -> 27.315 | H38: =H42 -> 28.51 | I38: =K38/H38-1 -> -0.6597685 | J38: 8.205 | K38: 9.7 | L38: 9.71 | M38: 10.19
D39: SB (ĮP) | E39: 0.626 | F39: =H39/E39-1 -> -1 | G39: =G44 -> 0 | H39: =H44 -> 0 | Q39: Parengtų ir savivaldybės interneto svetainėje paskelbtų atmintinių ir rekomendacijų skaičius, vienetai | R39: 6 | S39: 6 | T39: 6 | U39: 6
D40: Iš viso: | E40: =SUM(E37:E39) -> 43.586 | F40: =(H40-E40)/E40 -> 0.11297206 | G40: =SUM(G37:G39) -> 46.71 | H40: =SUM(H37:H39) -> 48.51 | I40: =K40/H40-1 -> -0.3877551 | J40: =SUM(J37:J39) -> 28.205 | K40: =SUM(K37:K39) -> 29.7 | L40: =SUM(L37:L39) -> 29.71 | M40: =SUM(M37:M39) -> 30.19
B41: Visagino savivaldybės administracija | C41: 188711925 | D41: SB (D) | G41: 19.395 | H41: 0 | I41: =K41/H41-1 -> #DIV/0! | K41: 0 | L41: 0 | M41: 0
D42: SB | G42: 27.315 | H42: 28.51 | I42: =K42/H42-1 -> -1 | K42: 0 | L42: 0 | M42: 0
B43: Visagino „Verdenės“ gimnazija (Valstybinės kalbos testavimas) | C43: 190243519 | D43: SB | I43: =K43/H43-1 -> #DIV/0!
D44: SB (ĮP) | I44: =K44/H44-1 -> #DIV/0!
A45: 01.01.02.02. (TP) | B45: Civilinės būklės aktų registravimas | C45: 188711925 | D45: SB (D) | E45: 25.3 | F45: =(H45-E45)/E45 -> 0.019762846 | G45: 25.17 | H45: 25.8 | I45: =K45/H45-1 -> 0.019379845 | K45: 26.3 | L45: 26.3 | M45: 26.3 | N45: 2.8.-1-1 | O45: Lietuvos Respublikos vietos savivaldos įstatymo 7 straipsnio 1 punkto įgyvendinimo užtikrinimas. | P45: R-01-01-02-02 | Q45: Elektroniniu būdu pateiktų dokumentų dalis nuo visų gautų dokumentų dėl civilinės būklės aktų registravimo ir kitų su tuo susijusių paslaugų teikimo skaičiaus, proc | R45: 66 | S45: 55 | T45: 60 | U45: 60 | V45: Savivaldybės administracinių paslaugų, teikiamų elektroniniu būdu ne žemesniu kaip 4 brandos lygiu, dalis nuo visų savivaldybės teikiamų administracinių paslaugų, proc.
D46: SB | E46: 38.07 | F46: =(H46-E46)/E46 -> 0.09929078 | G46: 49.565 | H46: 41.85 | I46: =K46/H46-1 -> 0.20286738 | J46: 49.635 | K46: 50.34 | L46: 50.7 | M46: 52.99
D47: Iš viso: | E47: =SUM(E45:E46) -> 63.37 | F47: =(H47-E47)/E47 -> 0.067539845 | G47: =SUM(G45:G46) -> 74.735 | H47: =SUM(H45:H46) -> 67.65 | I47: =K47/H47-1 -> 0.13288987 | J47: =SUM(J45:J46) -> 49.635 | K47: =SUM(K45:K46) -> 76.64 | L47: =SUM(L45:L46) -> 77 | M47: =SUM(M45:M46) -> 79.29
A48: 01.01.02.03. (TP) | B48: Socialinių išmokų ir kompensacijų administravimas | C48: 188711925 | D48: SB (D) | E48: 4.42 | F48: =(H48-E48)/E48 -> 0.11425339 | G48: 3.98 | H48: 4.925 | I48: =K48/H48-1 -> 0.2706599 | K48: 6.258 | L48: 6.258 | M48: 6.258 | O48: Lietuvos Respublikos vietos savivaldos įstatymo 7 straipsnio 8 punkto įgyvendinimo užtikrinimas | P48: R-01-01-02-03 | Q48: Panaudota dotacijos dalis, nuo visų socialinių išmokų ir kompensacijų administravimui numatytų lėšų, procentai | R48: 100 | S48: 100 | T48: 100 | U48: 100
D49: SB | E49: 188.15 | F49: =(H49-E49)/E49 -> 0.12017008 | G49: 209.415 | H49: 210.76 | I49: =K49/H49-1 -> 0.072309736 | J49: 238.45 | K49: 226 | L49: 227.07 | M49: 237.69
D50: Iš viso: | E50: =SUM(E48:E49) -> 192.57 | F50: =(H50-E50)/E50 -> 0.12003427 | G50: =G48+G49 -> 213.395 | H50: =H48+H49 -> 215.685 | I50: =K50/H50-1 -> 0.076838909 | J50: =J48+J49 -> 238.45 | K50: =K48+K49 -> 232.258 | L50: =L48+L49 -> 233.328 | M50: =M48+M49 -> 243.948
A51: 01.01.02.04. (TP) | B51: Jaunimo teisių apsauga | C51: 188711925 | D51: SB (D) | E51: 17.9 | F51: =(H51-E51)/E51 -> 0.044692737 | G51: 25.466 | H51: 18.7 | I51: =K51/H51-1 -> 0 | J51: 18.7 | K51: 18.7 | L51: 18.7 | M51: 18.7 | N51: 2.6-2-1 | O51: Lietuvos Respublikos vietos savivaldos įstatymo 7 straipsnio 19 punkto įgyvendinimas. | P51: R-01-01-02-04 | Q51: Jaunimo reikalų koordinatoriams savivaldybėse rekomenduotų atlikti užduočių įgyvendinimas (ne mažiau, kaip), procentai | R51: 75 | S51: 85 | T51: 85 | U51: 85 | V51: Jaunimo politikos formavimo, skatinimo ir įgyvendinimo temomis atliktų analizių skaičius, vnt.
D52: Iš viso: | E52: =E51 -> 17.9 | F52: =(H52-E52)/E52 -> 0.044692737 | G52: =G51 -> 25.466 | H52: =H51 -> 18.7 | I52: =K52/H52-1 -> 0 | J52: =J51 -> 18.7 | K52: =K51 -> 18.7 | L52: =L51 -> 18.7 | M52: =M51 -> 18.7 | V52: Dalyvaujama tarptautiniuose ir nacionaliniuose renginiuose su jaunimu ir / ar jaunimo organizacijomis
A53: 01.01.02.05. (TP) | B53: Gyvenamosios vietos deklaravimo duomenų ir gyvenamosios vietos nedeklaravusių asmenų apskaitos duomenų tvarkymas | C53: 188711925 | D53: SB (D) | E53: 2.2 | F53: =(H53-E53)/E53 -> 0 | G53: 2.53 | H53: 2.2 | I53: =K53/H53-1 -> 0 | J53: 2.2 | K53: 2.2 | L53: 2.2 | M53: 2.2 | N53: 2.8.-1-1 | O53: Lietuvos Respublikos vietos savivaldos įstatymo 7 straipsnio 28 punkto nuostatų įgyvendinimas. | P53: R-01-01-02-05 | Q53: Gyvenamosios vietos deklaracijų, asmenų pateiktų elektroniniu būdu, dalies didėjimas per metus, ne mažiau kaip 1,5 proc | R53: 30 | S53: 30 | T53: 30 | U53: 30 | V53: Savivaldybės administracinių paslaugų, teikiamų elektroniniu būdu ne žemesniu kaip 4 brandos lygiu, dalis nuo visų savivaldybės teikiamų administracinių paslaugų, proc.
D54: Iš viso: | E54: =E53 -> 2.2 | F54: =(H54-E54)/E54 -> 0 | G54: =G53 -> 2.53 | H54: =H53 -> 2.2 | I54: =K54/H54-1 -> 0 | J54: =J53 -> 2.2 | K54: =K53 -> 2.2 | L54: =L53 -> 2.2 | M54: =M53 -> 2.2
A55: 01.01.02.06. (TP) | B55: Gyventojų registro tvarkymas ir duomenų teikimas valstybės registrui | C55: 188711925 | D55: SB (D) | E55: 0.4 | F55: =(H55-E55)/E55 -> 0 | G55: 0.4 | H55: 0.4 | I55: =K55/H55-1 -> -0.1 | K55: 0.36 | L55: 0.36 | M55: 0.36 | O55: Lietuvos Respublikos vietos savivaldos įstatymo 7 straipsnio 28 punkto įgyvendinimo užtikrinimas. | P55: R-01-01-02-06 | Q55: Archyvinių civilinės būklės aktų įrašų, gautų iš civilinės metrikacijos įstaigų, duomenų tvarkymas, vnt. | R55: 565 | S55: 627 | T55: 628 | U55: 628
D56: Iš viso: | E56: =E55 -> 0.4 | F56: =(H56-E56)/E56 -> 0 | G56: =G55 -> 0.4 | H56: =H55 -> 0.4 | I56: =K56/H56-1 -> -0.1 | J56: =J55 -> 0 | K56: =K55 -> 0.36 | L56: =L55 -> 0.36 | M56: =M55 -> 0.36
A57: 01.01.02.07. (TP) | B57: Duomenų teikimas Suteiktos valstybės pagalbos ir nereikšmingos pagalbos registrui | C57: 188711925 | D57: SB (D) | E57: 0.1 | F57: =(H57-E57)/E57 -> 0 | G57: 0.1 | H57: 0.1 | I57: =K57/H57-1 -> 0 | K57: 0.1 | L57: 0.1 | M57: 0.1 | O57: Lietuvos Respublikos vietos savivaldos įstatymo 7 straipsnio 2 punkto įgyvendinimo užtikrinimas. | P57: R-01-01-02-07 | Q57: Pateikta duomenų Suteiktos valstybės pagalbos registrui (proc. registre įregistruotos valstybės ir nereikšmingos pagalbos nuo visos suteiktos valstybės ir nereikšmingos pagalbos) | R57: 100 | S57: 100 | T57: 100 | U57: 100
D58: Iš viso: | E58: =E57 -> 0.1 | F58: =(H58-E58)/E58 -> 0 | G58: =G57 -> 0.1 | H58: =H57 -> 0.1 | I58: =K58/H58-1 -> 0 | J58: =J57 -> 0 | K58: =K57 -> 0.1 | L58: =L57 -> 0.1 | M58: =M57 -> 0.1
A59: 01.01.02.08. (TP) | B59: Socialinės paramos mokiniams administravimas | C59: 188711925 | D59: SB (D) | E59: 16.39 | F59: =(H59-E59)/E59 -> 0.076266016 | G59: 16.55 | H59: 17.64 | I59: =K59/H59-1 -> -0.044217687 | K59: 16.86 | L59: 16.86 | M59: 16.86 | O59: Lietuvos Respublikos vietos savivaldos įstatymo 7 straipsnio 7 punkto įgyvendinimo užtikrinimas. | P59: R-01-01-02-08 | Q59: Panaudota dotacijos dalis, nuo visų socialinės paramos mokiniams administravimui numatytų lėšų procentais | R59: 100 | S59: 100 | T59: 100 | U59: 100
D60: SB
D61: Iš viso: | E61: =E59 -> 16.39 | F61: =(H61-E61)/E61 -> 0.076266016 | G61: =G59+G60 -> 16.55 | H61: =H59+H60 -> 17.64 | I61: =K61/H61-1 -> -0.044217687 | J61: =J59+J60 -> 0 | K61: =K59+K60 -> 16.86 | L61: =L59+L60 -> 16.86 | M61: =M59+M60 -> 16.86
A62: 01.01.02.09. (TP) | B62: Asmenų su negalia reikalų koordinavimo funkcijai atlikti | C62: 188711925 | D62: SD | H62: 24.419 | I62: =K62/H62-1 -> 0 | K62: 24.419 | L62: 24.419 | M62: 24.419 | O62: Lietuvos Respublikos valstybės biudžeto dotacijų skyrimo asmenų su negalia reikalų koordinavimo funkcijos atlikimui finansuoti tvarkos aprašo, patvirtinto Lietuvos Respublikos socialinės apsaugos ir darbo ministro 2023 m. gruodžio 18 d. įsakymo Nr. A1-858 „Dėl Lietuvos Respublikos valstybės biudžeto dotacijų skyrimo asmenų su negalia reikalų koordinavimo funkcijos atlikimui finansuoti tvarkos aprašo patvirtinimo", įgyvendinimo užtikrinimas | P62: R-01-01-02-09 | Q62: Panaudota dotacijos dalis, nuo visų asmenų su negalia reikalų koordinavimo funkcijos atlikimui numatytų lėšų procentais | R62: 100 | S62: 100 | T62: 100 | U62: 100
D63: SB
D64: Iš viso: | H64: =H62 -> 24.419 | I64: =K64/H64-1 -> 0 | J64: =J62 -> 0 | K64: =K62 -> 24.419 | L64: =L62 -> 24.419 | M64: =M62 -> 24.419
A65: 01.01.02.10. (TP) | B65: Socialinėms paslaugoms (socialinei globai asmenims su sunkia negalia) administruoti | C65: 188711925 | D65: SB (D) | E65: 13.1 | F65: =(H65-E65)/E65 -> 1.170229 | G65: 20.36 | H65: 28.43 | I65: =K65/H65-1 -> -0.47590573 | K65: 14.9 | L65: 14.9 | M65: 14.9 | O65: Lietuvos Respublikos vietos savivaldos įstatymo 7 straipsnio 29 punkto įgyvendinimo užtikrinimas. | P65: R-01-01-02-10 | Q65: Panaudota dotacijos dalis, nuo visų socialinės paramos administravimui (socialinei globai asmenims su sunkia negalia) numatytų lėšų procentais | R65: 100 | S65: 100 | T65: 100 | U65: 100
D66: Iš viso: | E66: =E65 -> 13.1 | F66: =(H66-E66)/E66 -> 1.170229 | G66: =G65 -> 20.36 | H66: =H65 -> 28.43 | I66: =K66/H66-1 -> -0.47590573 | J66: =J65 -> 0 | K66: =K65 -> 14.9 | L66: =L65 -> 14.9 | M66: =M65 -> 14.9
A67: 01.01.02.11. (TP) | B67: Pirminė teisinė pagalba | C67: 188711925 | D67: SB (D) | E67: 13.6 | F67: =(H67-E67)/E67 -> 0.17647059 | G67: 14.835 | H67: 16 | I67: =K67/H67-1 -> -0.264375 | K67: 11.77 | L67: 11.77 | M67: 11.77 | O67: Lietuvos Respublikos vietos savivaldos įstatymo 7 straipsnio 27 punkto įgyvendinimo užtikrinimas. | P67: R-01-01-02-11 | Q67: Savivaldybės pirminės valstybės garantuojamos teisinės pagalbos specialistų netiksliai (netinkamai) užpildytų prašymų suteikti antrinę valstybės garantuojamą teisinę pagalbą skaičius nuo savivaldybės parengtų prašymų suteikti antrinę valstybės garantuojamą teisinę pagalbą skaičiaus proc | R67: 4,7 | S67: 4,6 | T67: 4,5 | U67: 4,5
D68: SB | E68: 0.68 | F68: =(H68-E68)/E68 -> -0.30882353 | G68: 0.795 | H68: 0.47 | I68: =K68/H68-1 -> 33.851064 | J68: 0.51 | K68: 16.38 | L68: 16.39 | M68: 17.2
D69: Iš viso: | E69: =SUM(E67:E68) -> 14.28 | F69: =(H69-E69)/E69 -> 0.15336134 | G69: =G67+G68 -> 15.63 | H69: =H67+H68 -> 16.47 | I69: =K69/H69-1 -> 0.70916818 | J69: =J67+J68 -> 0.51 | K69: =K67+K68 -> 28.15 | L69: =L67+L68 -> 28.16 | M69: =M67+M68 -> 28.97
A70: 01.01.02.12. (TP) | B70: Būsto nuomos ir išperkamosios būsto nuomos mokesčių dalies kompensacijų administravimas | C70: 188711925 | D70: SB (D) | E70: 0.46 | F70: =(H70-E70)/E70 -> -0.52173913 | G70: 0.46 | H70: 0.22 | I70: =K70/H70-1 -> 1.4090909 | K70: 0.53 | L70: 0.53 | M70: 0.53 | O70: Lietuvos Respublikos vietos savivaldos įstatymo 7 straipsnio 36 punkto įgyvendinimo užtikrinimas. | P70: R-01-01-02-12 | Q70: Panaudota dotacijos dalis, nuo visų būsto nuomos ir išperkamosios būsto nuomos mokesčių dalies kompensacijų administravimui numatytų lėšų procentais | R70: 100 | S70: 100 | T70: 100 | U70: 100
D71: Iš viso: | E71: =E70 -> 0.46 | F71: =(H71-E71)/E71 -> -0.52173913 | G71: =G70 -> 0.46 | H71: =H70 -> 0.22 | I71: =K71/H71-1 -> 1.4090909 | J71: =J70 -> 0 | K71: =K70 -> 0.53 | L71: =L70 -> 0.53 | M71: =M70 -> 0.53
A72: 01.01.02.13. (TP) | B72: Dalyvauti rengiant ir vykdant mobilizaciją, demobilizaciją, priimančiosios šalies paramą | C72: 188711925 | D72: SB (D) | E72: 15.3 | F72: =(H72-E72)/E72 -> -0.52287582 | G72: 16.025 | H72: 7.3 | I72: =K72/H72-1 -> 0 | K72: 7.3 | L72: 7.3 | M72: 7.3 | N72: 2.8.-2-8 | O72: Lietuvos Respublikos vietos savivaldos įstatymo 7 straipsnio 3 punkto įgyvendinimo užtikrinimas. | P72: R-01-01-02-13 | Q72: Įgyvendintų savivaldybėms teisės aktuose nustatytų priemonių, vykdant savivaldybėms perduotą valstybinę funkciją ,,Dalyvavimas rengiant ir vykdant mobilizaciją, demobilizaciją, priimančiosios šalies paramą“, procentas, palyginti su visu teisės aktuose nustatytų priemonių skaičiumi | R72: 100 | S72: 100 | T72: 100 | U72: 100 | V72: Įgyvendintų priemonių skaičius
D73: Iš viso: | E73: =E72 -> 15.3 | F73: =(H73-E73)/E73 -> -0.52287582 | G73: =G72 -> 16.025 | H73: =H72 -> 7.3 | I73: =K73/H73-1 -> 0 | J73: =J72 -> 0 | K73: =K72 -> 7.3 | L73: =L72 -> 7.3 | M73: =M72 -> 7.3
A74: 01.01.02.14. (TP) | B74: Civilinės saugos administravimas (pakoreguotas priemonės pavadinimas) | C74: 188711925 | D74: SB (D) | E74: 48.8 | F74: =(H74-E74)/E74 -> -0.19057377 | G74: 38.07 | H74: 39.5 | I74: =K74/H74-1 -> 0.063291139 | J74: 42 | K74: 42 | L74: 42 | M74: 42 | O74: Lietuvos Respublikos vietos savivaldos įstatymo 7 straipsnio 14 punkto įgyvendinimas. | P74: P-01-01-02-14 | Q74: Savivaldybės pasirengimo reaguoti į ekstremalias situacijas lygis, ne žemesnis kaip, proc. | R74: 86 | S74: 87 | T74: 87 | U74: 87
E75: 12 | F75: =(H75-E75)/E75 -> -1 | I75: =K75/H75-1 -> #DIV/0!
D76: Iš viso: | E76: =E74 -> 48.8 | F76: =(H76-E76)/E76 -> -0.19057377 | G76: =G74+G75 -> 38.07 | H76: =H74+H75 -> 39.5 | I76: =K76/H76-1 -> 0.063291139 | J76: =J74+J75 -> 42 | K76: =K74+K75 -> 42 | L76: =L74+L75 -> 42 | M76: =M74+M75 -> 42
A77: 01.01.02.15. (TP) | B77: Visagino savivaldybės užimtumo didinimo programos administravimas | C77: 188711925 | D77: SB (D) | E77: 3.25 | F77: =(H77-E77)/E77 -> 0.058461538 | G77: 4.08 | H77: 3.44 | I77: =K77/H77-1 -> 0.043604651 | J77: 4.813 | K77: 3.59 | L77: 3.59 | M77: 3.59 | N77: 2.8.-1-1 | O77: Lietuvos Respublikos vietos savivaldos įstatymo 7 straipsnio 16 punkto įgyvendinimo užtikrinimas. | P77: R-01-01-02-15 | Q77: Panaudota dotacijos dalis, nuo visų Visagino savivaldybės užimtumo didinimo programos administravimui numatytų lėšų, procentai | R77: 100 | S77: 100 | T77: 100 | U77: 100 | V77: Savivaldybės administracinių paslaugų, teikiamų elektroniniu būdu ne žemesniu kaip 4 brandos lygiu, dalis nuo visų savivaldybės teikiamų administracinių paslaugų, proc.
D78: SB
D79: Iš viso: | E79: =SUM(E77:E78) -> 3.25 | F79: =(H79-E79)/E79 -> 0.058461538 | G79: =SUM(G77:G78) -> 4.08 | H79: =SUM(H77:H78) -> 3.44 | I79: =K79/H79-1 -> 0.043604651 | J79: =SUM(J77:J78) -> 4.813 | K79: =SUM(K77:K78) -> 3.59 | L79: =SUM(L77:L78) -> 3.59 | M79: =SUM(M77:M78) -> 3.59
A80: 01.01.02.16. (TP) | B80: Žemės ūkio funkcijų vykdymas | C80: 188711925 | D80: SB (D) | E80: 11.2 | F80: =(H80-E80)/E80 -> -0.38392857 | G80: 7.67 | H80: 6.9 | I80: =K80/H80-1 -> 0.24637681 | K80: 8.6 | L80: 8.6 | M80: 8.6 | O80: Lietuvos Respublikos vietos savivaldos įstatymo 7 straipsnio 20, 21, 22 punktų įgyvendinimo užtikrinimas. | P80: R-01-01-02-16 | Q80: Užtikrinti Vietos savivaldos įstatyme numatytų valstybės deleguotų žemės ūkio funkcijų vykdymą, proc. | R80: 100 | S80: 100 | T80: 100 | U80: 100
D81: Iš viso: | E81: =E80 -> 11.2 | F81: =(H81-E81)/E81 -> -0.38392857 | G81: =G80 -> 7.67 | H81: =H80 -> 6.9 | I81: =K81/H81-1 -> 0.24637681 | J81: =J80 -> 0 | K81: =K80 -> 8.6 | L81: =L80 -> 8.6 | M81: =M80 -> 8.6
A82: 01.01.02.17. (TP) | B82: Archyvinių dokumentų tvarkymas | C82: 188711925 | D82: SB (D) | E82: 10 | F82: =(H82-E82)/E82 -> 0 | G82: 9.805 | H82: 10 | I82: =K82/H82-1 -> 0 | K82: 10 | L82: 10 | M82: 10 | O82: Lietuvos Respublikos vietos savivaldos įstatymo 7 straipsnio 13 punkto įgyvendinimo užtikrinimas. | P82: R-01-01-02-17 | Q82: Panaudota dotacijos dalis nuo visų savivaldybei priskirtų archyvinių dokumentų tvarkymo funkcijai atlikti skirtų asignavimų dalies (procentai) | R82: 100 | S82: 100 | T82: 100 | U82: 100
D83: SB | E83: 0 | G83: 1.28 | H83: 0.8 | I83: =K83/H83-1 -> 16.2125 | J83: 0.91 | K83: 13.77 | L83: 13.77 | M83: 14.46
D84: Iš viso: | E84: =SUM(E82:E83) -> 10 | F84: =(H84-E84)/E84 -> 0.08 | G84: =SUM(G82:G83) -> 11.085 | H84: =SUM(H82:H83) -> 10.8 | I84: =K84/H84-1 -> 1.2009259 | J84: =SUM(J82:J83) -> 0.91 | K84: =SUM(K82:K83) -> 23.77 | L84: =SUM(L82:L83) -> 23.77 | M84: =SUM(M82:M83) -> 24.46
A85: 01.01.02.18. (TP) | B85: Koordinuotai teikiamų paslaugų vaikams nuo gimimo iki 18 metų (turintiems didelių ir labai didelių specialiųjų ugdymosi poreikių – iki 21 metų) ir vaiko atstovams koordinavimas | C85: 188711925 | D85: SB (D) | E85: 27.26 | F85: =(H85-E85)/E85 -> 0.10396185 | G85: 27.755 | H85: =30.09+0.004 -> 30.094 | I85: =K85/H85-1 -> 0.14019406 | K85: 34.313 | L85: 34.313 | M85: 34.313 | O85: Lietuvos Respublikos vietos savivaldos įstatymo 7 straipsnio 35 punkto įgyvendinimas. | P85: R-01-01-02-18 | Q85: Finansuotų tarpinstitucinio bendradarbiavimo koordinatorių pareigybių skaičius savivaldybėse (vienetai) | R85: 1 | S85: 1 | T85: 1 | U85: 1
D86: Iš viso: | E86: =E85 -> 27.26 | F86: =(H86-E86)/E86 -> 0.10396185 | G86: =G85 -> 27.755 | H86: =H85 -> 30.094 | I86: =K86/H86-1 -> 0.14019406 | J86: =J85 -> 0 | K86: =K85 -> 34.313 | L86: =L85 -> 34.313 | M86: =M85 -> 34.313
A87: 01.01.02.19. (TP) | B87: Savivaldybei priskirtos valstybinės žemės ir kito valstybės turto valdymas, naudojimas ir disponavimas juo patikėjimo teise (pavadinimas pakoreguotas) | C87: 188711925 | D87: SB (D) | E87: 1.45 | F87: =(H87-E87)/E87 -> 14.136552 | G87: 1.45 | H87: 21.948 | I87: =K87/H87-1 -> 0 | K87: 21.948 | L87: 21.948 | M87: 21.948 | O87: Lietuvos Respublikos vietos savivaldos įstatymo 7 straipsnio 9 punkto įgyvendinimo užtikrinimas. | P87: R-01-01-02-19 | Q87: Nepertraukiamas valstybinės funkcijos (valstybės perduotos savivaldybėms), susijusios su savivaldybėms priskirtos valstybinės žemės ir kito valstybės turto valdymu, naudojimu ir disponavimu juo patikėjimo teise, įgyvendinimas savivaldybių teritorijoje esančių miestų ir miestelių teritorijų ribose valstybinėje žemėje, proc. | R87: 100 | S87: 100 | T87: 100 | U87: 100
D88: Iš viso: | E88: =E87 -> 1.45 | F88: =(H88-E88)/E88 -> 14.136552 | G88: =G87 -> 1.45 | H88: =H87 -> 21.948 | I88: =K88/H88-1 -> 0 | J88: =J87 -> 0 | K88: =K87 -> 21.948 | L88: =L87 -> 21.948 | M88: =M87 -> 21.948
A89: 01.01.02.20. (TP) | B89: Savivaldybės erdvinių duomenų rinkinio tvarkymo funkcijos atlikimas | C89: 188711925 | D89: SB (D) | E89: 1.4 | F89: =(H89-E89)/E89 -> 0.22 | G89: 1 | H89: 1.708 | I89: =K89/H89-1 -> 0.028103044 | K89: 1.756 | L89: 1.756 | M89: 1.756 | O89: Lietuvos Respublikos vietos savivaldos įstatymo 7 straipsnio 34 punkto įgyvendinimo užtikrinimas. | P89: R-01-01-02-20 | Q89: Suderintų į savivaldybės erdvinių duomenų rinkinį integruotų planų skaičius, vnt. | R89: Perduota Aplinkos ministerijai | S89: Perduota Aplinkos ministerijai | T89: Perduota Aplinkos ministerijai | U89: Perduota Aplinkos ministerijai
D90: SB | E90: 8 | F90: =(H90-E90)/E90 -> -1 | G90: 2 | J90: 1 | K90: 0 | L90: 0 | M90: 0
D91: Iš viso: | E91: =SUM(E89:E90) -> 9.4 | F91: =(H91-E91)/E91 -> -0.81829787 | G91: =SUM(G89:G90) -> 3 | H91: =SUM(H89:H90) -> 1.708 | I91: =K91/H91-1 -> 0.028103044 | J91: =SUM(J89:J90) -> 1 | K91: =SUM(K89:K90) -> 1.756 | L91: =SUM(L89:L90) -> 1.756 | M91: =SUM(M89:M90) -> 1.756
A92: 01.01.02.21. (TP) | B92: Laikino atokvėpio paslaugos administravimas (nauja priemonė) | C92: 188711925 | D92: SD | K92: 0.4 | L92: 0.4 | M92: 0.4 | O92: Teikiama pagalba suteikiant galimybę pailsėti asmeniui (šeimai), prižiūrinčiam (-iai) asmenį, kuriam nustatytas individualios pagalbos teikimo išlaidų kompensacijos poreikis (iki 2023 m. gruodžio 31 d. – specialusis nuolatinės slaugos ar priežiūros (pagalbos) poreikis) | P92: R-01-01-02-09 | Q92: Panaudota dotacijos dalis, nuo visų laikino atokvėpio atlikimui numatytų lėšų procentais | R92: 100 | S92: 100 | T92: 100 | U92: 100
D93: SB
D94: Iš viso: | H94: =H92 -> 0 | I94: =K94/H94-1 -> #DIV/0! | J94: =J92 -> 0 | K94: =K92 -> 0.4 | L94: =L92 -> 0.4 | M94: =M92 -> 0.4
A95: 01.01.03 (T) | B95: Užtikrinti efektyvų savivaldybei nuosavybės teise priklausančio nekilnojamojo turto naudojimą, įmonių bei įstaigų valdymą | E95: =SUM(E98,E106,E114,E116) -> 124.15 | F95: =(H95-E95)/E95 -> 0.030205397 | G95: =SUM(G98,G106,G114,G116) -> 135.2 | H95: =SUM(H98,H106,H114,H116) -> 127.9 | I95: =K95/H95-1 -> 0.49726349 | J95: =SUM(J98,J106,J114,J116) -> 380 | K95: =SUM(K98,K106,K114,K116) -> 191.5 | L95: =SUM(L98,L106,L114,L116) -> 193.5 | M95: =SUM(M98,M106,M114,M116) -> 200.7 | N95: 3.3.-2 | P95: E-01-01-03 | Q95: Savivaldybės įstaigų ir įmonių, įdiegusių atsinaujinančių ir alternatyvių energijos išteklių priemones savo pastatuose, dalis (proc.) | R95: =2/(18+10+3) -> 0.064516129 | S95: =2/(18+10+3) -> 0.064516129 | T95: =3/(18+10+3) -> 0.096774194 | U95: =3/(18+10+3) -> 0.096774194 | V95: Savivaldybės įstaigų ir įmonių, įdiegusių atsinaujinančių ir alternatyvių energijos išteklių priemones savo pastatuose, dalis (proc.)
A96: 01.01.03.01. (TP) | B96: Savivaldybės nekilnojamojo turto išlaikymas ir administravimas | C96: 188711925 | D96: SB | E96: 90.95 | F96: =(H96-E96)/E96 -> 0.18416712 | G96: 100 | H96: 107.7 | I96: =K96/H96-1 -> 0.54410399 | J96: =SUM(J99,J100,J101,J102,J103,J107,J108,J109,J110,J111,J112) -> 344.8 | K96: =SUM(K99,K100,K101,K102,K103,K107,K108,K109,K110,K111,K112) -> 166.3 | L96: =SUM(L99,L100,L101,L102,L103,L107,L108,L109,L110,L111,L112) -> 168.3 | M96: =SUM(M99,M100,M101,M102,M103,M107,M108,M109,M110,M111,M112) -> 170.5 | N96: 3.3.-2-4 | O96: Įgyvendinant šią priemonę planuojama tinkamai valdyti ir administruoti savivaldybės turtą, išlaikyti savivaldybės pastatus, gyvenamąsias ir negyvenamąsias patalpas. Taip pat įgyvendinant šią priemonę bus vykdoma savivaldybės administracijos patikėjimo teise valdomų statinių ir bendrojo naudojimo inžinerinių tinklų techninė priežiūra pagal statybos techninio reglamento STR 1.03.07:2017 „Statinių techninės ir naudojimo priežiūros tvarka. Naujų nekilnojamojo turto kadastro objektų formavimo tvarka“ reikalavimus bei užtikrinta Visagino savivaldybės administracijos valdomų pastatų šilumos sistemų ir šilumos punktų priežiūra bei remontas pagal Šilumos tinklų ir šilumos vartojimo įrenginių priežiūros (eksploatavimo) taisyklių reikalavimus. | P96: R-01-01-03-01 | Q96: Tinkamai administruojamas savivaldybės turtas | R96: 0,2 | S96: taip | T96: taip | U96: taip | V96: Savivaldybės įstaigų ir įmonių pastatų, kuriuose įrengtos alternatyvios energijos gamybos priemonės, skaičius (vnt.) | W96: UAB Visagino mechanizacija auditas 600 Eur
D97: SB(ĮP)
D98: Iš viso: | E98: =E96 -> 90.95 | F98: =(H98-E98)/E98 -> 0.18416712 | G98: =G96+G97 -> 100 | H98: =H96+H97 -> 107.7 | I98: =K98/H98-1 -> 0.54410399 | J98: =J96+J97 -> 344.8 | K98: =K96+K97 -> 166.3 | L98: =L96+L97 -> 168.3 | M98: =M96+M97 -> 170.5
A99: J. Kriaučiūnaitė | B99: Visagino mechanizacija audito paslaugoms apmokėti | H99: 0.6
B100: Apleistų pastatų komunalinių paslaugų apmokėjimui (Draugystės g. 10, Vilties g. 3, Taikos pr. 23) | D100: SB | H100: 28.1 | J100: 115 | K100: 0 | L100: 0 | M100: 0
B101: Apleistų buvusių gimdymo namų komunalinių paslaugų apmokėjimas (Taikos pr. 15 D) | H101: 57.58
A102: A. Andrijanov | B102: 2023-11-10 Pastatų šilumos punktų priežiūros paslaugų pirkimo-pardavimo sutartis Nr. 5-501 | D102: SB | H102: 18.12 | J102: 20 | K102: 20 | L102: 22 | M102: 24.2
...

Sheet 2 programa 
A1: Švietimo paslaugų plėtros programa (02)
A2: Švietimas – prioritetinė valstybės remiama Lietuvos Respublikos raidos sritis. Švietimas turi įtakos Visagino kultūrinei, socialinei ir ekonominei pažangai. Šia programa siekiama laiduoti valstybės ir Visagino savivaldybės švietimo politikos įgyvendinimą, ugdymo kokybę, išsilavinimo standartus atitinkantį išsilavinimą, vaikų socialinį ir psichologinį saugumą, skatinti ir remti besimokančiųjų užimtumą; įgyvendinti priemones, numatytas Visagino savivaldybės strateginiame plėtros plane, Lietuvos Respublikos Vyriausybės bei ministerijų teisės aktuose.
A4: =A15 -> 02.01.01. (T) | B4: =B15 -> Sudaryti sąlygas ugdyti vaikus ikimokyklinio, bendrojo ugdymo ir neformalaus švietimo įstaigose pagal patvirtintas ugdymo programas, teikti pedagoginę, psichologinę, metodinę, aprūpinimo transportu ir kitą pagalbą mokiniams, mokytojams ir mokykloms
A5: =A161 -> 02.01.02. (T) | B5: =B161 -> Įgyvendinti priemones turinčias įtakos, ugdymo proceso kokybei, skirtas tęstiniam mokymuisi
A6: =A245 -> 02.01.03. (P) | B6: =B245 -> Sukurti įtraukias, tinklaveiką ir socialines inovacijas skatinančias, kiekvieno mokinio geresnius pasiekimus lemiančias ir šiuolaikiškas kokybiško ugdymo(si) sąlygas
A7: =A331 -> 02.02.01. (T) | B7: =B331 -> Didinti vaikų ir jaunimo socioedukacinių veiklų, socialiai prasmingo užimtumo, profesinio mokymo, saviraiškos bei švietimo pagalbos įvairovę ir prieinamumą
A9: Programos įgyvendinimo laikotarpis 2025-2027 m.
A10: Programos įgyvendinimo koordinatorė Monika Gutė, monika.gute@visaginas.lt, tel. (0 386) 36 016
A12: 5 lentelė.Švietimo paslaugų plėtros programos (02) uždaviniai, priemonės, asignavimai ir kitos lėšos (tūkst.eurų) ir jų stebėsenos rodikliai
A13: Programos uždavinio, priemonės kodas ir požymis | B13: Uždavinio, priemonės pavadinimas, finansavimo šaltiniai | C13: Asignavimų valdytojo kodas | D13: Finansavimo šaltinis | E13: 2023 m. asignavimų planas | F13: Asignavimų pasikeitimas | G13: 2024 m. asignavimų poreikis | H13: 2024 m. asignavimai ir kitos lėšos, tūkst. Eur | I13: Pokytis proc. | J13: 2025 m. asignavimų ir kitų lėšų poreikis , tūkst. Eur | K13: 2025 m. asignavimai ir kitos lėšos, tūkst. Eur | L13: 2026 m.asignavimai ir kitos lėšos, tūkst. Eur | M13: 2027 m.asignavimai ir kitos lėšos, tūkst. Eur | N13: Savivaldybės strateginio plėtros plano priemonės kodas | O13: Trumpas priemonės įgyvendinimo aprašymas | Q13: Stebėsenos rodiklio kodas | R13: Stebėsenos rodiklio pavadinimas (matavimo vnt.) | S13: Siektinos stebėsenos rodiklių reikšmės | W13: Savivaldybės strateginio plėtros plano rodiklis
S14: 2024 | T14: 2025 | U14: 2026 | V14: 2027
A15: 02.01.01. (T) | B15: Sudaryti sąlygas ugdyti vaikus ikimokyklinio, bendrojo ugdymo ir neformalaus švietimo įstaigose pagal patvirtintas ugdymo programas, teikti pedagoginę, psichologinę, metodinę, aprūpinimo transportu ir kitą pagalbą mokiniams, mokytojams ir mokykloms | E15: =SUM(E21,E84) -> 14896.322 | F15: =(H15-E15)/E15 -> 0.029956589 | G15: =SUM(G21,G84) -> 14280.704 | H15: =SUM(H21,H84) -> 15342.565 | K15: =SUM(K21,K84) -> 18501.634 | L15: =SUM(L21,L84) -> 19354.747 | M15: =SUM(M21,M84) -> 20358.336 | N15: 2.1.-1 | Q15: E-02-01-01 | R15: Visagino savivaldybės švietimo stebėsenos rodiklių sąraše, patvirtintame 2022-03-14 Visagino savivaldybės administracijos direktoriaus įsakymu Nr. ĮV-E- 123 "Dėl Visagino savivaldybės švietimo stebėsenos rodiklių sąrašo patvirtinimo" įgyvendintų rodiklių skaičius | S15: 34 | T15: 34 | U15: 34 | V15: 34 | W15: Parengtų planų skaičius (vnt.) Įgyvendintų priemonių skaičius proc., nuo visų suplanuotų įgyvendinti
A16: 02.01.01.01. (TP) | B16: Švietimo įstaigų veiklos organizavimas | C16: Įstaigos | D16: SB | E16: =SUM(E22,E26,E31,E36,E41,E46,E51,E55,E60,E66,E71,E75) -> 5936.51 | F16: =H16/E16-1 -> -0.13804575 | G16: =SUM(G22,G26,G31,G36,G41,G46,G51,G55,G60,G66,G71,G75) -> 4657.003 | H16: =SUM(H22,H26,H31,H36,H41,H46,H51,H55,H60,H66,H71,H75) -> 5117 | I16: =K16/H16-1 -> 0.29691616 | J16: =SUM(J22,J26,J31,J36,J41,J46,J51,J55,J60,J66,J71,J75) -> 5557.47 | K16: =SUM(K22,K26,K31,K36,K41,K46,K51,K55,K60,K66,K71,K75) -> 6636.32 | L16: =SUM(L22,L26,L31,L36,L41,L46,L51,L55,L60,L66,L71,L75) -> 6659.42 | M16: =SUM(M22,M26,M31,M36,M41,M46,M51,M55,M60,M66,M71,M75) -> 6973.699 | N16: 2.1.-5-3 | O16: Lopšelio-darželio „Auksinis gaidelis“, vaikų lopšelių-darželių „Auksinis raktelis“, „Ąžuoliukas“, „Gintarėlis“, „Kūlverstukas“, „Verdenės“ gimnazijos, „Žiburio“ pagrindinės mokyklos, „Atgimimo“ gimnazijos, Draugystės ir „Gerosios vilties“ progimnazijų, Visagino kūrybos ir menų akademijos, Švietimo pagalbos tarnybos veiklos organizavimas ir paslaugų užtikrinimas. Priemonės įgyvendinimui stebėti stebėsenos rodikliai patvirtinti Visagino savivaldybės švietimo stebėsenos rodiklių sąraše, patvirtintame 2022-03-14 Visagino savivaldybės administracijos direktoriaus įsakymu Nr. ĮV-E- 123 „Dėl Visagino savivaldybės švietimo stebėsenos rodiklių sąrašo patvirtinimo" . | Q16: R-02-01-01-01 | R16: Įstaigų, kurioms užtikrinamas veiklos finansavimas, skaičius | S16: 12 | T16: 12 | U16: 12 | V16: 12
D17: SB (ĮP) | E17: =SUM(E23,E27,E32,E37,E42,E47,E52,E56,E61,E67,E72,E76) -> 774.452 | F17: =H17/E17-1 -> 0.046933832 | G17: =SUM(G23,G27,G32,G37,G42,G47,G52,G56,G61,G67,G72,G76) -> 804.845 | H17: =SUM(H23,H27,H32,H37,H42,H47,H52,H56,H61,H67,H72,H76) -> 810.8 | I17: =K17/H17-1 -> -0.13579181 | J17: =SUM(J23,J27,J32,J37,J42,J47,J52,J56,J61,J67,J72,J76) -> 755.05 | K17: =SUM(K23,K27,K32,K37,K42,K47,K52,K56,K61,K67,K72,K76) -> 700.7 | L17: =SUM(L23,L27,L32,L37,L42,L47,L52,L56,L61,L67,L72,L76) -> 740.4 | M17: =SUM(M23,M27,M32,M37,M42,M47,M52,M56,M61,M67,M72,M76) -> 780.6
D18: ĮP (L) | H18: =SUM(H28,H38,H48,H57,H62,H68,) -> 13.554 | I18: =K18/H18-1 -> 1.1464512 | J18: =SUM(J28,J38,J48,J57,J62,J68,) -> 0 | K18: =SUM(K28,K38,K48,K57,K62,K68,K33,K43,) -> 29.093 | L18: =SUM(L28,L38,L48,L57,L62,L68,L33,L43,) -> 0 | M18: =SUM(M28,M38,M48,M57,M62,M68,M33,M43,) -> 0
D19: SD | E19: =SUM(E24,E29,E34,E39,E44,E49,E53,E58,E63,E69,E73,E77) -> 35 | F19: =H19/E19-1 -> -1 | G19: =SUM(G24,G29,G34,G39,G44,G49,G53,G58,G63,G69,G73,G77) -> 36.333 | H19: 0
D20: KT | G20: =G77 -> 0.333 | H20: =H77 -> 0.333 | I20: =K20/H20-1 -> 10.984985 | J20: =SUM(J24,J29,J34,J39,J44,J49,J53,J58,J64,J69,J73,J77,) -> 3.991 | K20: =SUM(K24,K29,K34,K39,K44,K49,K53,K58,K64,K69,K73,K77,) -> 3.991 | L20: =SUM(L24,L29,L34,L39,L44,L49,L53,L58,L64,L69,L73,L77,) -> 4.07 | M20: =SUM(M24,M29,M34,M39,M44,M49,M53,M58,M64,M69,M73,M77,) -> 4.07
D21: Iš viso | E21: =SUM(E16:E20) -> 6745.962 | F21: =H21/E21-1 -> -0.11922317 | G21: =SUM(G16:G20) -> 5498.514 | H21: =SUM(H16:H20) -> 5941.687 | I21: =K21/H21-1 -> 0.24040597 | J21: =SUM(J16:J20) -> 6316.511 | K21: =SUM(K16:K20) -> 7370.104 | L21: =SUM(L16:L20) -> 7403.89 | M21: =SUM(M16:M20) -> 7758.369
B22: Vaikų lopšelio-darželio „Auksinis gaidelis“ | C22: 190230641 | D22: SB | E22: 482.56 | G22: 401.175 | H22: =506.28-0.08 -> 506.2 | J22: 578.95 | K22: 513.93 | L22: 515.71 | M22: 540.08
D23: SB (ĮP) | E23: =92.3+0.865 -> 93.165 | G23: 81.6 | H23: 98.4 | J23: 85.2 | K23: 81.9 | L23: 91.8 | M23: 99
D24: KT | J24: 0.621 | K24: 0.621 | L24: 0.7 | M24: 0.7
D25: Iš viso | E25: =SUM(E22:E24) -> 575.725 | G25: =SUM(G22:G24) -> 482.775 | H25: =SUM(H22:H24) -> 604.6 | J25: =SUM(J22:J24) -> 664.771 | K25: =SUM(K22:K24) -> 596.451 | L25: =SUM(L22:L24) -> 608.21 | M25: =SUM(M22:M24) -> 639.78
B26: Vaikų lopšelio-darželio „Auksinis raktelis“ | C26: 190230443 | D26: SB | E26: 508.43 | G26: 412.685 | H26: =576.08-0.1 -> 575.98 | J26: 661.116 | K26: 635.17 | L26: 636.99 | M26: 667.49
D27: SB (ĮP) | E27: =122.2+7.272 -> 129.472 | G27: 133 | H27: =125.9 -> 125.9 | J27: 148 | K27: 148 | L27: 159.8 | M27: 172.4
D28: L (ĮP) | H28: 9.647 | K28: 11.135
D29: KT
D30: Iš viso | E30: =SUM(E26:E29) -> 637.902 | G30: =SUM(G26:G29) -> 545.685 | H30: =SUM(H26:H29) -> 711.527 | J30: =SUM(J26:J29) -> 809.116 | K30: =SUM(K26:K29) -> 794.305 | L30: =SUM(L26:L29) -> 796.79 | M30: =SUM(M26:M29) -> 839.89
B31: Vaikų lopšelio-darželio „Ąžuoliukas“ | C31: 190231730 | D31: SB | E31: 447.77 | G31: 349.54 | H31: 487.73 | J31: 503.17 | K31: 544.25 | L31: 545.95 | M31: 571.88
D32: SB (ĮP) | E32: =96.7+2.28 -> 98.98 | G32: 102.69 | H32: 104 | J32: 100.1 | K32: 100.1 | L32: 108.6 | M32: 117.2
D33: ĮP (L) | K33: 9.045
D34: KT
D35: Iš viso | E35: =SUM(E31:E34) -> 546.75 | G35: =SUM(G31:G34) -> 452.23 | H35: =SUM(H31:H34) -> 591.73 | I35: =SUM(I31:I34) -> 0 | J35: =SUM(J31:J34) -> 603.27 | K35: =SUM(K31:K34) -> 653.395 | L35: =SUM(L31:L34) -> 654.55 | M35: =SUM(M31:M34) -> 689.08
B36: Vaikų lopšelio-darželio „Gintarėlis“ | C36: 190231011 | D36: SB | E36: 447.55 | G36: 337.88 | H36: =469.53-1 -> 468.53 | J36: 489.542 | K36: 487.26 | L36: 488.85 | M36: 512
D37: SB (ĮP) | E37: 87.33 | G37: 94.49 | H37: =94.3 -> 94.3 | J37: 78.9 | K37: 78.9 | L37: 80.9 | M37: 82.9
D38: L | H38: 2.476 | K38: 1.41
D39: KT
D40: Iš viso | E40: =SUM(E36:E39) -> 534.88 | G40: =SUM(G36:G39) -> 432.37 | H40: =SUM(H36:H39) -> 565.306 | I40: =SUM(I36:I39) -> 0 | J40: =SUM(J36:J39) -> 568.442 | K40: =SUM(K36:K39) -> 567.57 | L40: =SUM(L36:L39) -> 569.75 | M40: =SUM(M36:M39) -> 594.9
B41: Vaikų lopšelio-darželio „Kūlverstukas“ | C41: 190230258 | D41: SB | E41: 323.6 | G41: 268.33 | H41: =351.52-0.2 -> 351.32 | J41: 413.28 | K41: 360.58 | L41: 362.14 | M41: 379.05
D42: SB (ĮP) | E42: =45.5+0.153 -> 45.653 | G42: 46.5 | H42: 41.7 | J42: 29.9 | K42: 29.9 | L42: 25.5 | M42: 22.1
D43: ĮP (L) | K43: 0.678
D44: KT
D45: Iš viso | E45: =SUM(E41:E44) -> 369.253 | G45: =SUM(G41:G44) -> 314.83 | H45: =SUM(H41:H44) -> 393.02 | K45: =SUM(K41:K44) -> 391.158 | L45: =SUM(L41:L44) -> 387.64
B46: "Atgimimo" gimnazijos | C46: 190243280 | D46: SB | E46: 353.8 | G46: 378.33 | H46: =380.02-0.1 -> 379.92 | J46: 400.279 | K46: 413.51 | L46: 415.52 | M46: 434.69
D47: SB (ĮP) | E47: 33.7 | G47: 40.59 | H47: =37.6 -> 37.6 | J47: 39.1 | K47: 39 | L47: 41 | M47: 43
D48: L | H48: 0.585 | K48: 0.962
D49: KT | J49: 0.87 | K49: 0.87 | L49: 0.87 | M49: 0.87
D50: Iš viso | E50: =SUM(E46:E49) -> 387.5 | G50: =SUM(G46:G49) -> 418.92 | H50: =SUM(H46:H49) -> 418.105 | J50: =SUM(J46:J49) -> 440.249 | K50: =SUM(K46:K49) -> 454.342 | L50: =SUM(L46:L49) -> 457.39 | M50: =SUM(M46:M49) -> 478.56
B51: Draugystės progimnazijos | C51: 300135691 | D51: SB | E51: 410 | G51: 433.351 | H51: =448.25-0.76 -> 447.49 | J51: 470.874 | K51: 481.03 | L51: 483.51 | M51: 505.6
D52: SB (ĮP) | E52: =38.5+0.829 -> 39.329 | G52: 59.03 | H52: 40.5 | J52: 40.5 | K52: 40.5 | L52: 42.1 | M52: 43.9
D53: KT
D54: Iš viso | E54: =SUM(E51:E53) -> 449.329 | G54: =SUM(G51:G53) -> 492.381 | H54: =SUM(H51:H53) -> 487.99 | I54: =SUM(I51:I53) -> 0 | J54: =SUM(J51:J53) -> 511.374 | K54: =SUM(K51:K53) -> 521.53 | L54: =SUM(L51:L53) -> 525.61 | M54: =SUM(M51:M53) -> 549.5
B55: "Gerosios vilties" progimnazijos | C55: 190243095 | D55: SB | E55: 482.66 | G55: 516.5 | H55: =518.62-0.22 -> 518.4 | J55: 560.981 | K55: 563.43 | L55: 566.97 | M55: 592.44
D56: SB (ĮP) | E56: =40.7+1.42 -> 42.12 | G56: 45.7 | H56: =51 -> 51 | J56: 50.7 | K56: 50.7 | L56: 52.4 | M56: 55
D57: L | H57: 0.679 | K57: 2.466
D58: KT | J58: 2 | K58: 2 | L58: 2 | M58: 2
D59: Iš viso | E59: =SUM(E55:E58) -> 524.78 | G59: =SUM(G55:G58) -> 562.2 | H59: =SUM(H55:H58) -> 570.079 | J59: =SUM(J55:J58) -> 613.681 | K59: =SUM(K55:K58) -> 618.596 | L59: =SUM(L55:L58) -> 621.37 | M59: =SUM(M55:M58) -> 649.44
B60: "Verdenės" gimnazijos | C60: 190243519 | D60: SB | E60: 424.35 | G60: 467.528 | H60: =459.67-0.9 -> 458.77 | J60: 506.403 | K60: 489.6 | L60: 492.34 | M60: 514.54
D61: SB (ĮP) | E61: 71.103 | G61: 77.5 | H61: =76.5 -> 76.5 | J61: 73 | K61: 73 | L61: 76.6 | M61: 80
D62: L | H62: 0.159 | K62: 3.189
D63: SD | E63: 35 | G63: 36 | H63: 0 | J63: 39
D64: KT
D65: Iš viso | E65: =SUM(E60:E64) -> 530.453 | G65: =SUM(G60:G64) -> 581.028 | H65: =SUM(H60:H64) -> 535.429 | I65: =SUM(I60:I64) -> 0 | J65: =SUM(J60:J64) -> 618.403 | K65: =SUM(K60:K64) -> 565.789 | L65: =SUM(L60:L64) -> 568.94 | M65: =SUM(M60:M64) -> 594.54
B66: "Žiburio" pagrindinės mokyklos | C66: 193170510 | D66: SB | E66: 312.13 | G66: 371.73 | H66: 342.37 | J66: 342.55 | K66: 376.66 | L66: 378.55 | M66: 395.829
D67: SB (ĮP) | E67: 31 | G67: 30 | H67: =30.1 -> 30.1 | J67: 31.1 | K67: 31.1 | L67: 32.6 | M67: 34.3
D68: L | H68: 0.008 | K68: 0.208
D69: KT
D70: Iš viso | E70: =SUM(E66:E69) -> 343.13 | G70: =SUM(G66:G69) -> 401.73 | H70: =SUM(H66:H69) -> 372.478 | J70: =SUM(J66:J69) -> 373.65 | K70: =SUM(K66:K69) -> 407.968 | L70: =SUM(L66:L69) -> 411.15 | M70: =SUM(M66:M69) -> 430.129
B71: Visagino kūrybos ir menų akademijos | C71: 305632124 | D71: SB | E71: 1644.63 | G71: 596.9 | H71: =464.86-0.77 -> 464.09 | J71: 505.695 | K71: 1616.7 | L71: 1618.6 | M71: 1698.23
D72: SB (ĮP) | E72: 92.5 | G72: 77.645 | H72: 87.7 | J72: 50.95
D73: KT
D74: Iš viso | E74: =SUM(E71:E73) -> 1737.13 | G74: =SUM(G71:G73) -> 674.545 | H74: =SUM(H71:H73) -> 551.79 | J74: =SUM(J71:J73) -> 556.645 | K74: =SUM(K71:K73) -> 1616.7 | L74: =SUM(L71:L73) -> 1618.6 | M74: =SUM(M71:M73) -> 1698.23
B75: Švietimo pagalbos tarnybos | C75: 300665693 | D75: SB | E75: 99.03 | G75: 123.054 | H75: 116.2 | J75: 124.63 | K75: 154.2 | L75: 154.29 | M75: 161.87
D76: SB (ĮP) | E76: 10.1 | G76: 16.1 | H76: 23.1 | J76: 27.6 | K76: 27.6 | L76: 29.1 | M76: 30.8
D77: KT | G77: 0.333 | H77: 0.333 | J77: 0.5 | K77: 0.5 | L77: 0.5 | M77: 0.5
D78: Iš viso | E78: =SUM(E75:E77) -> 109.13 | G78: =SUM(G75:G77) -> 139.487 | H78: =SUM(H75:H77) -> 139.633 | I78: =SUM(I75:I77) -> 0 | J78: =SUM(J75:J77) -> 152.73 | K78: =SUM(K75:K77) -> 182.3 | L78: =SUM(L75:L77) -> 183.89 | M78: =SUM(M75:M77) -> 193.17
A79: 02.01.01.02. (TP) | B79: Savivaldybės įstaigų ugdymo proceso užtikrinimas | C79: Įstaigos | D79: SB (MK) | E79: =SUM(E85,E91,E97,E103,E109,E115,E121,E127,E133,E139,E145,E151,E159,) -> 7901.32 | F79: =H79/E79-1 -> 0.11304693 | G79: =SUM(G85,G91,G97,G103,G109,G115,G121,G127,G133,G139,G145,G151,G159,) -> 8096.753 | H79: =SUM(H85,H91,H97,H103,H109,H115,H121,H127,H133,H139,H145,H151,H159,) -> 8794.54 | I79: =K79/H79-1 -> 0.19201232 | K79: =SUM(K85,K91,K97,K103,K109,K115,K121,K127,K133,K139,K145,K151,K159,) -> 10483.2 | L79: =SUM(L85,L91,L97,L103,L109,L115,L121,L127,L133,L139,L145,L151,L159,) -> 11126.04 | M79: =SUM(M85,M91,M97,M103,M109,M115,M121,M127,M133,M139,M145,M151,M159,) -> 11741.55 | O79: Mokinių, besimokančių lopšelyje-darželyje „Auksinis gaidelis“, vaikų lopšeliuose-darželiuose „Auksinis raktelis“, „Ąžuoliukas“, „Gintarėlis“, „Kūlverstukas“ pagal ikimokyklinio ir priešmokyklinio ugdymo programas, „Verdenės“ gimnazijoje, „Žiburio“ pagrindinėje mokykloje, „Atgimimo“ gimnazijoje, Draugystės ir „Gerosios vilties“ progimnazijose pagal pradinio, pagrindinio ir vidurinio ugdymo programas mokymo reikmėms tenkinti, Visagino kūrybos ir menų akademijos neformaliojo vaikų bei formalųjį švietimą papildančio ugdymo programoms įgyvendinti, Švietimo pagalbos tarnybos neformaliojo suaugusiųjų švietimo programoms įgyvendinti, pedagoginei psichologinei pagalbai teikti. Priemonės įgyvendinimui stebėti stebėsenos rodikliai, patvirtinti Visagino savivaldybės švietimo stebėsenos rodiklių sąraše, patvirtintame 2022-03-14 Visagino savivaldybės administracijos direktoriaus įsakymu Nr. ĮV-E- 123 „Dėl Visagino savivaldybės švietimo stebėsenos rodiklių sąrašo patvirtinimo" . | Q79: R-02-01-01-02 | R79: Įstaigų, kurioms užtikrinamas veiklos finansavimas, skaičius | S79: 12 | T79: 12 | U79: 12 | V79: 12
D80: SB (ĮP)
D81: SB | E81: =SUM(E87,E99,E105,E111,E129,E141,E153,E93,E135,) -> 249.04 | F81: =H81/E81-1 -> 1.2650578 | G81: =SUM(G87,G99,G105,G111,G129,G141,G153,G93,G135,) -> 685.437 | H81: =SUM(H87,H99,H105,H111,H129,H141,H153,H93,H135,H123,H157) -> 564.09 | I81: =K81/H81-1 -> -0.16298818 | J81: 631.4 | K81: =SUM(K87,K93,K99,K105,K111,K117,K123,K129,K135,K141,K153,K157,) -> 472.15 | L81: =SUM(L87,L93,L99,L105,L111,L117,L123,L129,L135,L141,L153,L157,) -> 640.7 | M81: =SUM(M87,M93,M99,M105,M111,M117,M123,M129,M135,M141,M153,M157,) -> 674.3
D82: SD | H82: =SUM(H88,H94,H100,H106,H112,H118,H124,H130,H136,H142,H148,H154,) -> 42.248 | I82: =K82/H82-1 -> 3.1701382 | K82: =SUM(K88,K94,K100,K106,K112,K136,K158) -> 176.18 | L82: =SUM(L88,L94,L100,L106,L112,L136,L158) -> 184.117 | M82: =SUM(M88,M94,M100,M106,M112,M136,M158) -> 184.117
D83: KT
D84: Iš viso | E84: =SUM(E79:E83) -> 8150.36 | F84: =H84/E84-1 -> 0.15343101 | G84: =SUM(G79:G83) -> 8782.19 | H84: =SUM(H79:H83) -> 9400.878 | I84: =K84/H84-1 -> 0.18409472 | J84: =SUM(J79:J83) -> 631.4 | K84: =SUM(K79:K83) -> 11131.53 | L84: =SUM(L79:L83) -> 11950.857 | M84: =SUM(M79:M83) -> 12599.967
B85: Vaikų lopšelio-darželio „Auksinis gaidelis“ | C85: 190230641 | D85: SB (MK) | E85: 534.775 | G85: 451.24 | H85: 534 | J85: 725.78 | K85: 552.16 | L85: 589.2 | M85: 621.83
D86: SB(ĮP)
D87: SB | E87: 18 | G87: 163.065 | H87: =43.14-12.6 -> 30.54 | J87: 114.48 | K87: 34.58 | L87: 0 | M87: 0
D88: SD | K88: 16.6 | L88: 17.88 | M88: =L88 -> 17.88
D89: Kt.
D90: Iš viso | E90: =SUM(E85:E89) -> 552.775 | H90: =SUM(H85,H86,H87,H88,H89,) -> 564.54 | I90: =SUM(I85,I86,I87,I88,I89,) -> 0 | J90: =SUM(J85,J86,J87,J88,J89,) -> 840.26 | K90: =SUM(K85,K86,K87,K88,K89,) -> 603.34 | L90: =SUM(L85,L86,L87,L88,L89,) -> 607.08 | M90: =SUM(M85,M86,M87,M88,M89,) -> 639.71
B91: Vaikų lopšelio-darželio „Auksinis raktelis“ | C91: 190230443 | D91: SB (MK) | E91: 550.885 | G91: 525.091 | H91: =599.435+7.28 -> 606.715 | J91: 839.219 | K91: 702.05 | L91: 752.33 | M91: 793.78
D92: SB(ĮP)
D93: SB | E93: 9.73 | G93: 137.452 | H93: =38.14-19.17 -> 18.97 | J93: 191.839 | K93: 45.27 | L93: 0 | M93: 0
D94: SD | K94: 20.27 | L94: 21.83 | M94: =L94 -> 21.83
D95: Kt.
D96: Iš viso | E96: =SUM(E91:E95) -> 560.615 | G96: =SUM(G91:G95) -> 662.543 | H96: =SUM(H91:H95) -> 625.685 | I96: =SUM(I91:I95) -> 0 | J96: =SUM(J91:J95) -> 1031.058 | K96: =SUM(K91:K95) -> 767.59 | L96: =SUM(L91:L95) -> 774.16 | M96: =SUM(M91:M95) -> 815.61
B97: Vaikų lopšelio-darželio „Ąžuoliukas“ | C97: 190231730 | D97: SB (MK) | E97: 419.015 | G97: 454.89 | H97: 483.965 | J97: 617.175 | K97: 586.61 | L97: 627.5 | M97: 662.78
D98: SB(ĮP)
D99: SB | E99: 10.03 | G99: 97.53 | H99: =48.86-10.95 -> 37.91 | J99: 98.27 | K99: 28.2 | L99: 0 | M99: 0
D100: SD | K100: 16.44 | L100: 17.71 | M100: 17.71
D101: Kt.
D102: Iš viso | E102: =SUM(E97:E101) -> 429.045 | G102: =SUM(G97:G101) -> 552.42 | H102: =SUM(H97:H101) -> 521.875 | J102: =SUM(J97:J101) -> 715.445 | K102: =SUM(K97:K101) -> 631.25 | L102: =SUM(L97:L101) -> 645.21 | M102: =SUM(M97:M101) -> 680.49
B103: Vaikų lopšelio-darželio „Gintarėlis“ | C103: 190231011 | D103: SB (MK) | E103: 448.51 | G103: 387.823 | H103: 459.175 | J103: 572.235 | K103: 494.83 | L103: 512.45 | M103: 541.67
...

Sheet ĮV-E-123 stebėsenos rodikliai
A2: Visagino savivaldybės švietimo stebėsenos rodiklių sąrašas, patvirtintas 2022-03-14 Visagino savivaldybės administracijos direktoriaus įsakymu Nr. ĮV-E-123 "Dėl Visagino savivaldybės švietimo stebėsenos rodiklių sąrašo patvirtinimo"
A4: Eil. Nr. | B4: Rodiklio pavadinimas | C4: Duomenų teikimo data | D4: Rodiklio reikšmė 2023m. | E4: Rodiklio reikšmė 2024 | F4: Rodiklio reikšmė 2025 | G4: Rodiklio reikšmė 2026 | H4: Rodiklio reikšmė 2027 | I4: Duomenų šaltinis
A5: 1. | B5: Demografiniai rodikliai
A6: 1.1. | B6: Gimimų skaičius Visagino savivaldybėje (skaičiuojant tik gimusius Lietuvoje) | C6: Sausio 1 d. | D6: 118 (2024-01-02 duomenimis) | E6: 115 | F6: 115 | G6: 115 | H6: 115 | I6: Valstybės duomenų agentūra
A7: 2. | B7: Socialiniai rodikliai
A8: 2.1. | B8: Socialinės rizikos šeimų, auginančių vaikus, skaičius | C8: Spalio 1 d. | D8: 115 | E8: 112 | F8: 110 | G8: 110 | H8: 110 | I8: Socialinės paramos skyrius
A9: 2.2. | B9: Vaikų, augančių socialinės rizikos šeimose, skaičius | C9: Spalio 1 d. | D9: 189 | E9: 185 | F9: 180 | G9: 180 | H9: 180 | I9: Socialinės paramos skyrius
A10: 2.3. | B10: Vaikų, gaunančių nemokamą maitinimą, skaičius | C10: Spalio 1 d. | D10: 443 | E10: 430 | F10: 425 | G10: 425 | H10: 425 | I10: Socialinės paramos skyrius
A11: 2.4. | B11: Pavežamų bendrojo ugdymo mokyklų mokinių skaičius | C11: Spalio 1 d. | D11: 106 | E11: 105 | F11: 108 | G11: 110 | H11: 110 | I11: Vietinio ūkio valdymo ir statybos skyrius
A12: 3. | B12: Švietimo aplinkos rodikliai
A13: 3.1. | B13: Formaliojo ir neformaliojo švietimo paslaugų teikėjų (įstaigų, organizacijų, fizinių asmenų) skaičius | C13: Rugsėjo 1 d. | D13: 36 | E13: 42 | F13: 38 | G13: 40 | H13: 40 | I13: Švietimo ir mokslo institucijų registras (toliau – ŠMIR)
A14: 3.2. | B14: Neformaliojo švietimo programų teikėjų skaičius savivaldybėje | C14: Rugsėjo 1 d. | D14: 26 | E14: 32 | F14: 28 | G14: 29 | H14: 30 | I14: ŠMIR
A15: 3.3. | B15: Mokinių skaičius bendrojo ugdymo (toliau – BU) mokyklose | C15: Rugsėjo 1 d. | D15: 1931 | E15: 1919 | F15: 1930 | G15: 1930 | H15: 1930 | I15: Švietimo valdymo informacinė sistema (toliau – ŠVIS)
A16: 3.4. | B16: Mokinių skaičius ikimokyklinio ugdymo įstaigose | C16: Rugsėjo 1 d. | D16: 759 | E16: 668 | F16: 700 | G16: 700 | H16: 700 | I16: ŠVIS
A17: 3.5. | B17: Mokinių skaičius neformaliojo švietimo įstaigose | C17: Spalio 1 d. | D17: 2263 | E17: 2053 | F17: 2100 | G17: 2150 | H17: 2150 | I17: ŠVIS, Mokinių registras (toliau – MR)
A18: 3.6. | B18: Vienai sąlyginei mokytojo pareigybei tenkančių mokinių skaičius BU mokyklose | C18: Spalio 1 d. | D18: 10.5 | E18: 10.5 | F18: 10.5 | G18: 10.6 | H18: 10.6 | I18: ŠVIS, Pedagogų registras (toliau – PR)
A19: 3.7. | B19: Bendrojo ugdymo mokyklų 1–8 klasių komplektų, kurie yra jungtiniai, dalis (neįskaičiuojant specialiųjų klasių / grupių) | C19: Rugsėjo 1 d. | D19: 0 | E19: 0 | F19: 0 | G19: 0 | H19: 0 | I19: ŠVIS
A20: 3.8. | B20: Bendrojo ugdymo mokyklų klasių komplektų, kuriuose yra mažiau kaip 8 mokiniai, dalis (neįskaičiuojant specialiųjų klasių / grupių) | C20: Rugsėjo 1 d. | D20: 0 | E20: 0 | F20: 0 | G20: 0 | H20: 0 | I20: ŠVIS
A21: 3.9. | B21: Naujai komplektuojamų priešmokyklinio ugdymo grupių, kuriose yra ne daugiau kaip 20 mokinių, dalis (neįskaičiuojant specialiųjų klasių / grupių) | C21: Rugsėjo 1 d. | D21: 0 | E21: 0 | F21: 0 | G21: 0 | H21: 0 | I21: ŠVIS
A22: 3.10. | B22: Naujai komplektuojamų bendrojo ugdymo mokyklų bendrosios paskirties 1 klasių komplektų, kuriuose yra ne daugiau kaip 24 mokiniai, dalis (neįskaičiuojant specialiųjų klasių / grupių) nuo bendro visų klasių / grupių skaičiaus | C22: Rugsėjo 1 d. | D22: 0 | E22: 0 | F22: 0 | G22: 0 | H22: 0 | I22: ŠVIS
A23: 4. | B23: Personalo rodikliai
A24: 4.1. | B24: Jaunesnių nei 50 metų bei 50 metų ir vyresnio amžiaus mokytojų skaičiaus santykis (procentais) | C24: Spalio 1 d. | D24: 29,6/70,4 | E24: 35/65 (ŠMIR neskirsto į grupes) | F24: 31/69 | G24: 32/68 | H24: 32/68 | I24: Pedagogų registras, ŠVIS
A25: 4.1.1. | B25: bendrojo ugdymo mokyklose | D25: 27,8/72,2 | F25: 29/71 | G25: 30/70 | H25: 30/70
A26: 4.1.2. | B26: ikimokyklinio ugdymo įstaigose | D26: 24,8/75,2 | F26: 26/74 | G26: 28/72 | H26: 28/72
A27: 4.1.3. | B27: neformalaus švietimo įstaigose | D27: 39,3/60,7 | F27: 40/60 | G27: 41/59 | H27: 41/59
A28: 4.2. | B28: Daugiau kaip 2 metų pedagoginio darbo stažą turinčių darbuotojų dalis | C28: Spalio 1 d. | E28: 90,3 (ŠMIR neskirsto į grupes) | I28: ŠVIS
A29: 4.2.1. | B29: bendrojo ugdymo mokyklose | D29: 96 proc. | F29: 94 | G29: 94 | H29: 94
A30: 4.2.2. | B30: ikimokyklinio ugdymo įstaigose | D30: 94 proc | F30: 93 | G30: 92 | H30: 92
A31: 4.2.3. | B31: neformalaus švietimo įstaigose | D31: 85 | F31: 82 | G31: 80 | H31: 80
A32: 4.3. | B32: Švietimo įstaigų, kuriose nėra nuolatinio vadovo daugiau kaip 12 mėnesių, dalis nuo bendro švietimo įstaigų skaičiaus | C32: Spalio 1 d. | D32: 1 | E32: 0 | F32: 0 | G32: 0 | H32: 0 | I32: Švietimo, kultūros, sporto ir valstybinės kalbos kontrolės skyrius
A33: 4.4. | B33: Vienai sąlyginei mokytojo pareigybei tenkančių mokinių skaičius bendrojo ugdymo mokyklose | C33: Spalio 1 d. | D33: Skaičius | E33: 10.5 | F33: 10.5 | G33: 10.6 | H33: 10.5 | I33: PR, Finansų ir biudžeto skyrius
A34: 5. | B34: Ikimokyklinio ugdymo rodikliai
A35: 5.1. | B35: Ikimokykliniame ir priešmokykliniame ugdyme dalyvaujančių 3–5 metų vaikų dalis | C35: Rugsėjo 1 d. | D35: Procentai | E35: 87.5 | F35: 90 | G35: 92 | H35: 90 | I35: ŠVIS
A36: 5.2. | B36: Savivaldybės mokyklose ugdomų 3–5 metų vaikų, kurių deklaruota gyvenamoji vieta kitoje savivaldybėje, dalis | C36: Rugsėjo 1 d. | D36: 9.05 | E36: 15.1 | F36: 10 | G36: 10 | H36: 10 | I36: ŠVIS
A37: 5.3. | B37: Savivaldybės 3–5 metų vaikų, ugdomų ne savivaldybės mokyklose, dalis proc. | C37: Rugsėjo 1 d. | D37: 0 | E37: 3.4 | F37: 0.5 | G37: 0.5 | H37: 0.5 | I37: ŠVIS
A38: 6. | B38: Pagalbos mokiniui teikimo rodikliai
A39: 6.1. | B39: Švietimo pagalbos specialistų, tenkančių 100-ui bendrojo ugdymo mokyklų mokinių | C39: Rugsėjo 1 d. | D39: Procentai | E39: 0.94 | F39: 0.7 | G39: 0.7 | H39: 0.7 | I39: ŠVIS
A41: 6.2. | B41: Švietimo pagalbos specialistų, tenkančių 100-ui ikimokyklinio ugdymo įstaigų mokinių | C41: Rugsėjo 1 d. | D41: 21 darbuotojas, 2,77 proc. | E41: nėra duomenų | F41: 3.5 | G41: 3.5 | H41: 3.5 | I41: ŠVIS
A43: 6.3. | B43: Švietimo pagalbą gaunančių mokinių dalis (nuo visų mokinių, kuriems nustatytas švietimo pagalbos poreikis, skaičiaus) | C43: Rugsėjo 1 d. | D43: 100 | E43: 96.5 | F43: 97 | G43: 98 | H43: 99 | I43: ŠVIS,Mokinių registras
A45: 6.4. | B45: Mokinių, turinčių specialiųjų ugdymosi poreikių, ugdomų integruotai bendrosios paskirties mokyklose, dalis | C45: Rugsėjo 1 d. | D45: 100 (270 mokinių turinčių spec. ugdymo poreikių) | E45: 18,4 (LT vidurkis 12,5) | F45: 100 | G45: 100 | H45: 100 | I45: ŠVIS
A46: 6.5. | B46: Negalią turinčių mokinių dalis nuo mokinių, turinčių specialiųjų ugdymosi poreikių, ugdomų integruotai bendrosios paskirties mokyklose | C46: Rugsėjo 1 d. | D46: 100 | E46: 15,1 (Lietuvos vidurkis 12,1 proc) | F46: 100 | G46: 100 | H46: 100 | I46: ŠVIS
A47: 7. | B47: Neformalaus švietimo ir vaikų vasaros užimtumo rodikliai
A48: 7.1. | B48: Neformaliojo švietimo veikloje dalyvaujančių mokinių dalis | C48: Spalio 1 d. | D48: 73.53 | E48: 69.1 | F48: 70 | G48: 70 | H48: 70 | I48: Mokinių registras; ŠVIS
A49: 7.2. | B49: Bent vienoje neformalaus švietimo programoje dalyvaujančių bendrojo ugdymo mokyklų mokinių skaičius | C49: Spalio 1 d. | D49: 63.6 | E49: 64.1 | F49: 65 | G49: 65 | H49: 66 | I49: Mokinių registras
A50: 7.3. | B50: Bent vienoje NVŠ tikslinio finansavimo (valstybės biudžeto lėšų) programoje dalyvaujančių BU mokyklų mokinių skaičius | C50: Spalio 1 d. | D50: 690 | E50: 784 | F50: 705 | G50: 710 | H50: 720 | I50: Mokinių registras NVŠ finansavimo sritis
A51: 7.4. | B51: Programų, įgyvendintų organizuojant vaikų vasaros poilsį, skaičius | C51: Spalio 1 d. | D51: 26 | E51: 27 | F51: 28 | G51: 29 | H51: 30 | I51: Administracijos direktoriaus įsakymu patvirtintas programų sąrašas; Mokinių registras; programų vykdytojų ataskaitos
A52: 7.5. | B52: Mokinių, dalyvavusių vaikų vasaros poilsio programose, skaičius | C52: Spalio 1 d. | D52: 522 | E52: 530 | F52: 535 | G52: 540 | H52: 550
A53: 8. | B53: Švietimo rezultatų rodikliai
A54: 8.1. | B54: Pagrindinio ugdymo pasiekimų patikrinimo metu bent pagrindinį mokymosi pasiekimų lygį pasiekusių mokinių dalis (lietuvių kalba, matematika) | C54: Rugsėjo 1 d. | D54: Procentai | E54: 75 | F54: 75 | G54: 77 | H54: LT kalba - 43,8, matematika - 28 | I54: Švietimo duomenų perdavimo sistema (toliau – KELTAS)
A55: 8.2. | B55: Tris ir daugiau valstybinių brandos egzaminų išlaikiusių abiturientų dalis | C55: Rugsėjo 1 d. | D55: Procentai | E55: 93.6 | F55: 94 | G55: 95 | H55: 44.9 | I55: KELTAS

Sheet 3 programa
A1: Fizinio aktyvumo ir sporto plėtros programa (03)
A2: Programa rengiama ir įgyvendinama, atsižvelgiant į Nacionaliniame pažangos plane nustatytus sporto politikos strateginius tikslus ir (arba) pažangos uždavinius, švietimo, mokslo ir sporto ministro patvirtintą strateginių sporto šakų sąrašą, vietos bendruomenės poreikius, jos pagrindu finansuojama ir kitaip prisidedama prie savivaldybės teritorijoje veiklą vykdančių sporto srityje veikiančių fizinių ir juridinių asmenų veiklos, vykdoma sporto objektų plėtra, užtikrinamas jų teikiamų paslaugų prieinamumas gyventojams, vykdoma šviečiamoji veikla, formuojamas savivaldybės teritorijoje gyvenančių žmonių pozityvus požiūris į sporto reikšmę sveikatai, rengiamos ir įgyvendinamos kitos fizinio aktyvumo ir aukšto meistriškumo sporto plėtojimo savivaldybėje priemonės.
A4: =A13 -> 03.01.01. (T) | B4: =B13 -> Užtikrinti efektyvią įstaigų, veikiančių sporto srityje, veiklą
A5: =A25 -> 03.01.02. (T) | B5: =B25 -> Plėtoti ir tobulinti sporto varžybas ir sporto sveikatingumo renginius siekiant įtraukti vaikus, jaunimą ir kitas gyventojų grupes į sportinę veiklą, rengti sporto specialistus
A6: 03.02.01. (T) | B6: Skatinti geriausius sportininkus ir jų trenerius už avivaldybės garsinimą ir sporto laimėjimus šalies, tarptautinėse varžybose, aktyvinti savivaldybės gyventojų sportinę veiklą
A8: Programos įgyvendinimo laikotarpis 2025-2027 m.
A9: Programos įgyvendinimo koordinatorė Monika Gutė, monika.gute@visaginas.lt, tel. ( 0386) 36 016
A10: 6 lentelė. Fizinio aktyvumo ir sporto plėtros programos (03) uždaviniai, priemonės, asignavimai ir kitos lėšos (tūkst.eurų) ir jų stebėsenos rodikliai
A11: Programos uždavinio, priemonės kodas ir požymis | B11: Uždavinio, priemonės pavadinimas, finansavimo šaltiniai | C11: Asignavimų valdytojo kodas | D11: Finansavimo šaltinis | E11: 2023 m. asignavimų planas | F11: Asignavimų pasikeitimas | G11: 2024 m.asignavimų poreikis | H11: 2024 m.asignavimai ir kitos lėšos, tūkst. Eur | I11: Pokytis proc. | J11: 2025 m. asignavimų ir kitų lėšų poreikis , tūkst. Eur | K11: 2025 m. asignavimai ir kitos lėšos, tūkst. Eur | L11: 2026 m. asignavimai ir kitos lėšos, tūkst. Eur | M11: 2027 m.asignavimai ir kitos lėšos, tūkst. Eur | N11: Savivaldybės strateginio plėtros plano priemonės kodas | O11: Trumpas priemonės įgyvendinimo aprašymas | P11: Stebėsenos rodiklio kodas | Q11: Stebėsenos rodiklio pavadinimas (matavimo vnt.) | R11: Siektinos stebėsenos rodiklių reikšmės | V11: Savivaldybės strateginio plėtros plano rodiklis
R12: 2024 | S12: 2025 | T12: 2026 | U12: 2027
A13: 03.01.01. (T) | B13: Užtikrinti efektyvią įstaigų, veikiančių sporto srityje, veiklą | E13: =SUM(E16) -> 1102.03 | F13: =H13/E13-1 -> 0.036868325 | G13: =SUM(G16) -> 0 | H13: =SUM(H16) -> 1142.66 | I13: =K13/H13-1 -> 0.050312429 | J13: =SUM(J16) -> 0 | K13: =SUM(K16) -> 1200.15 | L13: =SUM(L16) -> 1232.63 | M13: =SUM(M16) -> 1235.302 | N13: 2.2-1 | P13: E-03-01-01 | Q13: Sporto varžybose ir sveikatingumo renginiuose dalyvavusių asmenų skaičius, vnt. per metus | R13: 3000 | S13: 3500 | T13: 4000 | U13: 4000 | V13: Sporto varžybose ir sveikatingumo renginiuose dalyvavusių asmenų skaičius, vnt. per metus
A14: 03.01.01.01. (TP) | B14: Sportinio ugdymo programų ir sportininkų rengimo veiklos organizavimas ir paslaugų kokybės užtikrinimas | C14: 188711925 | D14: SB | E14: 1077.35 | F14: =H14/E14-1 -> 0.038009932 | G14: =SUM(G17,G18,G20,G21,G22,) -> 0 | H14: =SUM(H17,H18,H20,H21,H22,) -> 1118.3 | I14: =K14/H14-1 -> 0.046230886 | K14: =SUM(K17,K18,K20,K21,K22,K23,K24,) -> 1170 | L14: =SUM(L17,L18,L20,L21,L22,L23,L24,) -> 1200 | M14: =SUM(M17,M18,M20,M21,M22,M23,M24,) -> 1200.002 | N14: 2.2-1-2 | O14: Įgyvendinant aukščiau numatytą priemonę bus užtikrintas viešųjų įstaigų Visagino sporto ir rekreacijos centro, Visagino krepšinio mokyklos, Visagino futbolo centro, Visagino graikų-romėnų imtynių centro, Visagino plaukimo centro, Visagino biatlono centro veiklos organizavimas ir ugdymo/treniruočių proceso užtikrinimas pagal finansavimo sutartis. | P14: R-03-01-01-01 | Q14: Finansuotų įstaigų skaičius | R14: 4 | S14: 7 | T14: 7 | U14: 7 | V14: Įstaigų sporto salių, kurios prieinamos sportuoti bendruomenės nariams, skaičius
D15: SB (MK) | E15: 24.68 | F15: =H15/E15-1 -> -0.012965964 | H15: 24.36 | I15: =K15/H15-1 -> 0.23768473 | K15: =SUM(K19) -> 30.15 | L15: =SUM(L19) -> 32.63 | M15: =SUM(M19) -> 35.3
D16: Iš viso: | E16: =SUM(E14:E15) -> 1102.03 | F16: =SUM(F14:F15) -> 0.025043967 | G16: =SUM(G14:G15) -> 0 | H16: =SUM(H14:H15) -> 1142.66 | I16: =K16/H16-1 -> 0.050312429 | K16: =SUM(K14:K15) -> 1200.15 | L16: =SUM(L14:L15) -> 1232.63 | M16: =SUM(M14:M15) -> 1235.302
B17: Visagino savivaldybės administracija | D17: SB | H17: 15.49 | K17: 12.4 | L17: 12.4 | M17: 12.4
B18: VšĮ Visagino sporto ir rekreacijos centras | D18: SB | H18: 622.3 | K18: 567 | L18: 597.1 | M18: 597.1 | Q18: 459 ugdytiniai
D19: MK | H19: =H15 -> 24.36 | K19: 30.15 | L19: 32.63 | M19: 35.3
B20: VšĮ Visagino futbo centras | D20: SB | H20: 251.62 | K20: 292.3 | L20: 292.3 | M20: 292.3 | Q20: 303 ugdytiniai
B21: VšĮ Visagino krepšinio mokykla | D21: SB | H21: 141.85 | K21: 151 | L21: 151 | M21: 151 | Q21: 150 ugdytinių
B22: VšĮ Visagino graikų romėnų imtynių centras | D22: SB | H22: 87.04 | K22: 77 | L22: 77 | M22: 77 | Q22: 82 ugdytiniai
B23: VšĮ Visagino plaukimo centras | D23: SB | K23: 16.9 | L23: 16.9 | M23: 16.901 | Q23: 23 ugdytiniai
B24: VŠĮ Visagino biatlono centras | D24: SB | K24: 53.4 | L24: 53.3 | M24: 53.301 | Q24: 62 ugdytiniai
A25: 03.01.02. (T) | B25: Plėtoti ir tobulinti sporto varžybas ir sporto sveikatingumo renginius siekiant įtraukti vaikus, jaunimą ir kitas gyventojų grupes į sportinę veiklą, rengti sporto specialistus | E25: =SUM(E28,E40,E42,E46,E52,E65) -> 194.8 | F25: =H25/E25-1 -> 1.3520791 | G25: =SUM(G28,G40,G42,G46,G52,G65) -> 155 | H25: =SUM(H28,H40,H42,H46,H52,H65) -> 458.185 | I25: =K25/H25-1 -> 0.3560265 | K25: =SUM(K28,K40,K42,K46,K52,K65) -> 621.311 | L25: =SUM(L28,L40,L42,L46,L52,L65) -> 382.503 | N25: 2.2-4 | P25: E-03-01-02 | Q25: Informacinėmis priemonėmis pasiektų asmenų dalis proc. nuo visų gyventojų | R25: 35 | S25: 40 | T25: 50 | U25: 50 | V25: Informacinėmis priemonėmis pasiektų asmenų dalis proc. nuo visų gyventojų
A26: 03.01.02.01. (TP) | B26: Visagino savivaldybės sporto renginių organizavimas pagal patvirtintą metinį Sporto renginių planą bei sąlygų dalyvauti tarptautiniuose čempionatuose atstovaujant Visagino savivaldybei užtikrinimas | C26: 188711925 | D26: SB | E26: 43.8 | F26: =H26/E26-1 -> -0.31506849 | G26: 45 | H26: =30 -> 30 | I26: =K26/H26-1 -> 1.3666667 | J26: =SUM(J31,J32,J33,J34,J35,J36,J37,J38,J29,J30) -> 91.5 | K26: =SUM(K31,K32,K33,K34,K35,K36,K37,K38,K29,K30) -> 71 | L26: =SUM(L31,L32,L33,L34,L35,L36,L37,L38,L29,L30) -> 76 | M26: =SUM(M31,M32,M33,M34,M35,M36,M37,M38,M29,M30) -> 81 | N26: 2.2-1-1 | O26: Įgyvendinant šią priemonę bus organizuojamos: -sportinės varžybos, -miesto šventės sporto renginių dalis, -Lietuvos mokyklų sporto žaidynės, -vykdomas metinis sporto renginių planas, -dalyvavimas tarptautiniuose turnyruose. Taip pat organizavimas tokių renginių kaip ralis, trenkturas, vandens motociklų varžybos, dviračių žygiai ir kt. | P26: R-03-01-02-01 | Q26: Metinio renginių plano įgyvendinimas | R26: 100 | S26: 50 | T26: 55 | U26: 60 | V26: Suorganizuotų sporto varžybų, švenčių, sąskrydžių, seminarų, „Sportas visiems“ ir kitų sporto renginių, žaidynių skaičius | W26: trenkturas, rali
D27: SB (L) | H27: 20
D28: Iš viso: | E28: =E26 -> 43.8 | F28: =H28/E28-1 -> 0.14155251 | G28: =G26 -> 45 | H28: =H26+H27 -> 50 | I28: =K28/H28-1 -> 0.42 | J28: =SUM(J26,J27) -> 91.5 | K28: =SUM(K26,K27) -> 71 | L28: =SUM(L26,L27) -> 76 | M28: =SUM(M26,M27) -> 81
B29: Visagino savivaldybės tradicinių, tarptautinių, regioninių, respublikinių sporto renginių sričiai | J29: 50 | K29: 50 | L29: 50 | M29: 50 | O29: 2024-11-21 Nr. TS-191 Dėl Visagino savivaldybės sporto veiklos finansavimo tvarkos aprašo patvirtinimo Visagino ralis, trenkturas ir kiti, dviračių gyvenimo pagyvinimas 20000 Eur
B30: Aukšto meistriškumo sportininkų pa(si)rengimo ir dalyvavimo oficialiose tarptautinėse varžybose finansavimo sričiai | J30: 15 | K30: 15 | L30: 20 | M30: 25 | O30: 2024-11-21 Nr. TS-191 Dėl Visagino savivaldybės sporto veiklos finansavimo tvarkos aprašo patvirtinimo
A31: be konkurso | B31: Lietuvos mokyklų sporto žaidynės+transportas (5 000 EUR) | H31: 2 | J31: =2+5 -> 7 | K31: 6 | L31: 6 | M31: 6 | O31: Vyks Lietuvos mokyklų sporto žaidynės, kuriose dalyvaus Visagino 5 bendrojo ugdymo mokyklos.
A32: be konkurso | B32: Prizai, taurės, medaliai visiems sporto renginiams | H32: 19 | J32: 19.5 | K32: 0 | L32: 0 | M32: 0 | O32: Futbolo, krepšinio, teniso, stalo teniso, graikų - romėnų imtynių, tinklinio ir kt. turnyrai, varžybos. Šiose visus metus trunkančio sporto varžybose dalyvaus Visagino ir įvairaus amžiaus svečių iš kitų savivaldybių sportininkai įvairaus amžiaus.
A33: perkelta į 03.01.02.03 | B33: Miesto dienos sporto renginiai | H33: 5 | J33: 0 | L33: 0 | M33: 0 | O33: Vyks sportiniai renginiai: šachmatų turnyras, šeimų šventė, tinklinio turnyras, krepšinio turnyras. Reikės prizų ir kitų apdovanojimų.
A34: perkelta į 03.01.02.03 | B34: Asmenų su negalia sporto renginiai | H34: 3 | J34: 0 | L34: 0 | M34: 0 | O34: 3 ketv. tradiciškai vyksta žmonių su negalia sueitynės. Dalyvauja Visagino ir kitų savivaldybių asmenys su negalia. Dalyvių skaičius viršija 100 žm. Bus perkami įvairūs prizai, apdovanojimai. 4 ketv. vyks asmenų su negalia sporto turnyras.
A35: perkelta į 03.01.02.03 | B35: Lietuvos seniūnijų žaidynės | H35: 1 | J35: 0 | L35: 0 | M35: 0 | O35: Vyks Lietuvos seniūnijų žaidynės. Geriausios komandos važiuos į finalines varžybas. Bus perkami prizai ir apdovanojimai.
B36: Europos ir pasaulio čempionatai | H36: 5 | J36: 0 | L36: 0 | M36: 0 | O36: Geriausi Visagino sportininkai (įvairaus amžiaus), rinktinių nariai vyks į tarptautinius čempionatus.
A37: konkursui | B37: Transporto paslaugos | H37: 10 | J37: 0 | L37: 0 | M37: 0 | O37: Visagino įvairaus amžiaus sportininkai dalyvauja regioniniuose, Lietuvos čempionatuose.
B38: Tarptautiniai sporto renginiai | H38: 30 | O38: Visagino ralis, Trenkt turas ir kt.
A39: 03.01.02.02. (TP) | B39: Buvusios mokyklos pastato Draugystės g. 10 ir aplinkinės teritorijos konversija pritaikant ją daugiafunkcinės sporto arenos sukūrimui | C39: 188711925 | D39: SB | E39: 40 | F39: =H39/E39-1 -> 0.5 | G39: 40 | H39: 60 | I39: =K39/H39-1 -> -0.48333333 | J39: 31 | K39: 31 | L39: 0 | M39: 0 | N39: 2.2-5-1 | O39: 2025 m. planuojama parengti galimybių studiją ir išnagrinėti įvairias alternatyvas. Parinkus alternatyvą bus rengiamas investicijų projektas ir pradėtos viešojo ir privataus sektoriaus partnerystės projekto derinimo procedūros. | P39: R-03-01-02-02 | Q39: Parengtų dokumentų skaičius | R39: 0 | S39: 1 | T39: 0 | U39: 0 | V39: Įgyvendintų priemonių/ projektų skaičius, vnt.
D40: Iš viso: | E40: =E39 -> 40 | F40: =F39 -> 0.5 | G40: =G39 -> 40 | H40: =H39 -> 60 | I40: =K40/H40-1 -> -0.48333333 | J40: =J39 -> 31 | K40: =K39 -> 31 | L40: =L39 -> 0 | M40: =M39 -> 0 | W40: Kompensacija gyventojams už naudojimasi baseino paslaugomis
A41: 03.01.02.03. (TP) | B41: Sporto įvairovės, gyventojų fizinio aktyvumo, prieinamumo įvairioms visuomenės grupėms užtikrinimas | C41: 188711925 | D41: SB | E41: 12 | F41: =H41/E41-1 -> 17.333333 | G41: 30 | H41: 220 | I41: =K41/H41-1 -> 0 | J41: 30 | K41: =SUM(K43,K44) -> 220 | L41: =SUM(L43,L44) -> 220 | M41: =SUM(M43,M44) -> 220 | O41: 2024 m. lapkričio 21 d. Visagino savivaldybės tarybos sprendimu Nr. TS-191 „Dėl Visagino savivaldybės sporto veiklos finansavimo tvarkos aprašo patvirtinimo“, buvo patvirtinta Visagino savivaldybės sporto veiklos finansavimo tvarka, kurios pagrindu bus organizuojami konkursai bei bus prisidedama prie baseinų veiklos organizavmo užtikrinimo. | P41: R-03-01-02-03 | Q41: Sporto projektų finansuojamų savivaldybės biudžeto lėšomis skaičius | R41: 6 | S41: 6 | T41: 6 | U41: 6
D42: Iš viso: | E42: =E41 -> 12 | F42: =H42/E42-1 -> 17.333333 | G42: =G41 -> 30 | H42: =H41 -> 220 | I42: =K42/H42-1 -> 0 | J42: =J41 -> 30 | K42: =K41 -> 220 | L42: =L41 -> 220 | M42: =M41 -> 220
B43: Visagino savivaldybės sporto renginių, fizinio aktyvumo veiklų skatinimo sričiai+baseinas 200 000 | J43: 30 | K43: 20 | L43: 20 | M43: 20 | O43: 2024-11-21 Nr. TS-191 Dėl Visagino savivaldybės sporto veiklos finansavimo tvarkos aprašo patvirtinimo
B44: baseinas | K44: 200 | L44: 200 | M44: 200 | O44: Baseinų veiklos užtikrinimas
A45: 03.01.02.04. (TP) | B45: Sporto strategijos įgyvendinimui | C45: 188711925 | D45: SB | E45: 2 | F45: =H45/E45-1 -> -1 | P45: R-03-01-02-04 | Q45: Įgyvendintų priemonių skaičius | R45: 0 | S45: 0 | T45: 0
D46: Iš viso: | E46: =E45 -> 2 | F46: =H46/E46-1 -> -1 | G46: =G45 -> 0 | H46: =H45 -> 0 | K46: =K45 -> 0 | L46: =L45 -> 0
A47: 03.01.02.06 (TP) | B47: Sporto projektų įgyvendinimo Visagino savivaldybėje užtikrinimas | C47: Įstaigos | D47: SB (L) | E47: 62 | F47: =H47/E47-1 -> 0.63201613 | H47: =H53 -> 101.185 | I47: =K47/H47-1 -> 1.371646 | J47: =SUM(J53,J56) -> 0 | K47: =SUM(K53,K56,K61) -> 239.975 | O47: Įgyvendinant šią priemonę planuojama prisidėti prie esamų sporto bazių plėtros, priežiūros ir remonto bei užtikrinti dalinį finansavimą Sporto rėmimo fondo lėšomis finansuojamiems projektams. Teikiamų projektų tikslas – prisidėti prie sporto bazių prieinamumo didinimo, sąlygų įvairaus amžiaus ir poreikių asmenų fiziniam aktyvumui gerinimo ir organizuotai sportuojančių asmenų skaičiaus didėjimo. Įgyvendinant šią priemonę planuojama prisidėti prie esamų sporto bazių plėtros, priežiūros ir remonto bei užtikrinti dalinį finansavimą Sporto rėmimo fondo lėšomis finansuojamiems projektams. Teikiamų projektų tikslas – prisidėti prie sporto bazių prieinamumo didinimo, sąlygų įvairaus amžiaus ir poreikių asmenų fiziniam aktyvumui gerinimo ir organizuotai sportuojančių asmenų skaičiaus didėjimo. | P47: R-03-01-02-06 | Q47: Sporto srityje įgyvendinamų projektų, skaičius | R47: 2 | S47: 3 | T47: 3 | U47: 3
D48: SB | L48: =L57 -> 50.603
D49: ES | K49: =K62 -> 23.436
D50: VB (KT) | H50: =H54 -> 0 | K50: =SUM(K54,K59,) -> 0
D51: P | M51: 40.002
D52: Iš viso: | E52: =E47 -> 62 | F52: =H52/E52-1 -> 0.63201613 | G52: =G47 -> 0 | H52: =H47+H50 -> 101.185 | I52: =K52/H52-1 -> 1.6032614 | J52: =J47+J50 -> 0 | K52: =K47+K50+K49 -> 263.411 | L52: =L47+L50+L49+L48 -> 50.603 | M52: =M47+M50+M49+M48+M51 -> 40.002
A53: 03.01.02.06-1 (TP) | B53: Projekto "VšĮ Visagino sporto ir rekreacijos centro sporto komplekso (Parko g.2A) salės atnaujinimas pritaikant ją visuomenės poreikiams" įgyvendinimas | C53: 302452911 | D53: SB (L) | E53: 62 | F53: =H53/E53-1 -> 0.63201613 | H53: 101.185 | K53: =100.584+99.5 -> 200.084 | O53: Vadovaujantis Nacionalinės sporto agentūros prie Lietuvos Respublikos švietimo, mokslo ir sporto ministerijos direktoriaus 2024 m. birželio 20 d. įsakymu Nr. VF-2024/25, VšĮ Visagino sporto ir rekreacijos centro projektui buvo skirtas finansavimas. Siekiant įgyvendinti projekte numatytas veiklas planuojama atlikti sporto komplekso (Parko g.2A) akrobatikos salės kapitalinį remontą, įsigyti naują sporto įrangą bei pagerinti fiziškai aktyvios visuomenės ugdymo, įvairaus amžiaus ir poreikių asmenų fizinio aktyvumo sąlygas bei padidinti sportuojančių asmenų skaičių. Projekto finansuojamoji dalis yra iki 75 procentų visų tinkamų finansuoti projekto išlaidų, nuosavo įnašo dalis turi sudaryti ne mažiau kaip 25 procentų visų tinkamų finansuoti projekto išlaidų. Bendra projekto vertė 404 739,16 Eur, iš jų skirtos Sporto rėmimo fondo lėšos 303 554,37 Eur (75 proc.), investuojamos savivaldybės biudžeto lėšos 101 184,79 Eur (25 proc.).
D54: SRF (Kt) | H54: 0
D55: Iš viso: | E55: =E53 -> 62 | F55: =H55/E55-1 -> 0.63201613 | G55: =G53 -> 0 | H55: =SUM(H53,H54) -> 101.185 | K55: =SUM(K53,K54) -> 200.084 | L55: =SUM(L53,L54) -> 0 | M55: =SUM(M53,M54) -> 0
A56: 03.01.02.06-2 (TP) | B56: Projekto "Pasikrauk energijos Visagine" įgyvendinimas | C56: 302452911 | D56: SB (L) | E56: 62 | F56: =H56/E56-1 -> -1 | K56: 37.187 | O56: Bus teikiama paraiška į sporto rėmimą. Planuojma data kovo-balandžio mėnesį.
D57: SB | L57: 50.603
D58: P
D59: SRF (Kt)
D60: Iš viso: | E60: =E56 -> 62 | F60: =H60/E60-1 -> -1 | G60: =G56 -> 0 | H60: =SUM(H56,H59) -> 0 | K60: =SUM(K56,K59) -> 37.187 | L60: =SUM(L56,L59) -> 0 | M60: =SUM(M56,M59) -> 0
A61: 03.01.02.06-3 (TP) | B61: Projektas „Sportuoti gali visi"“ | C61: Auksinis raktelis | D61: SB (L) | E61: 62 | F61: =H61/E61-1 -> -1 | J61: 2.704 | K61: 2.704 | O61: 2024-11-21 VSA sprendimas Nr. TS-188
D62: ES | J62: 23.436 | K62: 23.436
D63: Iš viso: | E63: =E61 -> 62 | F63: =H63/E63-1 -> -1 | G63: =G61 -> 0 | H63: =SUM(H61,H62) -> 0 | J63: =SUM(J61,J62) -> 26.14 | K63: =SUM(K61,K62) -> 26.14 | L63: =SUM(L61,L62) -> 0 | M63: =SUM(M61,M62) -> 0
A64: 03.01.02.08. (TP) | B64: Vaikų mokymo plaukti programos įgyvendinimas | C64: 188711925 | D64: SB | E64: 35 | F64: =H64/E64-1 -> -0.22857143 | G64: 40 | H64: 27 | I64: =K64/H64-1 -> 0.32962963 | J64: 45 | K64: 35.9 | L64: 35.9 | M64: 35.9 | O64: 2022-08-26 Visagino savivaldybės taryba sprendimu Nr. TS-148 "Dėl Visagino savivaldybės pradinių klasių mokinių mokymo plaukti programos patvirtinimo" buvo patvirtinta Visagino savivaldybės pradinių klasių mokinių mokymo plaukti programą, kurios pagrindinis tikslas mažinti skendimų skaičių, ugdyti sveiką mokinį ir formuoti sveikos bei fiziškai aktyvios mokinių gyvensenos įgūdžius | P64: R-03-01-02-08 | Q64: Plaukti išmokusių mokinių skaičius, nuo visų Programos dalyvių proc. | R64: 100 | S64: 100 | T64: 100 | U64: 100
D65: Iš viso: | E65: =E64 -> 35 | F65: =H65/E65-1 -> -0.22857143 | G65: =G64 -> 40 | H65: =H64 -> 27 | I65: =K65/H65-1 -> 0.32962963 | J65: =J64 -> 45 | K65: =K64 -> 35.9 | L65: =L64 -> 35.9 | M65: 29
A66: 03.02.01. (T) | B66: Skatinti geriausius sportininkus ir jų trenerius už avivaldybės garsinimą ir sporto laimėjimus šalies, tarptautinėse varžybose, aktyvinti savivaldybės gyventojų sportinę veiklą | E66: =SUM(E68,E80,E82,E85,E88,E96) -> 43.8 | F66: =H66/E66-1 -> -1 | G66: =SUM(G68,G80,G82,G85,G88,G96) -> 45 | J66: =J67 -> 40 | K66: =K67 -> 15 | L66: =L67 -> 20 | M66: =M67 -> 20 | N66: 2.2-4 | P66: E-03-01-02 | Q66: Asmenų, kurios dalyvavo šalies aukščiausiojo lygio čempionatuose, tarptautiniuose turnyruose, skaičius (vnt.) | R66: 35 | S66: 10 | T66: 10 | U66: 10
A67: 03.02.01.01. (TP) | B67: Visagino savivaldybės sportininkų ir jų trenerių apdovanojimams | C67: 188711925 | D67: SB | E67: 43.8 | F67: =H67/E67-1 -> -1 | G67: 45 | J67: 40 | K67: 15 | L67: 20 | M67: 20 | N67: 2.2-1-1 | O67: Visagino savivaldybės tarybos 2024-11-21 sprendimu Nr. TS-192 " Dėl Visagino savivaldybės sportininkų ir jų trenerių apdovanojimo tvarkos aprašo patvirtinimo", patvirtinto Visagino savivaldybės sportininkų ir jų trenerių apdovanojimo tvarkos aprašo įgyvendinimo užtikrinimas. | P67: R-03-01-02-01 | Q67: Apdovanotų asmenų skaičius | R67: 100 | S67: 10 | T67: 10 | U67: 10 | V67: Sporto komandų, kurios dalyvavo šalies aukščiausiojo lygio čempionatuose, tarptautiniuose turnyruose, skaičius (vnt.) | W67: trenkturas, rali
D68: Iš viso: | E68: =E67 -> 43.8 | F68: =H68/E68-1 -> -1 | G68: =G67 -> 45 | J68: =J67 -> 40 | K68: =K67 -> 15 | L68: =L67 -> 20 | M68: =M67 -> 20
E69: 2023 m. asignavimų planas | G69: =G11 -> 2024 m.asignavimų poreikis | H69: =H11 -> 2024 m.asignavimai ir kitos lėšos, tūkst. Eur | I69: Pokytis proc. | J69: 2025 m. asignavimų ir kitų lėšų poreikis , tūkst. Eur | K69: =K11 -> 2025 m. asignavimai ir kitos lėšos, tūkst. Eur | L69: =L11 -> 2026 m. asignavimai ir kitos lėšos, tūkst. Eur | M69: 2027 m.asignavimai ir kitos lėšos, tūkst. Eur
B70: 1. Savivaldybės biudžetas (įskaitant skolintas lėšas) | E70: =E71+E72+E74+E75+E76+E77 -> 1296.83 | F70: =H70/E70-1 -> 0.23442934 | G70: =G71+G72+G74+G75+G76+G77 -> 155 | H70: =H71+H72+H74+H75+H76+H77 -> 1600.845 | I70: =K70/H70-1 -> 0.14718227 | J70: =J71+J72+J74+J75+J76+J77 -> 197.5 | K70: =K71+K72+K74+K75+K76+K77 -> 1836.461 | L70: =L71+L72+L74+L75+L76+L77 -> 1635.133 | M70: =M71+M72+M74+M75+M76+M77 -> 1632.204
B71: Iš jo: 1.1. savivaldybės biudžeto lėšos (nuosavos, be ankstesnių metų likučio) | E71: =SUM(E14,E26,E39,E41,E45,E47,E64,) -> 1272.15 | F71: =H71/E71-1 -> 0.22350745 | G71: =SUM(G14,G26,G39,G41,G45,G47,G64,) -> 155 | H71: =SUM(H14,H26,H39,H41,H45,H47,H64,) -> 1556.485 | I71: =K71/H71-1 -> -0.0087279993 | J71: =SUM(J14,J26,J39,J41,J45,J47,J64,) -> 197.5 | K71: =SUM(K14,K26,K39,K41,K45,K64,K67,) -> 1542.9 | L71: =SUM(L14,L26,L39,L41,L45,L64,L67,L48) -> 1602.503 | M71: =SUM(M14,M26,M39,M41,M45,M64,M67,M48) -> 1556.902
B72: 1.2. Lietuvos Respublikos valstybės biudžeto dotacijos | E72: =SUM(E15) -> 24.68 | F72: =H72/E72-1 -> -0.012965964 | G72: =SUM(G15) -> 0 | H72: =SUM(H15) -> 24.36 | I72: =K72/H72-1 -> 0.23768473 | J72: =SUM(J15) -> 0 | K72: =K73 -> 30.15 | L72: =L73 -> 32.63 | M72: =M73 -> 35.3
B73: Skirta ugdymo reikmėms finansuoti (MK) | H73: =H72 -> 24.36 | I73: =K73/H73-1 -> 0.23768473 | J73: =J72 -> 0 | K73: =SUM(K15) -> 30.15 | L73: =SUM(L15) -> 32.63 | M73: =SUM(M15) -> 35.3
B74: 1.3. Pajamų įmokos ir kitos pajamos | E74: 0 | G74: 0 | H74: 0 | J74: 0 | K74: 0 | L74: 0 | M74: 0
B75: 1.4. Europos Sąjungos ir kitos tarptautinės finansinės paramos lėšos (EGDP, VB) | E75: 0 | G75: 0 | H75: 0 | J75: 0 | K75: =K49 -> 23.436 | L75: =L49 -> 0 | M75: =M49 -> 0
B76: 1.5. Skolintos lėšos | E76: 0 | G76: 0 | H76: 0 | J76: 0 | K76: =SUM(K51) -> 0 | L76: =SUM(L51) -> 0 | M76: =SUM(M51) -> 40.002
B77: 1.6. Ankstesnių metų likučiai | E77: 0 | G77: 0 | H77: =H27 -> 20 | I77: =K77/H77-1 -> 10.99875 | J77: =J27 -> 0 | K77: =SUM(K47) -> 239.975 | L77: =SUM(L47) -> 0 | M77: =SUM(M47) -> 0
B78: 2. Kiti šaltiniai (Europos Sąjungos finansinė parama projektams įgyvendinti ir kitos teisėtai gautos lėšos, nurodant atskirus šaltinius) | E78: 0 | G78: 0 | H78: 0 | J78: 0 | K78: =K50 -> 0 | L78: =L50 -> 0 | M78: =M50 -> 0
B79: IŠ VISO programai finansuoti pagal finansavimo šaltinius (1 ir 2 punktai) | E79: =E70+E78 -> 1296.83 | F79: =H79/E79-1 -> 0.23442934 | G79: =G70+G78 -> 155 | H79: =H70+H78 -> 1600.845 | I79: =K79/H79-1 -> 0.14718227 | J79: =J70+J78 -> 197.5 | K79: =K70+K78 -> 1836.461 | L79: =L70+L78 -> 1635.133 | M79: =M70+M78 -> 1632.204
B80: Iš jų: regioninių pažangos priemonių lėšos | E80: 0 | G80: 0 | H80: 0 | J80: 0 | K80: 0 | L80: 0 | M80: 0
B81: Asignavimų ir kitų lėšų pokytis, palyginti su ankstesnių metų patvirtintų asignavimų ir kitų lėšų planu | E81: 0 | G81: 0 | H81: =H79/E79-1 -> 0.23442934 | I81: =K81/H81-1 -> -0.37216788 | J81: =J79/G79-1 -> 0.27419355 | K81: =K79/H79-1 -> 0.14718227 | L81: =L79/K79-1 -> -0.10962825 | M81: =M79/L79-1 -> -0.0017912916
J83: Biudžetas | K83: 1782.875
K84: =K83-K71-K74-K76-K77 -> -3.4106051e-13
K86: 1813.025 | L86: 1635.133 | M86: 1632.204
K87: =K79-K86 -> 23.436 | L87: =L86-L79 -> 0 | M87: =M86-M79 -> 0
K89: =K87-K75-K78 -> 1.4921397e-13

Sheet 4 programa
A1: Gyventojų kultūrinio aktyvumo skatinimo ir identiteto stiprinimo programa (04)
A2: Programos tikslas - kryptingai vykdyti valstybės ir savivaldybės kultūros politiką. Šios programos priemonėmis numatoma sudaryti sąlygas savivaldybės gyventojams susipažinti su šiuolaikinėmis ir tradicinėmis profesionalaus ir mėgėjų meno formomis, ugdyti gyventojų kūrybiškumo ir kritinio mąstymo gebėjimus, etninę savimonę, meninį ir estetinį skonį, skatinti tautinio identiteto plėtrą ir menų įvairovę, skaitymo aktyvinimą bei mokymąsi visą gyvenimą. Sudarant optimalias sąlygas gyventojams dalyvauti kultūrinime gyvenime, meno saviveiklos kolektyvuose, įgyvendinant kultūrines-edukacines programas, skatinti įvairaus amžiaus gyventojų užimtumą, mažinti negatyvių visuomenės veiksnių poveikį, formuoti Visagino savivaldybės kaip įvairiatautės, kultūriškai išprususios bendruomenės įvaizdį.
A4: =A16 -> 04.01.01. (T) | B4: =B16 -> Užtikrinti efektyvią kultūros įstaigų veiklą
A5: =A41 -> 04.02.01. (T) | B5: =B41 -> Sąlygų Dainų švenčių tradicijos tęstinumui Visagino savivaldybėje sudarymas, mėgėjų meno kolektyvų pasirengimo ir dalyvavimo Dainų šventėse, vietiniuose, regioniniuose, respublikiniuose ir tarptautiniuose renginiuose užtikrinimas, mėgėjų meną populiarinančių renginių organizavimas, tautinių mažumų kultūrų įvairovės pristatymas
A6: =A61 -> 04.02.02. (T) | B6: =B61 -> Siekiant formuoti regioninį išskirtinumą, kurti savitus, aktualaus turinio, kokybiškus kultūros produktus ir paslaugas, sudaryti sąlygas savivaldybės kultūros lauko veikėjų kultūrinių, kūrybinių iniciatyvų įgyvendinimui, tam pasitelkti kūrybiškos vietokūros metodo teikiamas galimybes bei sudaryti sąlygas profesionalaus meno prieinamumui
A7: =A88 -> 04.02.03. (T) | B7: =B88 -> Valstybės švenčių, sukakčių, įvykių minėjimas, visuomenės pilietiškumo, patriotiškumo ir nacionalinės savivertės stiprinimas
A8: =A98 -> 04.02.04. (T) | B8: =B98 -> Sociokultūrinių bendruomenės poreikių tenkinimas, laisvalaikio, neformaliojo švietimo programų, kultūrinių edukacijų, ugdančių gyventojų kultūrines kompetencijas ir kūrybiškumą, organizavimas įtraukiant skirtingo amžiaus, pomėgių ir poreikių visuomenės grupes
A10: Programos įgyvendinimo laikotarpis 2025-2027 m.
A11: Programos įgyvendinimo koordinatorė Kristina Gedžiūnaitė, kristina.gedziunaite@visaginas.lt, tel. ( 0 386) 33 415
A13: 7 lentelė. Gyventojų kultūrinio aktyvumo skatinimo ir identiteto stiprinimo programos (04) uždaviniai, priemonės, asignavimai ir kitos lėšos (tūkst.eurų) ir jų stebėsenos rodikliai
A14: Programos uždavinio, priemonės kodas ir požymis | B14: Uždavinio, priemonės pavadinimas, finansavimo šaltiniai | C14: Asignavimų valdytojo kodas | D14: Finansavimo šaltinis | E14: 2023 m. asignavimų planas | F14: Asignavimų pasikeitimas | G14: 2024 m.asignavimų poreikis | H14: 2024 m.asignavimai ir kitos lėšos, tūkst. Eur | I14: Pokytis proc. | J14: 2025 m. asignavimų ir kitų lėšų poreikis , tūkst. Eur | K14: 2025 m. asignavimai ir kitos lėšos, tūkst. Eur | L14: 2026 m. asignavimai ir kitos lėšos, tūkst. Eur | M14: 2027 m.asignavimai ir kitos lėšos, tūkst. Eur | N14: Savivaldybės strateginio plėtros plano priemonės kodas | O14: Trumpas priemonės įgyvendinimo aprašymas | P14: Stebėsenos rodiklio kodas | Q14: Stebėsenos rodiklio pavadinimas (matavimo vnt.) | R14: Siektinos stebėsenos rodiklių reikšmės | V14: Savivaldybės strateginio plėtros plano rodiklis
R15: 2024 | S15: 2025 | T15: 2026 | U15: 2027
A16: 04.01.01. (T) | B16: Užtikrinti efektyvią kultūros įstaigų veiklą | E16: =SUM(E23,E38) -> 1523.662 | F16: =H16/E16-1 -> 0.12904109 | G16: =SUM(G23,G38) -> 1745.699 | H16: =SUM(H23,H38) -> 1720.277 | K16: =SUM(K23,K38) -> 233.176 | L16: =SUM(L23,L38) -> 229.476 | N16: 2.3.-1 | P16: E-04-01-01 | Q16: Kultūros renginiuose apsilankiusių asmenų skaičius proc. nuo bendro gyventojų skaičiaus | R16: 40 | S16: 40 | T16: 50 | U16: 60 | V16: Kultūros renginiuose apsilankiusių asmenų skaičius proc. nuo bendro gyventojų skaičiaus
A17: 04.01.01.01. (TP) | B17: Kultūros įstaigų veiklos organizavimas | C17: Įstaigos | D17: SB | E17: =SUM(E24,E30) -> 1368.74 | F17: =H17/E17-1 -> 0.1025834 | G17: =SUM(G24,G30) -> 1494.649 | H17: =SUM(H24,H30) -> 1509.15 | J17: =SUM(J24,J30) -> 1786.24 | K17: =SUM(K24,K30) -> 1654.59 | L17: =SUM(L24,L30) -> 1658.38 | M17: =SUM(M24,M30) -> 1737.66 | N17: 2.3.-1-3 | O17: Visagino viešosios bibliotekos ir Visagino kultūros centro veiklos užtikrinimas | P17: R-04-01-01-01 | Q17: Finansuotų kultūros srityje veikiančių įstaigų skaičius | R17: 3 | S17: 2 | T17: 2 | U17: 2 | V17: Pritrauktų kultūros specialistų skaičius
D18: SB (ĮP) | E18: =SUM(E25,E31) -> 55.83 | F18: =H18/E18-1 -> 0.16245746 | G18: =SUM(G25,G31) -> 41.6 | H18: =SUM(H25,H31) -> 64.9 | J18: =SUM(J25,J31) -> 48.9 | K18: =SUM(K25,K31) -> 48.9 | L18: =SUM(L25,L31) -> 53.2 | M18: =SUM(M25,M31) -> 57.5
D19: SB (ĮPL) | H19: =H32 -> 4.743 | J19: =J32 -> 0 | K19: =K32 -> 0 | L19: =L32 -> 0 | M19: 0
D20: SD | E20: =SUM(E26,E33) -> 23.092 | F20: =H20/E20-1 -> 0.10358566 | G20: =SUM(G26,G33) -> 23.78 | H20: =SUM(H26,H33) -> 25.484 | J20: =SUM(J26,J33) -> 26 | K20: =SUM(K26,K33) -> 25.276 | L20: =SUM(L26,L33) -> 25.276 | M20: =SUM(M26,M32) -> 25.276
D21: ES | E21: =SUM(E27,E34) -> 0 | G21: =SUM(G27,G34) -> 0 | H21: =SUM(H27,H34) -> 0 | J21: =SUM(J27,J34) -> 0 | K21: =SUM(K27,K34) -> 0 | L21: =SUM(L27,L34) -> 0 | M21: =SUM(M27,M34) -> 0
D22: KT | E22: =SUM(E28,E35) -> 0 | G22: =SUM(G28,G35) -> 16 | H22: 16 | J22: =SUM(J35) -> 34 | K22: =SUM(K35) -> 34 | L22: =SUM(L35) -> 26 | M22: =SUM(M35) -> 26
D23: Iš viso: | E23: =SUM(E17:E22) -> 1447.662 | F23: =H23/E23-1 -> 0.11923709 | G23: =SUM(G17:G22) -> 1576.029 | H23: =SUM(H17:H22) -> 1620.277 | J23: =SUM(J18,J19,J20,J21,J22) -> 108.9 | K23: =SUM(K18,K19,K20,K21,K22) -> 108.176 | L23: =SUM(L18,L19,L20,L21,L22) -> 104.476 | M23: =SUM(M18,M19,M20,M21,M22) -> 108.776
B24: Visagino viešosios bibliotekos veiklos užtikrinimas | C24: 300141349 | D24: SB | E24: 375.84 | F24: =H24/E24-1 -> 0.1284057 | G24: 391.29 | H24: =424.4-0.3 -> 424.1 | J24: 473.59 | K24: 482.14 | L24: 483.31 | M24: 506.55
D25: ĮP | E25: 1.2 | F25: =H25/E25-1 -> 0.58333333 | G25: 1.4 | H25: 1.9 | J25: 1.9 | K25: 1.9 | L25: 2.3 | M25: 2.8
D26: SD | E26: 23.092 | F26: =H26/E26-1 -> 0.10358566 | G26: 23.78 | H26: 25.484 | J26: 26 | K26: 25.276 | L26: 25.276 | M26: 25.276
D27: ES
D28: KT
D29: Iš viso: | E29: =SUM(E24:E28) -> 400.132 | F29: =H29/E29-1 -> 0.12833765 | G29: =SUM(G24:G28) -> 416.47 | H29: =SUM(H24:H28) -> 451.484 | J29: =SUM(J24:J28) -> 501.49 | K29: =SUM(K24:K28) -> 509.316 | L29: =SUM(L24:L28) -> 510.886 | M29: =SUM(M24:M28) -> 534.626
B30: Visagino kultūros centro veiklos užtikrinimas | C30: 300509331 | D30: SB | E30: 992.9 | F30: =H30/E30-1 -> 0.092808943 | G30: 1103.359 | H30: 1085.05 | J30: 1312.65 | K30: 1172.45 | L30: 1175.07 | M30: 1231.11
D31: ĮP | E31: 54.63 | F31: =H31/E31-1 -> 0.15321252 | G31: 40.2 | H31: =63 -> 63 | J31: 47 | K31: 47 | L31: 50.9 | M31: 54.7
D32: ĮP L | E32: 54.63 | F32: =H32/E32-1 -> -0.91317957 | G32: 40.2 | H32: 4.743
D33: SD
D34: ES
D35: KT | G35: 16 | H35: 16 | J35: 34 | K35: 34 | L35: 26 | M35: 26
D36: Iš viso: | E36: =SUM(E30:E35) -> 1102.16 | F36: =H36/E36-1 -> 0.060456739 | G36: =SUM(G30:G35) -> 1199.759 | H36: =SUM(H30:H35) -> 1168.793 | J36: =SUM(J30:J35) -> 1393.65 | K36: =SUM(K30:K35) -> 1253.45 | L36: =SUM(L30:L35) -> 1251.97 | M36: =SUM(M30:M35) -> 1311.81
A37: 04.01.01.02. (TP) | B37: Muziejinės veiklos Visagino savivaldybėje užtikrinimas | C37: 188711925 | D37: SB | E37: 76 | F37: =H37/E37-1 -> 0.31578947 | G37: 169.67 | H37: 100 | J37: 0 | K37: =SUM(K39,K40) -> 125 | L37: =SUM(L39,L40) -> 125 | M37: =SUM(M39,M40) -> 125 | N37: 2.3.-3-2 | O37: Įgyvendinant šią priemonę bus vykdoma 2023-03-10 Visagino savivaldybės tarybos sprendimu Nr. TS-37 „Dėl Muziejinės veiklos tęstinumo Visagino savivaldybėje programos patvirtinimo" patvirtinta Muziejinės veiklos tęstinumo Visagino savivaldybėje programa ir užtikrintas 2024 m. lapkričio 21 d. VSA tarybos sprendimo Nr. TS-186 "Kultūros ir meno projektų finansavimo Visagino savivaldybės biudžeto lėšomis tvarkos aprašo" 18.3 srities „Muziejinės veiklos stiprinimas Visagino savivaldybėje" įgyvendinimas. | P37: V-04-01-01-02 | Q37: Rinkinių, eksponatų skaičiaus muziejaus fonde didėjimas, lyginant su praėjusiais metais, proc. | R37: 0,2 | S37: 0,2 | T37: 0,2 | U37: 0,2 | V37: Įgyvendintų projektų skaičius
D38: Iš viso: | E38: =E37 -> 76 | F38: =H38/E38-1 -> 0.31578947 | G38: =G37 -> 169.67 | H38: =H37 -> 100 | J38: =J37 -> 0 | K38: =K37 -> 125 | L38: =L37 -> 125 | M38: =M37 -> 125
B39: Visagino savivaldybės muziejus Pagal 2023-03-10 TS-37 (2023-2025 m. programa) | K39: 115 | L39: 115 | M39: 115 | O39: VšĮ Visagino miesto muziejus
B40: 2024 m. lapkričio 21 d. VSA tarybos sprendimo Nr. TS-186 "Kultūros ir meno projektų finansavimo Visagino savivaldybės biudžeto lėšomis tvarkos aprašo" 18.3 sritis " Muziejinės veiklos stiprinimas Visagino savivaldybėje" | K40: 10 | L40: 10 | M40: 10 | O40: VšĮ Mados istorijos muziejus
A41: 04.02.01. (T) | B41: Sąlygų Dainų švenčių tradicijos tęstinumui Visagino savivaldybėje sudarymas, mėgėjų meno kolektyvų pasirengimo ir dalyvavimo Dainų šventėse, vietiniuose, regioniniuose, respublikiniuose ir tarptautiniuose renginiuose užtikrinimas, mėgėjų meną populiarinančių renginių organizavimas, tautinių mažumų kultūrų įvairovės pristatymas | E41: =SUM(E43,E49,E54,E58) -> 22.4 | F41: =H41/E41-1 -> 0.83035714 | G41: =SUM(G43,G49,G54,G58) -> 61.972 | H41: =SUM(H43,H49,H54,H58) -> 41 | J41: =SUM(J43,J49,J54,J58) -> 21.6 | K41: =SUM(K43,K49,K54,K58) -> 15.35 | L41: =SUM(L43,L49,L54,L58) -> 36.7 | M41: =SUM(M43,M49,M54,M58) -> 15.8 | N41: 2.3.-4 | P41: E-04-02-01 | Q41: Asmenų, dalyvavusių etninės kultūros renginiuose, dalis proc. nuo visų savivaldybės gyventojų | R41: 8 | S41: 8 | T41: 8 | U41: 8 | V41: Asmenų, dalyvavusių etninės kultūros renginiuose, dalis proc. nuo visų savivaldybės gyventojų
A42: 04.02.01.01. (TP) | B42: Rengimasis dalyvauti Dainų šventėse | C42: Įstaigos | D42: SB | E42: =SUM(E44:E47) -> 12 | F42: =H42/E42-1 -> 0.375 | G42: =SUM(G44:G47) -> 30.752 | H42: 16.5 | K42: =SUM(K44,K45,K46,K47) -> 0 | L42: =SUM(L44,L45,L46,L47) -> 1.5 | M42: =SUM(M44,M45,M46,M47) -> 0.5 | N42: 2.3.-5-4 | O42: Lietuvos Dainų šventė vyksta kas ketverius metus. | P42: R-04-02-01-01 | Q42: Kolektyvų dalyvavusių, Dainų šventės šimtmetyje skaičius | R42: 8 | S42: 0 | T42: 0 | U42: 0 | V42: Kolektyvų, dalyvavusių regioniniuose renginiuose, skaičius
D43: Iš viso: | E43: =E42 -> 12 | F43: =H43/E43-1 -> 0.375 | G43: =SUM(G42) -> 30.752 | H43: =SUM(H42) -> 16.5 | K43: =SUM(K42) -> 0 | L43: =SUM(L42) -> 1.5 | M43: 0
B44: Savivaldybės administracija | G44: 7 | H44: 2
B45: Visagino kultūros centras | E45: 1 | F45: =H45/E45-1 -> 3 | G45: 5 | H45: 4 | K45: 0 | L45: 0.5 | M45: 0.5
B46: Visagino viešoji biblioteka
B47: Visagino kūrybos menų akademija | E47: 11 | F47: =H47/E47-1 -> -0.045454545 | G47: 18.752 | H47: 10.5 | L47: 1
A48: 04.02.01.02. (TP) | B48: Etninės kultūros sklaida, senųjų tradicijų, papročių populiarinimas, gyvybingumo puoselėjimas | C48: Įstaigos | D48: SB | E48: =SUM(E50:E52) -> 1.5 | F48: =H48/E48-1 -> 7.5333333 | G48: =SUM(G50:G52) -> 16.75 | H48: =SUM(H50:H52) -> 12.8 | I48: =SUM(I50:I52) -> 0 | J48: =SUM(J50:J52) -> 21.6 | K48: =SUM(K50,K51,K52) -> 3.35 | L48: =SUM(L50,L51,L52) -> 23.2 | M48: =SUM(M50,M51,M52) -> 3.8 | N48: 2.3.-5-4 | O48: Įgyvendinant priemonę bus propoguojama etninės kultūros sklaida, senųjų tradicijų, papročių populiarinimas, gyvybingumo puoselėjimas bei įgyvendinami tokie renginiai kaip Lietuvos liaudies meno paroda - konkursas "Aukso vainikas", Lietuvos vaikų ir jaunimo liaudies meno paroda - konkursas "Sidabro vainikėlis", Lietuvių bendruomenės renginys "Kaimynėli būki sveikas", Tarptautinis tautinių kultūrų festivalis "Rudeninės" ir kt. | P48: R-04-02-01-02 | Q48: Organizuotų renginių skaičius | R48: 10 | S48: 10 | T48: 10 | U48: 10 | V48: Kolektyvų, dalyvavusių regioniniuose renginiuose, skaičius
D49: Iš viso: | E49: =E48 -> 1.5 | F49: =H49/E49-1 -> 7.5333333 | G49: =G48 -> 16.75 | H49: =H48 -> 12.8 | I49: =I48 -> 0 | J49: =J48 -> 21.6 | K49: =K48 -> 3.35 | L49: =L48 -> 23.2 | M49: =M48 -> 3.8
B50: Savivaldybės administracija | H50: 1.2 | K50: 1.5 | L50: 1.5 | M50: 1.5
B51: Visagino viešoji biblioteka | G51: 0.45 | H51: 0.3 | J51: 0.6 | K51: 0.4 | L51: 0.4 | M51: 0.4 | O51: Liaudies dainų kolektyvų koncertas, vainikų pynimo edukacija. Tradicijų išlaikimas ir informavimas, skirta šeimoms (T)
B52: Visagino kultūros centras | E52: 1.5 | F52: =H52/E52-1 -> 6.5333333 | G52: 16.3 | H52: 11.3 | J52: 21 | K52: 1.45 | L52: 21.3 | M52: 1.9 | O52: Lietuvos liaudies meno paroda - konkursas "Aukso vainikas", Lietuvos vaikų ir jaunimo liaudies meno paroda - konkursas "Sidabro vainikėlis" , Lietuvių bendruomenės renginys "Kaimynėli būki sveikas", Tarptautinis tautinių kultūrų festivalis "Rudeninės". Taip pat Etniniai-pažintiniai renginiai, tradicinio muzikavimo kursai (projekto sekmės atveju).
A53: 04.02.01.03. (TP) | B53: Kalendorinių švenčių organizavimas | C53: Įstaigos | D53: SB | E53: =SUM(E55:E56) -> 7.5 | F53: =H53/E53-1 -> 0.10666667 | G53: =SUM(G55:G56) -> 10.74 | H53: =SUM(H55:H56) -> 8.3 | K53: =SUM(K55:K56) -> 10.5 | L53: =SUM(L55:L56) -> 10.5 | M53: =SUM(M55:M56) -> 10.5 | N53: 2.3.-5-4 | O53: Įgyvendinant šią priemonę bus vykdomi renginiai susiję su kalendorinėmis šventėmis (Sekminės, Joninės ir kt.) | P53: R-04-02-01-03
D54: Iš viso: | E54: =E53 -> 7.5 | F54: =H54/E54-1 -> 0.10666667 | G54: =G53 -> 10.74 | H54: =H53 -> 8.3 | K54: =K53 -> 10.5 | L54: =L53 -> 10.5 | M54: =M53 -> 10.5
B55: Visagino kultūros centras | E55: 7.5 | F55: =H55/E55-1 -> 0.066666667 | G55: 10.14 | H55: 8 | K55: 10 | L55: 10 | M55: 10 | O55: Sekminės, Trejybės šventė ,Velykinis renginys, Joninių šventė
B56: Visagino viešoji biblioteka | G56: 0.6 | H56: 0.3 | J56: 0.9 | K56: 0.5 | L56: 0.5 | M56: 0.5 | O56: Velykinių kompozicijų kūrimas, dirbtuvių organizavimas suaugusiems (T), Tarptautinė vaikų gynimo diena, kūribinės dirbtuvės šeimoms (T)
A57: 04.02.01.04. (TP) | B57: Nematerialaus kultūros paveldo apsaugos administravimas ir sklaida | C57: Įstaigos | D57: SB | E57: 1.4 | F57: =H57/E57-1 -> 1.4285714 | G57: =SUM(G59:G60) -> 3.73 | H57: =SUM(H59:H60) -> 3.4 | K57: =SUM(K59,K60) -> 1.5 | L57: 1.5 | M57: =SUM(M59,M60) -> 1.5 | N57: 2.3.-5-4 | O57: Įgyvendinant šią priemonę administruojamas Visagino savivaldybės nematerialaus kultūros paveldo vertybių sisteminis sąrašas su surinktais ir nuolat atnaujinamais dabarties ir praeities duomenimis: aprašymais, vaizdo ir garso medžiaga. Organizuojama nematerialaus kultūros paveldo sklaida, inicijuojami projektai, bendradarbiavimas. | P57: R-04-02-01-04
D58: Iš viso: | E58: =E57 -> 1.4 | F58: =H58/E58-1 -> 1.4285714 | G58: =G57 -> 3.73 | H58: =H57 -> 3.4 | K58: =K57 -> 1.5 | L58: =L57 -> 1.5 | M58: =M57 -> 1.5
B59: Visagino kultūros centras | E59: 1.4 | F59: =H59/E59-1 -> 0 | G59: 1.73 | H59: 1.4 | K59: 1.5 | L59: 1.5 | M59: 1.5 | O59: Nematerialaus paveldo apsaugos funkcijos užtikrinimas, administravimas, "Sabantuj"- totorių kultūros diena
B60: Savivaldybės administracija | G60: 2 | H60: 2 | K60: 0 | L60: 0 | M60: 0 | O60: "Lietuvos kodas" TV projektas
A61: 04.02.02. (T) | B61: Siekiant formuoti regioninį išskirtinumą, kurti savitus, aktualaus turinio, kokybiškus kultūros produktus ir paslaugas, sudaryti sąlygas savivaldybės kultūros lauko veikėjų kultūrinių, kūrybinių iniciatyvų įgyvendinimui, tam pasitelkti kūrybiškos vietokūros metodo teikiamas galimybes bei sudaryti sąlygas profesionalaus meno prieinamumui | E61: =SUM(E64,E67,E72,E76,E84,) -> #REF! | F61: =H61/E61-1 -> #REF! | G61: =SUM(G64,G67,G72,G76,G84,) -> #REF! | H61: =SUM(H64,H67,H72,H76,H84,) -> 120.08 | K61: =SUM(K64,K67,K72,K76,K84,) -> 92.5 | L61: =SUM(L64,L67,L72,L76,L84,) -> 77.5 | M61: =SUM(M64,M67,M72,M76,M84,) -> 77.5 | N61: 2.3.1. | P61: E-04-02-02 | Q61: Profesionalaus meno sklaidos renginiuose dalyvavusių asmenų skaičius | R61: 5000 | S61: 5000 | T61: 5500 | U61: 6000 | V61: Kultūros renginiuose apsilankiusių asmenų skaičius proc., nuo bendro gyventojų skaičiaus
A62: 04.02.02.01. (TP) | B62: Profesionalaus meno sklaida savivaldybėje | C62: 300509331 | D62: SB | E62: =E65 -> 11.4 | F62: =H62/E62-1 -> 0.22807018 | G62: 16 | H62: 14 | K62: 14 | L62: 14 | M62: 14 | N62: 2.3.2.1. | O62: Įgyvendinant šią priemonę Visagino kultūros centre bus vykdoma profesionalaus meno sklaida, organizuojamos menininkų rezidencijos, organizuojamos parodos. | P62: R-04-02-02-01 | Q62: Profesionalaus meno sklaidos renginių skaičius Visagino kultūros centre: - koncertų (klasikinės, džiazo muzikos), - spektaklių, - parodų | R62: 40 | S62: 40 | T62: 42 | U62: 44 | V62: Įgyvendintų priemonių skaičius
D63: VB | E63: 0 | G63: 0.24 | H63: 0
D64: Iš viso: | E64: =SUM(E62:E63) -> 11.4 | F64: =H64/E64-1 -> 0.22807018 | G64: {=G62:G63} -> 16 | H64: {=H62:H63} -> 14 | K64: =SUM(K62,K63) -> 14 | L64: =SUM(L62,L63) -> 14 | M64: =SUM(M62,M63) -> 14
B65: Visagino kultūros centras | E65: 11.4 | F65: =H65/E65-1 -> -1 | G65: 0.24 | H65: 0 | K65: 14 | L65: 14 | M65: 14
A66: 04.02.02.02. (TP) | B66: Visagino bendruomenėms svarbių datų, sukakčių, profesinių švenčių paminėjimas | C66: Įstaigos | D66: SB | E66: =E69 -> 14 | F66: =H66/E66-1 -> -0.085714286 | G66: =SUM(G68:G69) -> 10.6 | H66: =14-1.2 -> 12.8 | J66: =SUM(J69,J70) -> 22 | K66: =SUM(K69,K70,K68) -> 29 | L66: =SUM(L69,L70,L68) -> 14 | M66: =SUM(M69,M70,M68) -> 14 | N66: 2.3.4.1. | O66: Įgyvendinant šią priemonę bus organizuojama metų nominacijų šventė Mano miestas – Visaginas. Taip pat minimos įvairios Visagino bendruomenėms svarbios datos bei profesinės šventės. | P66: R-04-02-02-02 | Q66: Organizuota svarbių datų ir sukakčių paminėjimų, skaičius | R66: 5 | S66: 5 | T66: 5 | U66: 5 | V66: Veikiančių megėjų meno kolektyvų skaičius
D67: Iš viso: | E67: =E66 -> 14 | F67: =H67/E67-1 -> -0.085714286 | G67: =SUM(G66) -> 10.6 | H67: =SUM(H66) -> 12.8 | J67: =SUM(J66) -> 22 | K67: =SUM(K66) -> 29 | L67: =SUM(L66) -> 14 | M67: =SUM(M66) -> 14
B68: Visagino kultūros centras | E68: 0 | F68: =(G68-E68)/E68 -> #DIV/0! | G68: 0.6 | H68: 0 | K68: 0 | L68: 0 | M68: 0 | O68: Profesionalaus meno sklaida, menininkų rezidencijos, parodos. Metų nominacijų šventė "Mano miestas - Visaginas", Meno kolektyvų jubiliejai: Rusų folkloro ansamblis "Bylina" ir vaikų rusų folkloro sansamblis "Žavoronok" - 30 m.; Folkloro ansamblis "Krusnė" - 15 m.; senjorų choras "Melodija" - 25 m.; Vyresniųjų liaudiškų šokių grupė "Gervė" - 15 m. Studijos: dekupažas - 15 m., mezgimas - 15 m.
B69: Savivaldybės administracija | E69: 14 | F69: =H69/E69-1 -> -0.28571429 | G69: 10 | H69: 10 | J69: 10 | K69: =14+15 -> 29 | L69: 14 | M69: 14 | O69: Metų nominacijų šventė "Mano miestas - Visaginas" (kas 3 metus) 3 tūks. furšetas 3 tūks. apdovanojimai 4 tūks. koncertinė programa
J70: 12 | O70: Profesinės šventės, minėtinos dienos (Buhalterių, soc. darbuotojų, mokytojų, kultūros dienų minėjimas). Kitos bendruomenės iniciatyvos (prekės ir paslaugos, transporto išlaidos).
A71: 04.02.02.03. (TP) | B71: Tradicinių Visagino savivaldybės festivalių, formuojančių Visagino ir regiono kultūrinį savitumą, organizavimas | C71: Įstaigos | D71: SB | E71: =SUM(E73,E74) -> 41.5 | F71: =H71/E71-1 -> -0.24096386 | G71: =SUM(G73:G74) -> 65 | H71: =SUM(H73:H74) -> 31.5 | K71: =SUM(K73:K74) -> 21.5 | L71: =SUM(L73:L74) -> 21.5 | M71: =SUM(M73:M74) -> 21.5 | N71: 2.3.1.2. | O71: Įgyvendinant šią priemonę Visagino kultūros centras organizuos Visagino erdvių festivalį, šiuolaikinio cirko festivalį „Naujojo cirko stotelė“, Tarptautinis monospektaklių festivalį „Atspindys“,Senjorų šokių festivalis „Laiko karoliai“ ir kt. | P71: R-04-02-02-03 | Q71: Organizuota festivalių, formuojančių Visagino ir regiono kultūrinį savitumą | R71: 5 | S71: 5 | T71: 5 | U71: 5 | V71: Organizuotų tarptautinių festivalių skaičius
D72: Iš viso: | E72: =E71 -> 41.5 | F72: =H72/E72-1 -> -0.24096386 | G72: =SUM(G71) -> 65 | H72: =SUM(H71) -> 31.5 | K72: =SUM(K71) -> 21.5 | L72: =SUM(L71) -> 21.5 | M72: =SUM(M71) -> 21.5
B73: Savivaldybės administracija | E73: 20 | F73: =H73/E73-1 -> -0.5 | G73: 33 | H73: 10
B74: Visagino kultūros centras | E74: 21.5 | F74: =H74/E74-1 -> 0 | G74: 32 | H74: 21.5 | K74: 21.5 | L74: 21.5 | M74: 21.5 | O74: Visagino erdvių festivalis, Šiuolaikinio cirko festivalis "Naujojo cirko stotelė", Tarptautinis monospektaklių festivalis „Atspindys“, Senjorų šokių festivalis "Laiko karoliai"
A75: 04.02.02.04. (TP) | B75: Tolygios kultūrinės raidos įgyvendinimas, kultūros ir meno sričių projektų finansavimas konkurso tvarka | C75: Įstaigos | D75: SB | E75: =#REF! -> #REF! | F75: =H75/E75-1 -> #REF! | G75: =SUM(#REF!) -> #REF! | H75: 18 | J75: =SUM(J77,J78,J79,J80,) -> 36 | K75: =SUM(K77,K78,K79,K80,) -> 28 | L75: =SUM(L77,L78,L79,L80,) -> 28 | M75: =SUM(M77,M78,M79,M80,) -> 28 | N75: 2.3.5.3 | O75: Siekiant įgyvendinti šią priemonę numatytos dvi kryptys: - 2020 m. rugpjūčio 27 d. Visagino savivaldybės taryba sprendimu Nr. TS-184 „Dėl Kultūros projektų finansavimo konkurso nuostatų patvirtinimo“ patvirtino Visagino savivaldybės kultūros projektų finansavimo konkurso nuostatus, pagrindinis tikslas skatinti kultūros ir meno įvairovę, sklaidą, prieinamumą įvairioms visuomenės grupėms Visagino savivaldybėje. Konkurso būdu lėšos bus skiriamos muzikos, teatro, šokio, vizualiojo meno, literatūros, etninės kultūros, kultūros paveldo srities ir tarpsritiniams (įvairias meno ar kultūros sritis jungiantys projektai ir jų sklaida) projektams iš dalies finansuoti; - taip pat šios priemonės lėšomis galės būti užtikrintas Lietuvos kultūros tarybai teikiamų projektų nuosavai lėšų daliai padengti reikalingas kofinansavimas, kurio nepadengia skirtos lėšos. Tam Visagino savivaldybės administracijos direktoriaus 2020 m. liepos 17 d. įsakymu ĮV-E-389 yra patvirtintas Kultūros rėmimo fondo lėšomis finansuojamų projektų, įgyvendinamų Visagino savivaldybėje, bendrafinansavimo tvarkos aprašas. | P75: R-04-02-02-04 | Q75: Finansuotų/įgyvendintų projektų skaičius | R75: 6 | S75: 6 | T75: 7 | U75: 8 | V75: Įgyvendintų projektų skaičius
D76: Iš viso: | E76: =E75 -> #REF! | F76: =H76/E76-1 -> #REF! | G76: =G75 -> #REF! | H76: =H75 -> 18 | J76: =J75 -> 36 | K76: =K75 -> 28 | L76: =L75 -> 28 | M76: =M75 -> 28
B77: 2024 m. lapkričio 21 d. VSA tarybos sprendimo Nr. TS-186 "Kultūros ir meno projektų finansavimo Visagino savivaldybės biudžeto lėšomis tvarkos aprašo" 18.1 sritis " Visagine rengiami kultūros ir meno festivaliai" | C77: VSA | J77: 10 | K77: 10 | L77: 10 | M77: 10 | O77: Prisidėjimas prie festivalio "Visagino country" organizavimas
B78: 2024 m. lapkričio 21 d. VSA tarybos sprendimo Nr. TS-186 "Kultūros ir meno projektų finansavimo Visagino savivaldybės biudžeto lėšomis tvarkos aprašo" 18.2 sritis " Visagine įgyvendinami kultūros ir meno projektai" | J78: 20 | K78: 13 | L78: 13 | M78: 13
B79: 2024 m. lapkričio 21 d. VSA tarybos sprendimo Nr. TS-186 "Kultūros ir meno projektų finansavimo Visagino savivaldybės biudžeto lėšomis tvarkos aprašo" 18.3 sritis " Muziejinės veiklos stiprinimas Visagino savivaldybėje" | J79: 0
B80: 2020 m. liepos 17 d. VSA direktoriaus įsakymas Nr. ĮV-E-389 "Dėl kultūros rėmimo fondo lėšomis finansuojamų projektų, įgyvendinamų Visagino savivaldybėje, bendrafinansavimo tvarkos aprašo ir dokumentų formų patvirtinimo" | C80: VSA | J80: 6 | K80: 5 | L80: 5 | M80: 5
A81: 04.02.02.05. (TP) | B81: Dalyvavimas nacionaliniu ir tarptautiniu lygmeniu įgyvendinamuose projektuose | C81: Įstaigos | D81: SB (L) | G81: =G85 -> 22 | H81: =SUM(H85:H86) -> 43.78 | N81: 2.3.5.3 | O81: Priemonė bus įgyvendinama pagal poreikį | P81: R-04-02-02-05 | Q81: Finansuotų/įgyvendintų projektų skaičius | R81: 1 | S81: 0 | T81: 1 | U81: 1 | V81: Įgyvendintų projektų skaičius
D82: SB | J82: =J87 -> 19.95
D83: ES
D84: Iš viso: | G84: =G81 -> 22 | H84: =H81 -> 43.78 | J84: =SUM(J81,J82,J83) -> 19.95 | K84: =SUM(K81,K82,K83) -> 0 | L84: =SUM(L81,L82,L83) -> 0 | M84: =SUM(M81,M82,M83) -> 0
B85: Visagino viešosios bibliotekos renovacija : įtraukioji kultūra visiems, neprikalusomai nuo lyties, sveikatos būklės, socialinės padėties ir amžiaus | G85: 22 | H85: 21.78
B86: VšĮ Visagino muziejus paskirties keitimas | H86: 22
B87: Visagino viešosios bibliotekos geokupolo įrengimas | J87: 19.95
A88: 04.02.03. (T) | B88: Valstybės švenčių, sukakčių, įvykių minėjimas, visuomenės pilietiškumo, patriotiškumo ir nacionalinės savivertės stiprinimas | E88: =SUM(E90,E94,) -> 8 | F88: =H88/E88-1 -> 1.2125 | G88: =SUM(G90,G94,) -> 57.24 | H88: =SUM(H90,H94,) -> 17.7 | J88: =SUM(J90,J94,) -> 0 | K88: =SUM(K90,K94,) -> 19.7 | L88: =SUM(L90,L94,) -> 19.7 | M88: =SUM(M90,M94,) -> 19.7 | N88: 2.3.-6 | P88: E-01-01-01 | Q88: Gyventojų, dalyvavusių pilietinio ugdymo veiklose, dalis proc. nuo visų savivaldybės gyventojų | R88: 10 | S88: 10 | T88: 10 | U88: 10 | V88: Gyventojų, dalyvavusių pilietinio ugdymo veiklose, dalis proc. nuo visų savivaldybės gyventojų
A89: 04.02.03.01. (TP) | B89: Valstybinių švenčių, atmintinų datų paminėjimas | C89: Įstaigos | D89: SB | E89: =E92 -> 4.7 | F89: =H89/E89-1 -> 1.5531915 | G89: =SUM(G92) -> 7.7 | H89: =SUM(H92,H91) -> 12 | K89: =SUM(K91,K92) -> 12 | L89: =SUM(L91,L92) -> 12 | M89: =SUM(M91,M92) -> 12 | N89: 2.3.-6-2 | O89: Įgyvendinant šią priemonę bus organizuojami Laisvės gynėjų dienos, Valstybės atkūrimo dienos, Lietuvos nepriklausomybės atkūrimo dienos, Valstybės dienos paminėjimo renginiai. | P89: R-04-02-03-01 | Q89: Organizuota valstybinių švenčių, svarbių Lietuvai datų minėjimų skaičius | R89: 4 | S89: 4 | T89: 4 | U89: 4 | V89: Įgyvendintų priemonių skaičius
D90: Iš viso: | E90: =E89 -> 4.7 | F90: =H90/E90-1 -> 1.5531915 | G90: =SUM(G89) -> 7.7 | H90: =SUM(H89) -> 12 | K90: =SUM(K89) -> 12 | L90: =SUM(L89) -> 12 | M90: =SUM(M89) -> 12
B91: Visagino kūrybos menų akademija | H91: 9 | K91: 0 | L91: 9 | M91: 0 | O91: Kovo 11 d. renginiai
B92: Visagino kultūros centras | E92: 4.7 | F92: =H92/E92-1 -> -0.36170213 | G92: 7.7 | H92: 3 | K92: 12 | L92: 3 | M92: 12 | O92: Laisvės gynėjų diena, Lietuvos valstybės atkūrimo diena, Lietuvos nepriklausomybės atkūrimo diena, Liepos 6-oji – Valstybės diena
A93: 04.02.03.02. (TP) | B93: Lietuvos Respublikos Seimo sprendimais minėtinų svarbių datų, įvykių ir asmenybių sukakčių paminėjimas | C93: Įstaigos | D93: SB | E93: =SUM(E95,E97) -> 3.3 | F93: =H93/E93-1 -> 0.72727273 | G93: =SUM(G95:G97) -> 49.54 | H93: =SUM(H95:H97) -> 5.7 | K93: =SUM(K95,K96,K97,) -> 7.7 | L93: =SUM(L95,L96,L97,) -> 7.7 | M93: =SUM(M95,M96,M97,) -> 7.7 | N93: 2.3.-6-2 | O93: Įgyvendinant šią priemonę bus organizuojami renginiai skirti Lietuvos Respublikos Seimo sprendimais minėtinų svarbių datų, įvykių ir asmenybių sukakčių paminėjimui. | P93: R-04-02-03-02 | Q93: Organizuota valstybinių švenčių, svarbių Lietuvai datų minėjimų skaičius | R93: 6 | S93: 6 | T93: 6 | U93: 6 | V93: Įgyvendintų priemonių skaičius
D94: Iš viso: | E94: =E93 -> 3.3 | F94: =H94/E94-1 -> 0.72727273 | G94: =SUM(G93) -> 49.54 | H94: =SUM(H93) -> 5.7 | K94: =SUM(K93) -> 7.7 | L94: =SUM(L93) -> 7.7 | M94: =SUM(M93) -> 7.7
B95: Visagino kultūros centras | E95: 0.3 | F95: =H95/E95-1 -> 2.3333333 | G95: 36.78 | H95: 1 | K95: 3 | L95: 3 | M95: 3 | O95: 2024 m. NATO ir Europos Sąjungos metai, Koncertas "Mažoji Dainų šventė", Paroda "Visaginas ir visaginiečiai Dainų švenčių istorijoje"
B96: Visagino kūrybos menų akademija | E96: 0.3 | F96: =H96/E96-1 -> 12.333333 | G96: 9.06 | H96: 4 | K96: 4 | L96: 4 | M96: 4 | O96: Foto paroda "Dainų švenčių akimirkos, Mažoji Dainų šventė, Vaikų darbų paroda "100 metų dainuojanti ir šokanti Lietuva"
B97: Visagino viešoji biblioteka | E97: 3 | F97: =H97/E97-1 -> -0.76666667 | G97: 3.7 | H97: 0.7 | J97: 0.58 | K97: 0.7 | L97: 0.7 | M97: 0.7 | O97: NATO ir Europos Sąjungos metams Protmūšis, NATO ir Europos Sąjungos metams Viktorina ,Tiesioginė Dainų šventės transliacija ir kolektyvų pristatymas miestiečiams
A98: 04.02.04. (T) | B98: Sociokultūrinių bendruomenės poreikių tenkinimas, laisvalaikio, neformaliojo švietimo programų, kultūrinių edukacijų, ugdančių gyventojų kultūrines kompetencijas ir kūrybiškumą, organizavimas įtraukiant skirtingo amžiaus, pomėgių ir poreikių visuomenės grupes | E98: =SUM(E100,E105,E110) -> 71.95 | F98: =H98/E98-1 -> 0.43293954 | G98: =SUM(G100,G105,G110) -> 102.43 | H98: =SUM(H100,H105,H110) -> 103.1 | K98: =SUM(K100,K105,K110) -> 222.3 | L98: =SUM(L100,L105,L110) -> 134.399 | N98: 2.3.-6 | P98: E-01-01-01 | Q98: Gyventojų, dalyvavusių pilietinio ugdymo veiklose, dalis proc. nuo visų savivaldybės gyventojų | R98: 8 | S98: 8 | T98: 9 | U98: 10 | V98: Gyventojų, dalyvavusių pilietinio ugdymo veiklose, dalis proc. nuo visų savivaldybės gyventojų
A99: 04.02.04.01. (TP) | B99: Sociokultūrinių bendruomenės poreikių tenkinimas, laisvalaikio organizavimas | C99: Įstaigos | D99: SB | E99: =SUM(E101,E102) -> 1.55 | F99: =H99/E99-1 -> 11.387097 | G99: =SUM(G101:G102) -> 3.6 | H99: =SUM(H101,H102,H103) -> 19.2 | I99: =SUM(I101,I102,I103) -> 0 | J99: =SUM(J101,J102,J103) -> 6.44 | K99: =SUM(K101,K102,K103) -> 21.8 | L99: =SUM(L101,L102,L103) -> 20.4 | M99: =SUM(M101,M102,M103) -> 20.4 | N99: 2.3.6.3 | O99: Įgyvendinant šią priemonę bus organizuojami Gatvės muzikos dienos renginiai, susitikimai su vaikų rašytojais, Poezijos šventė, Kultūros nakties renginiai, kiti renginiai pagal poreikį. | P99: R-04-02-04-01 | Q99: Organizuota sociokultūrinių bendruomenės poreikius tenkinančių renginių, skaičius | R99: 4 | S99: 4 | T99: 5 | U99: 6 | V99: Įgyvendintų priemonių skaičius
D100: Iš viso: | E100: =E99 -> 1.55 | F100: =H100/E100-1 -> 11.387097 | G100: =SUM(G99) -> 3.6 | H100: =SUM(H99) -> 19.2 | I100: =SUM(I99) -> 0 | J100: =SUM(J99) -> 6.44 | K100: =SUM(K99) -> 21.8 | L100: =SUM(L99) -> 20.4 | M100: =SUM(M99) -> 20.4
B101: Visagino kultūros centras | E101: 1.2 | F101: =H101/E101-1 -> 11.833333 | G101: 0.45 | H101: 15.4 | K101: 15.4 | L101: 15.4 | M101: 15.4 | O101: Koncertai pakrantėje
B102: Visagino viešoji biblioteka | E102: 0.35 | F102: =H102/E102-1 -> 4.7142857 | G102: 3.15 | H102: 2 | J102: 1.44 | K102: 1.4 | L102: 0 | M102: 0
B103: Visagino savivaldybės administracija | H103: 1.8 | J103: 5 | K103: 5 | L103: 5 | M103: 5 | O103: Nenumatytų renginių organizavimui (prekės ir paslaugos, transporto išlaidos). Pvz. Koldūnų šventė
...

Sheet 5 programa
A1: Visagino savivaldybės bendruomeniškumo skatinimo programa (05) | R1: 2024 | S1: 2025 | T1: 2026
A2: Visagino savivaldybės bendruomeniškumo skatinimo programa (05)
A3: Pagrindiniai programos tikslai yra jaunimo, jaunimo organizacijų, vietos bendruomenių, daugiabučių namų bendrijų ir savininkų veiklos skatinimas, nusikalstamumo mažinimo bei savivaldybės visuomenės saugumo užtikrinimas ir pilietinio sąmoningumo stiprinimas. Siekiama įvairias gyventojų grupes įtraukti į Visagino savivaldybės ir savivaldybės administracijos inicijuojamų / organizuojamų priemonių įgyvendinimą, inicijuoti, formuoti ir palaikyti pilietiškumo, iniciatyvumo, bendruomeniškumo skatinimo mechanizmus.
A5: =A17 -> 05.01.01. (T) | B5: =B17 -> Skatinti vietos bendruomenių iniciatyvas
A6: =A37 -> 05.02.01. (T) | B6: =B37 -> Įgyvendinti Lietuvos Respublikos jaunimo politikos pagrindų įstatymo nuostatas
A7: =A46 -> 05.03.01. (T) | B7: =B46 -> Kurti ir plėtoti saugią aplinką Visagino savivaldybėje
A8: =A59 -> 05.04.01. (T) | B8: =B59 -> Skatinti bendruomenę dalyvauti prevencinėse ir šviečiamosiose veiklose
A9: =A72 -> 05.05.01. (T) | B9: =B72 -> Įgyvendinti diasporos politikos strategines gaires "Globali Lietuva" 2023-2030 m.
A11: Programos įgyvendinimo laikotarpis 2025-2027 m.
A12: Programos įgyvendinimo koordinatoriai Kristina Gedžiūnaitė, kristina.gedziunaite@visaginas.lt, tel. ( 0 386) 33415 Evelina Visockytė, evelina.visockytė@visaginas.lt, tel. ( 0 386) 36 017 Danutė Kotovienė, danutė.kotoviene@visaginas.lt., tel. 8 (386) 31 587 Valentina Raubiškienė, valentina.raubiskiene@visaginas.lt, tel. 8 (386) 31 372
A14: 8 lentelė.Visagino savivaldybės bendruomeniškumo skatinimo programos (05) uždaviniai, priemonės, asignavimai ir kitos lėšos (tūkst.eurų) ir jų stebėsenos rodikliai
A15: Programos uždavinio, priemonės kodas ir požymis | B15: Uždavinio, priemonės pavadinimas, finansavimo šaltiniai | C15: Asignavimų valdytojo kodas | D15: Finansavimo šaltinis | E15: 2023 m. asignavimų planas | F15: Asignavimų pasikeitimas | G15: 2024 m. išlaidų projektas (lėšų poreikis), tūkst. Eur | H15: 2024 m.asignavimai ir kitos lėšos, tūkst. Eur | I15: Pokytis proc. | J15: 2025 m. asignavimų ir kitų lėšų poreikis , tūkst. Eur | K15: 2025 m. asignavimai ir kitos lėšos, tūkst. Eur | L15: 2026 m. asignavimai ir kitos lėšos, tūkst. Eur | M15: 2027 m.asignavimai ir kitos lėšos, tūkst. Eur | N15: Savivaldybės strateginio plėtros plano priemonės kodas | O15: Trumpas priemonės įgyvendinimo aprašymas | P15: Stebėsenos rodiklio kodas | Q15: Stebėsenos rodiklio pavadinimas (matavimo vnt.) | R15: Siektinos stebėsenos rodiklių reikšmės | V15: Savivaldybės strateginio plėtros plano rodiklis
R16: 2024 | S16: 2025 | T16: 2026 | U16: 2027
A17: 05.01.01. (T) | B17: Skatinti vietos bendruomenių iniciatyvas | E17: =SUM(E20,E24,E29,E32,E34,E36) -> 77.732 | F17: =H17/E17-1 -> 0.30248804 | G17: =SUM(G20,G24,G29,G32,G34,G36) -> 177.656 | H17: =SUM(H20,H24,H29,H32,H34,H36) -> 101.245 | I17: =K17/H17-1 -> 1.1397106 | J17: =SUM(J20,J24,J29,J32,J34,J36) -> 229.61 | K17: =SUM(K20,K24,K29,K32,K34,K36) -> 216.635 | L17: =SUM(L20,L24,L29,L32,L34,L36) -> 231.085 | M17: =SUM(M20,M24,M29,M32,M34,M36) -> 166.175 | N17: 2.7.-1 | P17: E-05-01-01 | Q17: Veikiančių nevyriausybinių ir bendruomeninių organizacijų skaičius | R17: 90 | S17: 90 | T17: 90 | U17: 95 | V17: Veikiančių nevyriausybinių ir bendruomeninių organizacijų skaičius
A18: 05.01.01.01 (TP) | B18: Tradicinių religinių bendrijų ir bendruomenių veiklos ir kultūrinių iniciatyvų skatinimas | C18: 188711925 | D18: SB | E18: 15 | F18: =H18/E18-1 -> 0 | G18: 16 | H18: 15 | I18: =K18/H18-1 -> 0 | J18: 15 | K18: 15 | L18: 15 | M18: 15 | N18: 2.7.-1-2 | O18: Planuojama skirti lėšas (konkurso tvarka) Visagino savivaldybėje veikiančių tradicinių religinių bendrijų ir bendruomenių projektams, kurių įgyvendinimu gerinama kulto pastatų ir juos supančių viešųjų erdvių infrastruktūra, realizuojami sociokultūriniai tikslai, remti. Projektų konkursų finansavimo sąlygų aprašas tvirtinamas teisės aktų nustatyta tvarka | P18: R-05-01-01-01 | Q18: Paremtų tradicinių religinių bendrijų ir bendruomenių veiklos ir kultūrinių iniciatyvų vietos projektų skaičius | R18: 4 | S18: 4 | T18: 4 | U18: 4 | V18: Institucinio stiprinimo projektams finansavimą gavusių organizacijų skaičius per metus
D19: SB (L) | H19: 5 | I19: =K19/H19-1 -> -1
D20: Iš viso: | E20: =SUM(E18:E18) -> 15 | F20: =H20/E20-1 -> 0.33333333 | G20: =SUM(G18:G18) -> 16 | H20: =SUM(H18:H19) -> 20 | I20: =K20/H20-1 -> -0.25 | J20: =SUM(J18:J19) -> 15 | K20: =SUM(K18:K19) -> 15 | L20: =SUM(L18:L19) -> 15 | M20: =SUM(M18:M19) -> 15
A21: 05.01.01.02. (TP) | B21: Vietos iniciatyvų projektų savivaldybėje įgyvendinimo skatinimas | C21: 188711925 | D21: SB | E21: 10 | F21: =H21/E21-1 -> 0 | G21: 15 | H21: 10 | I21: =K21/H21-1 -> 0.5 | J21: =SUM(J25,J26,) -> 28 | K21: 15 | L21: 15 | M21: 15 | O21: Šiam uždaviniui įgyvendinti numatoma konkurso tvarka remti Visagino savivaldybėje registruotų ir savivaldybėje veiklą vykdančių nevyriausybinių organizacijų ir tautinių mažumų kultūros projektus. Projektų konkursų finansavimo sąlygų aprašas patvirtintas 2020 m. rugsėjo 24 d. Visagino savivaldybės tarybos sprendimu Nr. TS-210 „Dėl Visagino savivaldybės nevyriausybinių organizacijų projektų atrankos ir finansavimo savivaldybės biudžeto lėšomis tvarkos aprašo patvirtinimo“ bei 2024 m. balandžio 24 d. Visagino savivaldybės mero potvarkiu Nr. PV-E-236 „Dėl Visagino savivaldybės tautinių mažumų kultūros projektų finansavimo tvarkos aprašo patvirtinimo“. Taip pat įgyvendinant šią priemonę konkurso būdu finansuojamos bendruomeninės veiklos, kurių tikslas – skatinti gyvenamųjų vietovių bendruomenių savarankiškumą tenkinant socialinius jų narių (gyventojų) poreikius, stiprinti narių (gyventojų) sutelktumą ir tarpusavio pasitikėjimą ir kitą bendruomeninę veiklą. Projektai finansuojami LR socialinės apsaugos ir darbo ministerijos nustatyta tvarka. | P21: R-05-01-01-02 | Q21: Paremtų vietos iniciatyvų projektų skaičius | R21: 10 | S21: 12 | T21: 14 | U21: 14
D22: SB (L) | H22: 5 | I22: =K22/H22-1 -> -1
D23: SD | E23: 14.532 | F23: =H23/E23-1 -> -0.035576658 | G23: 15 | H23: 14.015 | I23: =K23/H23-1 -> -0.013556903 | J23: 14 | K23: 13.825 | L23: 13.825 | M23: 13.825
D24: Iš viso: | E24: =SUM(E21:E23) -> 24.532 | F24: =H24/E24-1 -> 0.18274091 | G24: =SUM(G21:G23) -> 30 | H24: =SUM(H21:H23) -> 29.015 | I24: =K24/H24-1 -> -0.0065483371 | J24: =SUM(J21:J23) -> 42 | K24: =SUM(K21:K23) -> 28.825 | L24: =SUM(L21:L23) -> 28.825 | M24: =SUM(M21:M23) -> 28.825
B25: Pagal NVO projektų finansavimo tvarkos aprašą planuojama finansuoti ne mažiau kaip 5 NVO | D25: SB | H25: 11 | J25: 20 | K25: 20 | L25: 23 | M25: 26 | O25: 2024 m. finansuotos 4 tautinių mažumų NVO (4000 Eur) ir 8 NVO (11000). Pagal projektų finansavimo tvarkos aprašą, padidinus vienam projektui galimą gauti maksimalią sumą iki 3000 Eur, 2025 m. planuojama finansuoti ne mažiau kaip 10 NVO
B26: Pagal tautinių mažumų projektų finansavimo tvarkos aparšą planuojama finansuoti 4 NVO - tautines mažumas | D26: SB | H26: 4 | J26: 8 | K26: 8 | L26: 8.5 | M26: 9 | O26: Patvirtinus tvarkos aprašą mero potvarkiu, numatyta kasmet nustatyti maksimalią vienam projektui finansuoti sumą. 2024 m. buvo 1000 Eur, 2025 m. atsižvelgiant į kylančias kainas ir norint užtikrinti efektyvius ir turiningus projektų įgyvendinimus, planuojama vienam projektui nustatyti maksimalią finansuotiną sumą iki 3000 Eur.
B27: Bendruomeninės veiklos stiprinimas | D27: SD | H27: 14.015 | J27: 14 | K27: 14 | L27: 14 | M27: 14 | O27: Finansavimas iš ministerijos skiriamas einamųjų metų I ketv.
A28: 05.01.01.03. (TP) | B28: NVO tarybos veiklos efektyvumo užtikrinimas | C28: 188711925 | D28: SB | E28: 1 | F28: =H28/E28-1 -> -0.5 | G28: 0.7 | H28: 0.5 | I28: =K28/H28-1 -> 0 | J28: 0.5 | K28: 0.5 | L28: 0.5 | M28: 0.5 | O28: Planuojama skirti lėšas NVO tarybos veiklos efektyvumui užtikrinti, siekiant stiprinti nevyriausybines ir bendruomenines organizacijas, gerinti aplinką jų veiklai, remti pilietines iniciatyvas | P28: R-05-01-01-03 | Q28: Įgyvendintų įvairių formų viešosios komunikacijos priemonių skaičius | R28: 2 | S28: 2 | T28: 3 | U28: 3 | W28: (keičiasi pavadinimas)
D29: Iš viso: | E29: =SUM(E28:E28) -> 1 | F29: =H29/E29-1 -> -0.5 | G29: =SUM(G28:G28) -> 0.7 | H29: =SUM(H28:H28) -> 0.5 | I29: =K29/H29-1 -> 0 | J29: =SUM(J28:J28) -> 0.5 | K29: =SUM(K28:K28) -> 0.5 | L29: =SUM(L28:L28) -> 0.5 | M29: =SUM(M28:M28) -> 0.5
A30: 05.01.01.04. (TP) | B30: Dalyvavimas vietos veiklos grupių veikloje, viešosios naudos nevyriausybinių ir bendruomeninių organizacijų institucinio stiprinimo projektų (gebėjimai, lyderystė, sąlygos viešosios naudos organizacijų veiklos tvarumui užtikrinti, socialinis verslas ir kt. ) finansavimas | C30: 188711925 | D30: SB (L) | E30: 0.5 | F30: =H30/E30-1 -> 176.46 | G30: 88.73 | H30: 88.73 | I30: =K30/H30-1 -> -1 | J30: 0 | K30: 0 | L30: 0 | M30: 0 | O30: 2023-08-25 Visagino savivaldybės tarybos sprendimo Nr. TS-157 "Dėl pritarimo Visagino miesto 2024-2029 metų vietos plėtros strategijos projektui" įgyvendinimas 2025m. | P30: R-05-01-01-04 | Q30: Vietos veiklos grupių, kurių veikloje dalyvaujama skaičius | R30: 3 | S30: 3 | T30: 3 | U30: 3
D31: SB | E31: 0.5 | F31: =H31/E31-1 -> -1 | G31: 88.73 | I31: =K31/H31-1 -> #DIV/0! | J31: 88.73 | K31: 88.73 | L31: 98 | M31: 28.5
D32: Iš viso: | E32: =SUM(E31:E31) -> 0.5 | F32: =H32/E32-1 -> -1 | G32: =G31 -> 88.73 | H32: =H31 -> 0 | I32: =K32/H32-1 -> #DIV/0! | J32: =J31 -> 88.73 | K32: =K31 -> 88.73 | L32: =L31 -> 98 | M32: =M31 -> 28.5
A33: 05.01.01.05. (TP) | B33: Dalyvaujamojo biudžeto priemonių įgyvendinimo užtikrinimas | C33: 188711925 | D33: SB | E33: 34.5 | F33: =H33/E33-1 -> 0.43478261 | G33: 40 | H33: 49.5 | I33: =K33/H33-1 -> 0.6440404 | J33: 81.38 | K33: 81.38 | L33: 86.56 | M33: 91.15 | N33: 2.7.-3 | O33: Dalyvaujamojo biudžeto Projektų konkursų finansavimo sąlygų aprašas patvirtintas 2022 m. rugsėjo 29 d. Visagino savivaldybės tarybos sprendimu Nr. TS-171 „Dėl Visagino gyventojų iniciatyva teikiamų projektų, skirtų gyvenamajai aplinkai gerinti, idėjų atrankos ir finansavimo tvarkos aprašo patvirtinimo“. 2024 m. vyko projektinių idėjų atranka ir ir buvo atrinktos 2 daugiausiai gyventojų balsų surinkę projektinės idėjos, kurias planuojama įgyvendinti 2025 m.: 1. „Mamos ir vaiko sūpynės“ – surinko 33 gyventojų balsus. 2. „Vienvietės lauko sūpynės vaikams su judėjimo sutrikimais" – surinko 9 gyventojų balsus. | P33: R-05-01-01-05 | Q33: Įgyvendintų dalyvaujamojo biudžeto priemonių skaičius | R33: 2 | S33: 2 | T33: 2 | U33: 2 | V33: Pilietinės visuomenės ir privačiojo sektoriaus subjektai, dalyvavę rengiant ir (ar) įgyvendinant miestui svarbių klausimų sprendimus, vnt.
D34: Iš viso: | E34: =SUM(E33:E33) -> 34.5 | F34: =H34/E34-1 -> 0.43478261 | G34: =SUM(G33:G33) -> 40 | H34: =SUM(H33:H33) -> 49.5 | I34: =K34/H34-1 -> 0.6440404 | J34: =SUM(J33:J33) -> 81.38 | K34: =SUM(K33:K33) -> 81.38 | L34: =SUM(L33:L33) -> 86.56 | M34: =SUM(M33:M33) -> 91.15
A35: 05.01.01.06. (TP) | B35: Visagino garbės piliečių nuostatuose numatytų teisių įgyvendinimas | C35: 188711925 | D35: SB | E35: 2.2 | F35: =H35/E35-1 -> 0.013636364 | G35: 2.226 | H35: 2.23 | I35: =K35/H35-1 -> -0.013452915 | J35: 2 | K35: 2.2 | L35: 2.2 | M35: 2.2 | N35: 2.7.-3 | O35: Visagino miesto garbės piliečių pagerbimas. Priemonė įgyvendinama, siekiant pagerbti Visagino miesto garbės piliečius (renginių bilietai, garbės piliečio ženklaiir kt.) | P35: R-05-01-01-06 | Q35: Asmenų, kuriems suteiktas Garbės piliečių vardas, skaičius | R35: 1 | S35: 1 | T35: 1 | U35: 1 | V35: Pilietinės visuomenės ir privačiojo sektoriaus subjektai, dalyvavę rengiant ir (ar) įgyvendinant miestui svarbių klausimų sprendimus, vnt.
D36: Iš viso: | E36: =SUM(E35:E35) -> 2.2 | F36: =H36/E36-1 -> 0.013636364 | G36: =SUM(G35:G35) -> 2.226 | H36: =SUM(H35:H35) -> 2.23 | I36: =K36/H36-1 -> -0.013452915 | J36: =J35 -> 2 | K36: =SUM(K35:K35) -> 2.2 | L36: =SUM(L35:L35) -> 2.2 | M36: =SUM(M35:M35) -> 2.2
A37: 05.02.01. (T) | B37: Įgyvendinti Lietuvos Respublikos jaunimo politikos pagrindų įstatymo nuostatas | E37: =SUM(E39,E41,E43,E45,) -> 16.8 | F37: =H37/E37-1 -> 1.2380952 | G37: =SUM(G39,G41,G43,G45,) -> 59.9 | H37: =SUM(H39,H41,H43,H45,) -> 37.6 | I37: =K37/H37-1 -> 0.3643617 | J37: =SUM(J39,J41,J43,J45,) -> 51.3 | K37: =SUM(K39,K41,K43,K45,) -> 51.3 | L37: =SUM(L39,L41,L43,L45,) -> 47.4 | M37: =SUM(M39,M41,M43,M45,) -> 47.9 | N37: 2.6. | P37: E-05-02-01 | Q37: Jaunimo (14–29 metų amžiaus) dalis nuo bendro Visagino savivaldybės gyventojų skaičiaus (proc.) | R37: 12 | S37: 12,68 | T37: 12,68 | U37: 12,68 | V37: Jaunimo (14–29 metų amžiaus) dalis nuo bendro Visagino savivaldybės gyventojų skaičiaus (proc.)
A38: 05.02.01.01. (TP) | B38: Jaunimo politikos įgyvendinimas | C38: 188711925 | D38: SB | E38: 7 | F38: =H38/E38-1 -> 0.14285714 | G38: 21.4 | H38: 8 | I38: =K38/H38-1 -> 1.0375 | J38: 16.3 | K38: 16.3 | L38: 9.9 | M38: 9.9 | N38: 2.6-2-1 | O38: Įgyvendinant priemonę planuojama dalyvauti "Jaunimo vasaros akademijoje" Raseiniuose, organizuoti jau tradicija tampanti jaunimo festivalį Visagine, taip pat organizuoti įvairias akcijas ir šviečiamąsias veiklas jaunimui bei užtikrinti Visagino jaunimo reikalų tarybos veiklą. | P38: R-05-02-01-01 | Q38: Jaunimo politikos įgyvendinimo srityje organizuotų renginių skaičius | R38: 3 | S38: 5 | T38: 8 | U38: 8 | V38: Renginių skaičius (vnt. per metus)
D39: Iš viso: | E39: =E38 -> 7 | F39: =H39/E39-1 -> 0.14285714 | G39: =G38 -> 21.4 | H39: =H38 -> 8 | I39: =K39/H39-1 -> 1.0375 | J39: =J38 -> 16.3 | K39: =K38 -> 16.3 | L39: =L38 -> 9.9 | M39: =M38 -> 9.9
A40: 05.02.01.02. (TP) | B40: Jaunimo savanoriškos veiklos stiprinimas (pakoreguotas pavadinimas) | C40: 188711925 | D40: SB | E40: 2.4 | F40: =H40/E40-1 -> 0 | G40: 2.5 | H40: 2.4 | I40: =K40/H40-1 -> 0.66666667 | J40: 4 | K40: 4 | L40: 4 | M40: 4 | N40: 2.6-2-2 | O40: Ši priemonė įgyvendinama vadovaujantis 2022-03-31 Visagino savivaldybės tarybos sprendimu Nr. TS-41 „Dėl Visagino savivaldybės tarybos 2019 m. birželio 27 d. sprendimo Nr. TS-159 „Dėl Visagino savivaldybės jaunimo savanoriškos tarnybos finansavimo tvarkos aprašo patvirtinimo“ pakeitimo“. Planuojama finansuoti ne mažiau kaip 6 jaunimo savanoriškos tarnybos programos dalyvius per metus, preliminarus 1 savanorio išlaikymas - 69 eur/1mėn * 6 mėn | P40: R-05-02-01-02 | Q40: Jaunimo savanoriškos veiklos stiprinime dalyvavusių asmenų skaičius | R40: 6 | S40: 6 | T40: 6 | U40: 6 | V40: Savanorių skaičius jaunimo ir su jaunimu dirbančiose organizacijose (ilgalaikių ir trumpalaikių) (asm.)
D41: Iš viso: | E41: =E40 -> 2.4 | F41: =H41/E41-1 -> 0 | G41: =SUM(G40) -> 2.5 | H41: =SUM(H40) -> 2.4 | I41: =K41/H41-1 -> 0.66666667 | J41: =SUM(J40) -> 4 | K41: =SUM(K40) -> 4 | L41: =SUM(L40) -> 4 | M41: =SUM(M40) -> 4
A42: 05.02.01.03. (TP) | B42: Atvirą darbą su jaunimu vykdančių organizacijų programų finansavimas | C42: 188711925 | D42: SB | E42: 3 | F42: =H42/E42-1 -> 1 | G42: 21 | H42: 6 | I42: =K42/H42-1 -> 0 | J42: 6 | K42: 6 | L42: 6 | M42: 6 | N42: 2.6-1-1 | O42: Teikti institucinę paramą įstaigoms, vykdančioms atvirąjį darbą su jaunimu, siekiant skatinti atviro darbo su jaunimu formų ir įvairovės plėtrą, ypatingą dėmesį skiriant iš švietimo sistemos iškritusiam, nedirbančiam ir perkvalifikavimo programose nedalyvaujančiam jaunimui. Projektų konkursų finansavimo sąlygų aprašas tvirtinamas teisės aktų nustatyta tvarka. | P42: R-05-02-01-03 | Q42: Veikiančių jaunimo atvirų erdvių, jaunimo centrų skaičius (vnt.) | R42: 2 | S42: 2 | T42: 3 | U42: 3 | V42: Veikiančių jaunimo atvirų erdvių, jaunimo centrų skaičius (vnt.)
D43: Iš viso: | E43: =E42 -> 3 | F43: =H43/E43-1 -> 1 | G43: =G42 -> 21 | H43: =H42 -> 6 | I43: =K43/H43-1 -> 0 | J43: =J42 -> 6 | K43: =K42 -> 6 | L43: =L42 -> 6 | M43: =M42 -> 6
A44: 05.02.01.04. (TP) | B44: Jaunimo vasaros užimtumo programos įgyvendinimas | C44: 188711925 | D44: SB | E44: 4.4 | F44: =H44/E44-1 -> 3.8181818 | G44: 15 | H44: 21.2 | I44: =K44/H44-1 -> 0.17924528 | J44: 25 | K44: 25 | L44: 27.5 | M44: 28 | N44: 2.6-2-4 | O44: Šios programos tikslas padėti jaunimui įsitraukti į darbo rinką, įgyti reikiamos patirties vasaros atostogų laikotarpiu, o darbdaviams padėti išlaikyti jaunuolius darbo vietoje. Programa patvirtinta Visagino savivaldybės tarybos 2021 m. kovo 25 d. sprendimu Nr. TS-66 „Dėl Visagino savivaldybės jaunimo vasaros užimtumo įgyvendinimo programos patvirtinimo“. | P44: R-05-02-01-04 | Q44: Jaunimo vasaros užimtumo programoje dalyvavusių jaunuolių skaičius | R44: 15 | S44: 20 | T44: 22 | U44: 22 | V44: NVO, jaunimo ir su jaunimu dirbančių asmenų skaičius (vnt.)
D45: Iš viso: | E45: =E44 -> 4.4 | F45: =H45/E45-1 -> 3.8181818 | G45: =G44 -> 15 | H45: =H44 -> 21.2 | I45: =K45/H45-1 -> 0.17924528 | J45: =J44 -> 25 | K45: =K44 -> 25 | L45: =L44 -> 27.5 | M45: =M44 -> 28
A46: 05.03.01. (T) | B46: Kurti ir plėtoti saugią aplinką Visagino savivaldybėje | E46: =SUM(E48,E50,E56,E58) -> 172.5 | F46: =H46/E46-1 -> 0.057333333 | G46: =SUM(G48,G50,G56,G58) -> 186.89 | H46: =SUM(H48,H50,H56,H58) -> 182.39 | I46: =K46/H46-1 -> 1.0168321 | J46: =SUM(J48,J50,J56,J58) -> 468.85 | K46: =SUM(K48,K50,K56,K58) -> 367.85 | L46: =SUM(L48,L50,L56,L58) -> 304.851 | M46: =SUM(M48,M50,M56,M58) -> 146.001 | N46: 2.8.-2 | P46: E-05-03-01 | Q46: Užregistruotų nusikaltimų, baudžiamųjų nusižengimų skaičius, tenkantis 100 tūkst. gyventojų | R46: 1328 | S46: 1154 | T46: 1100 | U46: 1000 | V46: Parengta ir įgyvendinta Kompleksinės saugumo stiprinimo ir saugios savivaldybės plėtros programa, vnt.
A47: 05.03.01.01. (TP) | B47: Visagino savivaldybės nusikaltimų prevencijos ir kontrolės programos įgyvendinimas | C47: 188711925 | D47: SB | E47: 3.5 | F47: =H47/E47-1 -> -0.57142857 | G47: 4 | H47: 1.5 | I47: =K47/H47-1 -> 0.33333333 | J47: 6 | K47: 2 | L47: 2 | M47: 2 | N47: 2.8.-2-4 | O47: Įgyvendinant priemonę planuojama konkurso tvarka remti projektus, susijusius su visuomeninių organizacijų ir pilietinės bendruomenės, kitų institucijų, skatinimu, organizuojant bei vykdant nusikaltimų prevenciją ir kontrolę Visagino savivaldybėje. Projektų konkursų finansavimo sąlygų aprašas tvirtinamas teisės aktų nustayta tvarka. | P47: R-05-03-01-01 | Q47: Įgyvendintų priemonių nusikaltimų prevencijos srityje skaičius | R47: 3 | S47: 3 | T47: 3 | U47: 3 | V47: Įdiegtų inovatyvių priemonių skaičius, vnt.
D48: Iš viso: | E48: =E47 -> 3.5 | F48: =H48/E48-1 -> -0.57142857 | G48: =G47 -> 4 | H48: =H47 -> 1.5 | I48: =K48/H48-1 -> 0.33333333 | J48: =J47 -> 6 | K48: =K47 -> 2 | L48: =L47 -> 2 | M48: =M47 -> 2
A49: 05.03.01.02. (TP) | B49: Viešosios tvarkos ir gyventojų saugumo užtikrinimas (pakeistas priemonės pavadinimas) | C49: 188711925 | D49: SB | E49: 110.1 | F49: =H49/E49-1 -> 0.21607629 | G49: 133.89 | H49: 133.89 | I49: =K49/H49-1 -> 1.3664949 | J49: =SUM(J51,J52,J53,) -> 411.85 | K49: =SUM(K51,K52,K53,K54) -> 316.85 | L49: =SUM(L51,L52,L53,L54) -> 296.851 | M49: =SUM(M51,M52,M53,M54) -> 141.001 | N49: 2.8.-2-6 | O49: Įgyvendinant šią priemonę siekiama užtikrinti vaizdo stebėjimo kamerų tinklo efektyvų darbą, siekiant užtikrinti saugumą mieste. | P49: R-05-03-01-02 | Q49: Miesto vaizdo stebėjimo kamerų tinklo funkcionavimo užtikrinimas | R49: taip | S49: taip | T49: taip | U49: taip | V49: Atnaujintų / įdiegtų vaizdo stebėjimo sistemų skaičius
D50: Iš viso: | E50: =E49 -> 110.1 | F50: =H50/E50-1 -> 0.21607629 | G50: =G49 -> 133.89 | H50: =H49 -> 133.89 | I50: =K50/H50-1 -> 1.3664949 | J50: =J49 -> 411.85 | K50: =K49 -> 316.85 | L50: =L49 -> 296.851 | M50: =M49 -> 141.001
B51: Duomenų perdavimo paslauga | H51: 45 | J51: 14.4 | K51: 14.4 | L51: 14.4 | M51: 20 | O51: Duomenų perdavimas 1200 Eur su PVM per mėnesį, opertoriui 103 Eur per parą su PVM. VSS duomenų perdavimas kol kas lieka 1200 Eur su PVM per mėnesį, tai 14400 metams
B52: Vaizdo stebėjimo paslauga | J52: 47.45 | K52: 47.45 | L52: 47.451 | M52: 55.001 | O52: VSS sistemos dispečerių vaizdo stebėjimas - nauja kaina nuo 2023-09-01 dienos 130 Eur su PVM per parą, tai 47450 metams.
B53: Miesto vaizdo stebėjimo sistemos atnaujinimas ir plėtra | J53: 350 | K53: 100 | L53: 150 | O53: Poreikis pateiktas Vidaus ir informacinių technologijų skyriaus
B54: Vaizdo stebėjimo kamerų komunalinėse aikštelėse įdiegimas | J54: 120 | K54: 155 | L54: 85 | M54: 66 | O54: 2024 m. - įdiegta 8 vnt. 2025 m. - planuojama įdiegti 15 vnt. 2026 m. planuojama įdiegti 15 vnt. 2027 m. planuojama įdiegti 12 vnt. Viso 50 vnt. per 2024-2027 m. laikotarpį.
A55: 05.03.01.03. (TP) | B55: Gaisrų prevencijos programos Visagino savivaldybėje įgyvendinimas | C55: 188711925 | D55: SB | E55: 2.9 | F55: =H55/E55-1 -> -0.31034483 | G55: 4 | H55: 2 | I55: =K55/H55-1 -> 1 | J55: 6 | K55: 4 | L55: 6 | M55: 3 | N55: 2.8.-2-3 | O55: 2024-06-20 Visagino savivaldybės taryboss prendimu Nr. TS-115 "Dėl Gaisrų prevencijos Visagino savivaldybėje 2024–2026 metų programos patvirtinimo, patvirtinta Gaisrų prevencijos Visagino savivaldybėje 2024–2026 metų programa. 2025 m. numatoma platinti socialinę reklamą gaisrinės saugos tematika, rengti gaisrinės saugos akciją „Būk saugus, mokiny!“, rengti mokomąsias evakuacijos pratybas ir kitas. Iš viso per 2025 m. numatoma įgyvendinti 10 priemonių. | P55: R-05-03-01-03 | Q55: Įgyvendintų priemonių skaičius | R55: 2 | S55: 10 | T55: 11 | U55: 11 | V55: Gaisrų prevencijos programoje numatytų priemonių įgyvendinimas proc. nuo visų planuotų įgyvendinti
D56: Iš viso: | E56: =E55 -> 2.9 | F56: =H56/E56-1 -> -0.31034483 | G56: =G55 -> 4 | H56: =H55 -> 2 | I56: =K56/H56-1 -> 1 | J56: =J55 -> 6 | K56: =K55 -> 4 | L56: =L55 -> 6 | M56: =M55 -> 3
A57: 05.03.01.04. (TP) | B57: Butų-patalpų, pastatų esančių Visagine, išpirkimas iš savininkų neskelbiamų derybų būdu (pakoreguotas priemonės pavadinimas) | C57: 188711925 | D57: SB | E57: 56 | F57: =H57/E57-1 -> -0.19642857 | G57: 45 | H57: 45 | I57: =K57/H57-1 -> 0 | J57: 45 | K57: 45 | L57: 0 | M57: 0 | N57: 2.5-1-6 | O57: Esant poreikiui planuojama įsigyti apleistus pastatus, butus-patalpas pagal poreikį. | P57: R-05-03-01-04 | Q57: Išpirktų turto vienetų skaičius | R57: 14 | S57: pagal poreikį | T57: pagal poreikį | U57: pagal poreikį | V57: Miesto viešųjų erdvių, kuriose įrengtos gyventojų poilsiui pritaikytos erdvės) skaičius (vnt.)
D58: Iš viso: | E58: =E57 -> 56 | F58: =H58/E58-1 -> -0.19642857 | G58: =G57 -> 45 | H58: =H57 -> 45 | I58: =K58/H58-1 -> 0 | J58: =J57 -> 45 | K58: =K57 -> 45 | L58: =L57 -> 0 | M58: =M57 -> 0
A59: 05.04.01. (T) | B59: Skatinti bendruomenę dalyvauti prevencinėse ir šviečiamosiose veiklose | E59: =SUM(E61,E63,) -> 35.26 | F59: =H59/E59-1 -> -0.73848554 | G59: =SUM(G61,G63,) -> 7.839 | H59: =SUM(H61,H63,) -> 9.221 | I59: =K59/H59-1 -> -0.67465568 | K59: =SUM(K61,K63,) -> 3 | L59: =SUM(L61,L63,) -> 3 | M59: =SUM(M61,M63,) -> 3 | N59: 2.8.-2 | P59: E-05-04-01 | Q59: Iš bendruomenės gautų skundų, susijusių su Lietuvos Respublikos Konstitucijos 29 straipsnio nuostatomis, skaičius | R59: 1 | S59: 1 | T59: 1 | V59: Parengta ir įgyvendinta Kompleksinės saugumo stiprinimo ir saugios savivaldybės plėtros programa, vnt.
A60: 05.04.01.01. (TP) | B60: Konkursų ir projektų, kurių pagrindinis tikslas gilinti gyventojų žinias apie asmenų lygybę ir draudimą varžyti žmogaus teises ir teikti jam privilegijas lyties, rasės, tautybės, kalbos, kilmės, socialinės padėties, tikėjimo, įsitikinimų ar pažiūrų pagrindu, kovos su prekyba žmonėmis srityje, taip pat apie teikiamą pagalbą smurtą patyrusiems asmenims, organizavimas ir įgyvendinimas | C60: 188711925 | D60: SB | E60: 3 | F60: =H60/E60-1 -> 0 | G60: 3 | H60: 3 | I60: =K60/H60-1 -> 0 | J60: 5 | K60: 3 | L60: 3 | M60: 3 | N60: 2.8.-2-7 | O60: Įgyvendinant priemonę bus įgyvendinamos priemonės, kurių tikslas informuoti visuomenę apie nuostatas, įtvirtinančias lyčių lygybės, lygių galimybių ir nediskriminavimo nuostatas (dėl lyties, rasės, tautybės, pilietybės, kalbos, kilmės, socialinės padėties, tikėjimo, įsitikinimų ar pažiūrų, amžiaus, negalios, lytinės orientacijos, etninės priklausomybės, religijos ir kitų diskriminacinių motyvų). Taip pat bus organizuojamos prevencinės priemonės (metodinės ir konsultacinės) dėl smurto artimoje aplinkoje (įskaitant pagalbos priemones), lygių galimybių, kovos su prekyba žmonėmis srityje. | P60: R-05-04-01-01 | Q60: Įgyvendintų priemonių skaičius | R60: 5 | S60: 5 | T60: 5 | U60: 5 | V60: Įgyvendintų projektų skaičius
D61: Iš viso: | E61: =E60 -> 3 | F61: =H61/E61-1 -> 0 | G61: =G60 -> 3 | H61: =H60 -> 3 | I61: =K61/H61-1 -> 0 | J61: =J60 -> 5 | K61: =K60 -> 3 | L61: =L60 -> 3 | M61: =M60 -> 3
A62: 05.04.01.02. (TP) | B62: Projekto „Pabėgėlių iš Ukrainos priėmimas ir ankstyva integracija“ įgyvendinimas | C62: 188711925 | D62: ES | E62: 32.26 | F62: =H62/E62-1 -> -0.80716057 | G62: 4.839 | H62: 6.221 | O62: Baigtas 2024 m. | P62: R-05-04-01-02 | Q62: Užimtumo tarnyboje prie Lietuvos Respublikos socialinės apsaugos ir darbo ministerijos bedarbio statusu registruotų ukrainiečių skaičius | R62: 68
D63: Iš viso: | E63: =E62 -> 32.26 | F63: =H63/E63-1 -> -0.80716057 | G63: =G62 -> 4.839 | H63: =H62 -> 6.221 | K63: =K62 -> 0 | L63: =L62 -> 0 | Q63: 0–3 metų vaikai | R63: 25
F64: =H64/E64-1 -> #DIV/0! | Q64: 4–6 metų amžiaus vaikai | R64: 42
F65: =H65/E65-1 -> #DIV/0! | Q65: 70+ amžiaus asmenys | R65: 44
F66: =H66/E66-1 -> #DIV/0! | Q66: Bendrojo ugdymo įstaigose registruoti mokiniai | R66: 82
F67: =H67/E67-1 -> #DIV/0! | Q67: Bendras asmenų skaičius | R67: 261
A68: 05.04.01.03. (TP) (nauja priemonė) | B68: Projekto „Užsienio kilmės Lietuvos gyventojų integracijos procesų koordinavimo plėtra Lietuvos Respublikos savivaldybėse“ įgyvendinimas (nauja priemonė) | C68: Įstaigos | D68: SB | J68: 3 | O68: 2024-12-13 Visagino savivaldybės administracija ir Socialinių paslaugų priežiūros departamentas prie Socialinės apsaugos ir darbo ministerijos pasirašė sutartį (Nr. 5-562) dėl projekto "Užsienio kilmės Lietuvos gyventojų integracijos procesų koordinavimo plėtra Lietuvos Respublikos savivaldybėse" įgyvendinimo bei mero potvarkiu VšĮ VEPA buvo paskirta atsakinga už užsienio kilmės Lietuvos gyventojų integracijos koordinavimą Visagino savivaldybėje. Projekto veiklų įgyvendinimo pabaiga 2028-12-31. Bendra projekto vertė tenkanti Visagino savivaldybės administracijai 114348,86 Eur. | P68: R-05-04-01-03 | Q68: Savivaldybėse įsteigti koordinatorių etatai ir įdarbinti asmenys | S68: 1 | T68: 1 | U68: 1
D69: SB (L)
D70: ES | E70: 32.26 | F70: =H70/E70-1 -> -1 | G70: 4.839 | J70: 28.74 | K70: 28.74 | L70: 28.74 | M70: 28.74 | R70: 1
D71: Iš viso: | E71: =E70 -> 32.26 | F71: =H71/E71-1 -> -1 | G71: =G70 -> 4.839 | J71: =J70 -> 28.74 | K71: =K70 -> 28.74 | L71: =L70 -> 28.74 | M71: =M70 -> 28.74
A72: 05.05.01. (T) | B72: Įgyvendinti diasporos politikos strategines gaires "Globali Lietuva" 2023-2030 m. | E72: =SUM(E74) -> 0 | G72: =SUM(G74) -> 1.5 | H72: =SUM(H74) -> 1.5 | I72: =K72/H72-1 -> 0 | J72: =SUM(J74) -> 8.5 | K72: =SUM(K74) -> 1.5 | L72: =SUM(L74) -> 1.5 | M72: =SUM(M74) -> 1.5 | N72: 2.7.-1 | P72: E-05-05-01 | Q72: Nevyriausybinių organizacijų organizavusių užsiėmimus diasporos atstovams skaičius | R72: 0 | S72: 1 | T72: 1 | U72: 1 | V72: Veikiančių nevyriausybinių ir bendruomeninių organizacijų skaičius
A73: 05.05.01.01. (TP) | B73: Rengti ir stiprinti edukacines programas bei stovyklas (įskaitant tradicinės kultūros stovyklas) skirtingo amžiaus diasporos vaikams ir jaunimui, kviesti diasporos atstovus dalyvauti įvairiuose renginiuose Lietuvoje | C73: 188711925 | D73: SB | E73: 0 | G73: 1.5 | H73: 1.5 | I73: =K73/H73-1 -> 0 | J73: 8.5 | K73: 1.5 | L73: 1.5 | M73: 1.5 | N73: 2.7.-1-1 | O73: Įgyvendinant priemonę bus įgyvendinamos Lietuvos Respublikos užsienio reikalų ministro 2021 m. gruodžio 27 d. įsakymu Nr. V-550 "Dėl Lietuvos diasporos politikos strateginių gairių „Globali Lietuva“ 2022‒2030 m. patvirtinimo", patvirtintos Lietuvos diasporos politikos strateginių gairių „Globali Lietuva“ 2022‒2030 m." nuostatos, o numatytos įgyvendinti priemonės bus įtrauktos į Lietuvos diasporos politikos strateginių gairių „Globali Lietuva“ 2022‒2030 m. įgyvendinimo veiksmų planą 2025–2027 m. | P73: R-05-05-01-01 | Q73: Įgyvendintų priemonių skaičius | R73: 2 | S73: 1 | T73: 1 | U73: 1 | V73: Priimta sprendimų, turinčių tiesioginės įtakos nevyriausybinių ir bendruomeninių | W73: nauja priemone
D74: Iš viso: | E74: =E73 -> 0 | G74: =G73 -> 1.5 | H74: =H73 -> 1.5 | I74: =K74/H74-1 -> 0 | J74: =J73 -> 8.5 | K74: =K73 -> 1.5 | L74: =L73 -> 1.5 | M74: =M73 -> 1.5
B75: Visagino alumni klubo veiklų organizavimas ( VšĮ VEPA) | G75: 3 | J75: 7
E76: 2023 m. asignavimų planas | G76: =G15 -> 2024 m. išlaidų projektas (lėšų poreikis), tūkst. Eur | H76: =H15 -> 2024 m.asignavimai ir kitos lėšos, tūkst. Eur | I76: Pokytis proc. | J76: 2025 m. asignavimų ir kitų lėšų poreikis , tūkst. Eur | K76: =K15 -> 2025 m. asignavimai ir kitos lėšos, tūkst. Eur | L76: =L15 -> 2026 m. asignavimai ir kitos lėšos, tūkst. Eur | M76: 2027 m.asignavimai ir kitos lėšos, tūkst. Eur
B77: 1. Savivaldybės biudžetas (įskaitant skolintas lėšas) | E77: =E78+E79+E80+E81+E82+E83 -> 300.092 | F77: =H77/E77-1 -> 0.10618077 | G77: =SUM(G78,G79,G80,G81,G82,G83,) -> 430.059 | H77: =SUM(H78,H79,H80,H81,H82,H83,) -> 331.956 | I77: =K77/H77-1 -> 1.0154026 | J77: =SUM(J78,J79,J80,J81,J82,J83,) -> 792 | K77: =SUM(K78,K79,K80,K81,K82,K83,) -> 669.025 | L77: =SUM(L78,L79,L80,L81,L82,L83,) -> 616.576 | M77: =SUM(M78,M79,M80,M81,M82,M83,) -> 393.316
